Workbook

Sheet INSTRUCTIONS
A1: COMPONENTS OF THE CASH MANAGEMENT TOOL
A3: DASHBOARD
A4: The "DASHBOARD" is a snapshot of information based on the data you enter in throughout this workbook. It's purpose is to give you some
A5: important information in a quick glance. Keep in mind, though, that the information on the DASHBOARD is only effective if you utilize the Cash
A6: Management Tool to its full extent (i.e. membership record, budget tool, as well as a collections record and payment registry).
A8: MEMBERSHIP RECORD
A9: The "Membership Record" is vital to the rest of the Cash Management Tool and, potentially, serves a dual purpose. First, the informaiton entered in the
A10: Membership Record is used on the Chapter Operations Budget Worksheet and the House-Kitchen Budget Worksheet to calculate some fo the
A11: operational expenses (i.e. Risk Management, Initiate Dues, etc.). Second, the membership information provided allows the CMT to calculate and
A12: recommend a range for member dues, as well as per member rental and meal plan/kitchen fee rates.
A14: CHAPTER OPERATIONS BUDGET WORKSHEET
A15: This budget worksheet addresses aspects of the collegiate chapter only. It does not address house or kitchen operations, if those components are
... A49: THINGS TO BE AWARE OF AS YOU GET STARTED
A52: 1 | B52: Menu cells | C52: (blue) | D52: REQUIRE you to choose some piece of information as it relates to your chapter. The information that you
B53: will be selecting from the drop down lists drives numerous calculations and scenarios factored into the Cash Management Tool (CMT).
B54: Tabs/worksheets containing these menu cells are: MEMBERSHIP RECORD, Chapter Operations Budget Worksheet, House- | P54: DASHBOARD
B55: Kitchen Budget Worksheet, BUDGET, Candidate-Initiation Fee Tracker, and the Payment Registry
A57: 2 | B57: Yellow cells indicate that information is to be typed into them.
A59: 3 | B59: There are some cells in which information will need to be entered, but they are not yellow. In these instances, these cells are light
B60: grey. With the exception of the BUDGET, if you can select a light grey cell, you will be able to enter information into the cell.
B61: You will be able to select all cells on the BUDGET, but you will only be able to enter information into the yellow cells or select | P61: MEMBERSHIP RECORD
B62: information from a blue cell on the BUDGET.
A64: 4 | B64: The CMT combines chapter operations, house operations, and kitchen operations into one tool. Combining all of these operations
B65: into one tool results in a lot of data and numbers; therefore, to help minimize the confusion, the various areas are color coded:
C66: Chapter Operations | F66: House Operations | I66: Kitchen Operations
A68: 5 | B68: If you do not wish to utilize the CMT to budget and track for House Operations and Kitchen Operations (i.e. you will use the CMT | P68: CHAPTER OPERATIONS BUDGET WORKSHEET
B69: for Chapter Operations only), go to the House-Kitchen Budget Worksheet and select "No" in cell A2.
A71: 6 | B71: The Candidate-Initiation Fee Tracker does NOT calculate into any other part of the CMT. Candidate and Initiation Fees are a zero
B72: sum item for chapters. In other words, there is not a potential positive cashflow for the chapter, house, or kitchen from these fees;
B73: however, unpaid Candidate and Initiation Fees can create a serious issue for chapters if they are not addressed and taken care of in
B74: a timely manner and this sheet can, and will, help a chapter to better track any outstanding fees as well as the memberhship
B75: information of the chapter. | P75: HOUSE - KITCHEN BUDGET WORKSHEET
A77: 7 | B77: One of the limitations of the CMT is that individual payments cannot be split between multiple lines items; therefore, if your
B78: chapter sends a payment to the General Fraternity for the first installment of the Conclave Fee and the first installment of the Risk
B79: Management Assessment, then you will need to enter these as individual payments - one for each line item.
A81: 8 | B81: To the right of each step below is a notation - Required, Needed, or Optional. Those steps marked as "required" must be completed
B82: in order for the CMT to work at a minimum functionality for budgeting. "Needed" steps are those that increase the functionality of
B83: the CMT and the information it provides and tracks. "Optional" items do not have any significant impact on the functionality of the | P83: BUDGET
B84: CMT as a budgeting tool and resource for tracking cash.
A86: STEP-BY-STEP INSTRUCTIONS
A88: Step 1 - | B88: DASHBOARD - Line 1 & 2 - Enter your chapter's designation and the academic year. (OPTIONAL, but recommended) | O88: Optional
C89: Ex: Upsilon Upsilon - 2013-2014
A91: Step 2 - | B91: MEMBERHSIP RECORD - In cell G3, enter the total number of members (candidate and initiate) of your chapter at the end of | O91: REQUIRED
B92: the previous spring term. This information will be used to calculate your chapter's expected Risk Management Assessment for the
B93: fall term.
A95: Step 3 - | B95: MEMBERSHIP RECORD - Enter the "Name", "Year In School", and "Membership Status" of each current chapter member | O95: REQUIRED
B96: (candidates and initiates) for the appropriate academic term (fall/spring). | P96: CANDIDATE-INITIATION FEE TRACKER
A98: Step 4 - | B98: MEMBERSHIP RECORD - Enter a "1" in the "Member Dues" column for all members. Enter a "1" in the "Out of House Dues" | O98: REQUIRED
B99: for those members (candidates and initiates) who will not be living in the house as well. Entering "1" in the "Member Dues" and
B100: "Out of House Dues" columns provides a count for the budget worksheets and acts as a place holder. You will return to these | P100: ACCOUNTS RECEIVABLE - COLLECTIONS
B101: columns shortly.
A103: Step 5 - | B103: CHAPTER OPERATIONS BUDGET WORKSHEET - Line 3 & 4 - Select the appropriate Risk Management Tier of your chapter. | O103: REQUIRED
A105: Step 6 - | B105: CHAPTER OPERATIONS BUDGET WORKSHEET - In cell C9/10 (fall) and cell H9/10 (spring), enter the per member rate your | O105: Needed
B106: local IFC/Univeristy charges your chapter, if they do so. If your IFC or University does not charge any dues, then enter "0".
A108: Step 7 - | B108: CHAPTER OPERATIONS BUDGET WORKSHEET - In cell B14/15 select "Yes" or "No" in relation to your chapter's completion | O108: REQUIRED | P108: PAYMENT REGISTRY
B109: of GreekLifeEdu from the previous academic year. If your chapter reached the 90% completion mark, select "Yes" and this charge
B110: will be removed from the budget calculations. However, if your chapter did not reach the 90% completion mark, select "No" and the
B111: CMT will include an expected GreekLifeEdu surcharge per the financial incentive policy of the High Council.
A113: Step 8 - | B113: CHAPTER OPERATIONS BUDGET WORKSHEET - Lines 17, 18, and 19 may or may not be applicable to your chapter. If they | O113: Needed
B114: are not, just leave them blank or enter "0" in the yellow cells. If your chapter does utilize an accountant, or uses a CPA to complete its
B115: Form 990 filing, then you should enter this information here. "Banking related expenses" would likely include, but would not be limited
B116: to, service fees charged by the bank and often times are directly withdrawn from the chapter's account by the bank.
A118: Step 9 - | B118: CHAPTER OPERATIONS BUDGET WORKSHEET - In cell B22/23 (fall) and G22/23 (spring), enter the amount of past debts | O118: Needed
B119: owed by the chapter. Enter the amount of debt the chapter intends to pay in cells E22/23 (fall) and J22/23 (spring).
C120: Ex: If your chapter owes the General Fraternity $1,000.00, you should enter that amount and it will show you the
C121: amount of a payment that would reduce that debt by 25% and 50%, thereby allowing your chapter to make a more
C122: informed decision about how much of its debt it can afford to pay each semester.
A124: Step 10 - | B124: CHAPTER OPERATIONS BUDGET WORKSHEET - Cells B35 - B59 (fall) and G35 - G59 (spring) are where you should enter all | O124: REQUIRED
B125: of the budgetary requests for funds you have received from the various officers and chairmen of your chapter.
A127: Step 11 - | B127: HOUSE-KITCHEN BUDGET WORKSHEET - In cell A2, select the appropriate answer for your chapter. If your chapter does not | O127: REQUIRED
B128: have a chapter house, select "No" and you're done with this worksheet and should skip ahead to Step 15
A130: Step 12 - | B130: HOUSE-KITCHEN BUDGET WORKSHEET - If you answered "Yes" in cell A2, then select the length of the term of the chapter's | O130: Needed
B131: lease/housing agreement and meal plan/cook contract in cell A4 - these are typically 12 or 9 months.
A133: Step 13 - | B133: HOUSE-KITCHEN BUDGET WORKSHEET - In cell I5, enter the maximum occupancy of the chapter house (i.e. maximum number | O133: Needed
B134: of beds).
A136: Step 14 - | B136: HOUSE-KITCHEN BUDGET WORKSHEET - For each line item related to House Operations, enter the prior year's costs (column C), | O136: Needed
B137: and for each line item enter the expected/anticipated percentage increase. If an increase is not expected, then enter that line item
B138: percentage increase at 0%.
C139: NOTE - As information is entered in this section, the expected annual and per month (12 month and 9 month) costs
C140: are calculated. The CMT will also calculate the recommended "Rent" that should be paid by each member living
C141: in the house.
A143: Step 15 - | B143: HOUSE-KITCHEN BUDGET WORKSHEET - For each line item related to House Operations, enter the percentage to be charged to | O143: Needed
B144: members who do not live in the house (column I - % of line item cost to charge). This percentage will be used to calculate the amount
B145: of each line item that should be charged to all out of house members. In cells J39 (12 mo lease) and K39 (9 mo lease), the amount that
B146: should be charged to each member who does not live in the house will be calculated.
C147: NOTE - The amount calculated for Out of House dues (cells J39 and K39) are suggestions only. Your chapter may
C148: already have an out of house dues rate, established either by the chapter or house corporation/landlord.
A150: Step 16 - | B150: CHAPTER OPERATIONS BUDGET WORKSHEET - It is time to determine the per member dues rate. After completing Steps 4-15 | O150: Needed
B151: the CMT will breakdown the various costs entered, calculate the per member costs, and return a suggested range for membership
B152: dues to be considered by the finance committee and the chapter. The CMT will also calculate a recommended dues range for
B153: candidate members.
C154: NOTE - The suggested membership dues calculated in the CMT establish a minimum to cover all costs, operaational
C155: and functional.
C156: NOTE - If it is determined that the recommended dues range is to high, then adjustments will need to be made to the
C157: functional costs. As adjustments are made to the functional costs, the suggested member dues will also adjust.
C158: NOTE - Candidate dues, calculated by the CMT, do NOT include the Candidate and Initiation Fees. Candidate dues
C159: are important for two reasonss: 1) Establish the expectation that ALL members have a financial obligation to the
C160: chapter and fraternity, and 2) The chapter incurs legitimate costs for candidates - IFC dues, Risk Management, etc. -
C161: and the candidates receive a direct benefit from such activities and operations.
A163: Step 17 - | B163: CHAPTER OPERATIONS BUDGET WORKSHEET - If it is the determined that adjustments need to be made to the budget requests | O163: Needed
...

Sheet DASHBOARD
A1: Enter Chapter Designation - Enter Fiscal/Academic Year
D17: FALL | E17: SPRING | K17: # OWED | L17: AMT OWED
B18: LIVE IN HOUSE | D18: ='Membership Record'!G7 -> 0 | E18: ='Membership Record'!P7 -> 0 | H18: CANDIDATES FEES OWED | K18: =L18/90 -> 0 | L18: ='Candidate-Initiation Fee Tracke'!F4 -> 0
B19: LIVE OUT OF HOUSE | D19: ='Membership Record'!H7 -> 0 | E19: ='Membership Record'!Q7 -> 0 | H19: INITIATION FEES OWED | K19: =L19/220 -> 0 | L19: ='Candidate-Initiation Fee Tracke'!L4 -> 0
B20: MEAL PLAN | D20: ='Membership Record'!L7 -> 0 | E20: ='Membership Record'!U7 -> 0
K24: FALL | L24: SPRING
H25: PAST DUES OWED | K25: ='Membership Record'!I10 -> 0 | L25: ='Membership Record'!R10 -> 0
H26: PAST DUES COLLECTED | K26: =BUDGET!F14 -> 0 | L26: =BUDGET!G14 -> 0
H28: OTHER REVENUE BUDGETED | K28: =BUDGET!B18 -> 0 | L28: =BUDGET!C18 -> 0
H29: OTHER REVENUE COLLECTED | K29: =BUDGET!F18 -> 0 | L29: =BUDGET!G18 -> 0
H31: CHAPTER OPERATIONS BUDGETED REVENUE
K32: =BUDGET!B20 -> 0 | L32: =BUDGET!C20 -> 0
H34: CHAPTER OPERATIONS COLLECTED REVENUE
K35: =BUDGET!F20 -> 0 | L35: =BUDGET!G20 -> 0
H37: CHAPTER OPERATIONS
H38: REVENUE VARIANCE | K38: =BUDGET!J20 -> 0 | L38: =BUDGET!K20 -> 0
H40: COLLECTION RATE | K40: =IF(ISERROR(K35/K32),0,K35/K32) -> 0 | L40: =IF(ISERROR(L35/L32),0,L35/L32) -> 0
H41: (All Chapter Revenue)
E46: FALL | F46: SPRING
B47: HOUSE - OUT OF HOUSE
B48: BUDGETED REVENUE | E48: =BUDGET!B27 -> 0 | F48: =BUDGET!C27 -> 0
B50: HOUSE - OUT OF HOUSE
B51: COLLECTED REVENUE | E51: =BUDGET!F27 -> 0 | F51: =BUDGET!G27 -> 0
B53: HOUSE - PAST DUE RENT
B54: BUDGETED REVENUE | E54: =BUDGET!B28 -> 0 | F54: =BUDGET!C28 -> 0
B56: HOUSE - PAST DUE RENT
B57: COLLECTED REVENUE | E57: =BUDGET!F28 -> 0 | F57: =BUDGET!G28 -> 0
B59: KITCHEN - OTHER
B60: BUDGETED REVENUE | E60: =BUDGET!B47 -> 0 | F60: =BUDGET!C47 -> 0
B62: KITCHEN - OTHER
B63: COLLECTED REVENUE | E63: =BUDGET!F35 -> 0 | F63: =BUDGET!G47 -> 0
B65: COLLECTION RATE | E65: =IF(ISERROR((BUDGET!F37+BUDGET!F49)/(BUDGET!B37+BUDGET!B49)),0,(BUDGET!F37+BUDGET!F49)/(BUDGET!B37+BUDGET!B49)) -> 0 | F65: =IF(ISERROR((BUDGET!G37+BUDGET!G49)/(BUDGET!C37+BUDGET!C49)),0,(BUDGET!G37+BUDGET!G49)/(BUDGET!C37+BUDGET!C49)) -> 0
B66: (All House & Kitchen Revenue)
A89: Principal Invoices Due to Sigma Nu Fraternity, Inc. | F89: FALL | J89: SPRING
B90: RISK MANAGEMENT ASSESSMENT | F90: DUE | H90: BUDGET | I90: PAID TO DATE | J90: DUE | L90: BUDGET | M90: PAID TO DATE
B91: Installment 1 of 2 | F91: OCTOBER 1ST | H91: =IF(ISERROR(BUDGET!B54/2),0,(BUDGET!B54/2)) -> 0 | J91: FEBRUARY 15TH | L91: =IF(ISERROR(BUDGET!C54/2),0,(BUDGET!C54/2)) -> 0 | M91: =BUDGET!G54 -> 0
B92: Installment 2 of 2 | F92: NOVEMBER 1ST | H92: =IF(ISERROR(BUDGET!B54/2),0,(BUDGET!B54/2)) -> 0 | J92: MARCH 15TH | L92: =IF(ISERROR(BUDGET!C54/2),0,(BUDGET!C54/2)) -> 0
H93: =IF(ISERROR(BUDGET!B54),0,(BUDGET!B54)) -> 0 | I93: =BUDGET!F54 -> 0
B95: CONCLAVE FEE
B96: Installment 1 of 2 | F96: SEPTEMBER 15TH | H96: =BUDGET!B56/2 -> 700 | J96: MARCH 1ST | L96: =BUDGET!C56/2 -> 700
B97: Installment 2 of 2 | F97: OCTOBER 15TH | H97: =BUDGET!B56/2 -> 700 | J97: APRIL 1ST | L97: =BUDGET!C56/2 -> 700
H98: =BUDGET!B56 -> 1400 | I98: =BUDGET!F56 -> 0 | L98: =BUDGET!C56 -> 1400 | M98: =BUDGET!G56 -> 0
B100: INITIATE DUES | F100: DUE UPON RECEIPT | H100: =BUDGET!B55 -> 0 | I100: =BUDGET!F55 -> 0 | J100: DUE UPON RECEIPT | L100: =BUDGET!C55 -> 0 | M100: =BUDGET!G55 -> 0
B101: Per The Law, member updates are due
B102: Sept. 15th and Jan. 15th, or 15 days after
B103: the start of school, whichever is later
H126: FALL | J126: SPRING | L126: ANNUAL
A127: CHAPTER OPERATIONS - BUDGETED SURPLUS/(DEFICIT) | H127: =IF(ISERROR(BUDGET!B109),0,(BUDGET!B109)) -> -1400 | J127: =IF(ISERROR(BUDGET!C109),0,(BUDGET!C109)) -> -1400 | L127: =IF(ISERROR(BUDGET!D109),0,(BUDGET!D109)) -> -2800
A128: CHAPTER OPERATIONS - ACTUAL SURPLUS/(DEFICIT) | H128: =BUDGET!F109 -> 0 | J128: =BUDGET!G109 -> 0 | L128: =BUDGET!H109 -> 0
A130: HOUSE OPERATIONS - BUDGETED SURPLUS/(DEFICIT) | H130: =BUDGET!B145 -> 0 | J130: =BUDGET!C145 -> 0 | L130: =BUDGET!D145 -> 0
A131: HOUSE OPERATIONS - ACTUAL SURPLUS/(DEFICIT) | H131: =BUDGET!F145 -> 0 | J131: =BUDGET!G145 -> 0 | L131: =BUDGET!H145 -> 0
A133: KITCHEN OPERATIONS - BUDGETED SURPLUS/(DEFICIT) | H133: =BUDGET!B165 -> 0 | J133: =BUDGET!C165 -> 0 | L133: =BUDGET!D165 -> 0
A134: KITCHEN OPERATIONS - ACTUAL SURPLUS/(DEFICIT) | H134: =BUDGET!F165 -> 0 | J134: =BUDGET!G165 -> 0 | L134: =BUDGET!H165 -> 0
A136: ALL OPERATIONS - BUDGETED SUPRLUS/(DEFICIT) | H136: =IF(ISERROR(BUDGET!B170),0,(BUDGET!B170)) -> -1400 | J136: =IF(ISERROR(BUDGET!C170),0,(BUDGET!C170)) -> -1400 | L136: =IF(ISERROR(BUDGET!D170),0,(BUDGET!D170)) -> -2800
A137: ALL OPERATIONS - ACTUAL SUPRLUS/(DEFICIT) | H137: =BUDGET!F170 -> 0 | J137: =BUDGET!G170 -> 0 | L137: =BUDGET!H170 -> 0

Sheet Membership Record
B1: ANNUAL MEMBERSHIP | E1: FALL MEMBERSHIP | N1: SPRING MEMBERSHIP | AD1: Fr | AE1: Candidate | AF1: Candidate | AG1: Commander
AD2: So | AE2: Initiate | AF2: Initiate | AG2: Lt. Commander
B3: Freshmen | D3: =COUNTIF(D11:D310,"fr") -> 0 | E3: Previous Semester Membership | N3: Previous Semester Membership | P3: =F7 -> 0 | AD3: Jr | AE3: De-pledged | AF3: Graduated/Left | AG3: Treasurer
B4: Sophomore | D4: =COUNTIF(D11:D310,"so") -> 0 | F4: # | G4: Live In House | H4: Live Out of House | I4: Past Dues | K4: Past Rent | L4: Meal Plan | O4: # | P4: Live In House | Q4: Live Out of House | R4: Past Dues | T4: Past Rent | U4: Meal Plan | AD4: Sr | AE4: Expelled | AF4: De-pledged | AG4: Recorder
B5: Junior | D5: =COUNTIF(D11:D310,"jr") -> 0 | E5: Candidates | F5: =COUNTIF(E11:E310,"candidate") -> 0 | G5: =COUNTIFS(E11:E310,"candidate",G11:G310,">0")-H5 -> 0 | H5: =COUNTIFS(E11:E310,"candidate",H11:H310,">0") -> 0 | I5: =COUNTIFS(E11:E310,"candidate",I11:I310,">0") -> 0 | K5: =COUNTIFS(E11:E310,"candidate",K11:K310,">0") -> 0 | L5: =COUNTIFS(E11:E310,"candidate",L11:L310,">0") -> 0 | N5: Candidates | O5: =COUNTIF(N11:N310,"candidate") -> 0 | P5: =COUNTIFS(N11:N310,"candidate",P11:P310,">0")-Q5 -> 0 | Q5: =COUNTIFS(N11:N310,"candidate",Q11:Q310,">0") -> 0 | R5: =COUNTIFS(N11:N310,"candidate",R11:R310,">0") -> 0 | T5: =COUNTIFS(N11:N310,"candidate",T11:T310,">0") -> 0 | U5: =COUNTIFS(N11:N310,"candidate",U11:U310,">0") -> 0 | AF5: Expelled | AG5: Marshal
B6: Senior | D6: =COUNTIF(D11:D310,"sr") -> 0 | E6: Initiates | F6: =COUNTIF(E11:E310,"initiate") -> 0 | G6: =COUNTIFS(E11:E310,"initiate",G11:G310,">0")-H6 -> 0 | H6: =COUNTIFS(E11:E310,"initiate",H11:H310,">0") -> 0 | I6: =COUNTIFS(E11:E310,"initiate",I11:I310,">0") -> 0 | K6: =COUNTIFS(E11:E310,"initiate",K11:K310,">0") -> 0 | L6: =COUNTIFS(E11:E310,"initiate",L11:L310,">0") -> 0 | N6: Initiates | O6: =COUNTIF(N11:N310,"initiate") -> 0 | P6: =COUNTIFS(N11:N310,"initiate",P11:P310,">0")-Q6 -> 0 | Q6: =COUNTIFS(N11:N310,"initiate",Q11:Q310,">0") -> 0 | R6: =COUNTIFS(N11:N310,"initiate",R11:R310,">0") -> 0 | T6: =COUNTIFS(N11:N310,"initiate",T11:T310,">0") -> 0 | U6: =COUNTIFS(N11:N310,"initiate",U11:U310,">0") -> 0 | AG6: Chaplain
B7: Total Members | D7: =SUM(D3:D6) -> 0 | E7: Total Members | F7: =SUM(F5:F6) -> 0 | G7: =SUM(G5:G6) -> 0 | H7: =SUM(H5:H6) -> 0 | I7: =SUM(I5:I6) -> 0 | K7: =SUM(K5:K6) -> 0 | L7: =SUM(L5:L6) -> 0 | N7: Total Members | O7: =SUM(O5:O6) -> 0 | P7: =SUM(P5:P6) -> 0 | Q7: =SUM(Q5:Q6) -> 0 | R7: =SUM(R5:R6) -> 0 | T7: =SUM(T5:T6) -> 0 | U7: =SUM(U5:U6) -> 0 | AG7: LEAD
AG8: Recruitment
E9: Membership Status | F9: Officer Position | G9: Chapter Member Dues | H9: Out of House Dues | I9: Past Dues Owed | J9: Rent | K9: Past Rent Owed | L9: Meal Plan/ Kitchen | N9: Membership Status | O9: Officer Position | P9: Chapter Member Dues | Q9: Out of House Dues | R9: Past Dues Owed | S9: Rent | T9: Past Rent Owed | U9: Meal Plan/ Kitchen | AG9: Alumni Relations
B10: Name | D10: Yr In School | G10: =SUM(G11:G310) -> 0 | H10: =SUM(H11:H310) -> 0 | I10: =SUM(I11:I310) -> 0 | J10: =SUM(J11:J310) -> 0 | K10: =SUM(K11:K310) -> 0 | L10: =SUM(L11:L310) -> 0 | P10: =SUM(P11:P310) -> 0 | Q10: =SUM(Q11:Q310) -> 0 | R10: =SUM(R11:R310) -> 0 | S10: =SUM(S11:S310) -> 0 | T10: =SUM(T11:T310) -> 0 | U10: =SUM(U11:U310) -> 0 | AG10: Sentinel
A11: 1 | J11: =IF(H11>0,0,IF(G11>0,"Enter Rent $",0)) -> 0 | S11: =IF(Q11>0,0,IF(P11>0,"Enter Rent $",0)) -> 0 | AG11: Reporter
A12: =A11+1 -> 2 | J12: =IF(H12>0,0,IF(G12>0,"Enter Rent $",0)) -> 0 | S12: =IF(Q12>0,0,IF(P12>0,"Enter Rent $",0)) -> 0 | AG12: Historian
A13: =A12+1 -> 3 | J13: =IF(H13>0,0,IF(G13>0,"Enter Rent $",0)) -> 0 | S13: =IF(Q13>0,0,IF(P13>0,"Enter Rent $",0)) -> 0
A14: =A13+1 -> 4 | J14: =IF(H14>0,0,IF(G14>0,"Enter Rent $",0)) -> 0 | S14: =IF(Q14>0,0,IF(P14>0,"Enter Rent $",0)) -> 0
A15: =A14+1 -> 5 | J15: =IF(H15>0,0,IF(G15>0,"Enter Rent $",0)) -> 0 | S15: =IF(Q15>0,0,IF(P15>0,"Enter Rent $",0)) -> 0
A16: =A15+1 -> 6 | J16: =IF(H16>0,0,IF(G16>0,"Enter Rent $",0)) -> 0 | S16: =IF(Q16>0,0,IF(P16>0,"Enter Rent $",0)) -> 0
A17: =A16+1 -> 7 | J17: =IF(H17>0,0,IF(G17>0,"Enter Rent $",0)) -> 0 | S17: =IF(Q17>0,0,IF(P17>0,"Enter Rent $",0)) -> 0
A18: =A17+1 -> 8 | J18: =IF(H18>0,0,IF(G18>0,"Enter Rent $",0)) -> 0 | S18: =IF(Q18>0,0,IF(P18>0,"Enter Rent $",0)) -> 0
A19: =A18+1 -> 9 | J19: =IF(H19>0,0,IF(G19>0,"Enter Rent $",0)) -> 0 | S19: =IF(Q19>0,0,IF(P19>0,"Enter Rent $",0)) -> 0
A20: =A19+1 -> 10 | J20: =IF(H20>0,0,IF(G20>0,"Enter Rent $",0)) -> 0 | S20: =IF(Q20>0,0,IF(P20>0,"Enter Rent $",0)) -> 0
A21: =A20+1 -> 11 | J21: =IF(H21>0,0,IF(G21>0,"Enter Rent $",0)) -> 0 | S21: =IF(Q21>0,0,IF(P21>0,"Enter Rent $",0)) -> 0
A22: =A21+1 -> 12 | J22: =IF(H22>0,0,IF(G22>0,"Enter Rent $",0)) -> 0 | S22: =IF(Q22>0,0,IF(P22>0,"Enter Rent $",0)) -> 0
A23: =A22+1 -> 13 | J23: =IF(H23>0,0,IF(G23>0,"Enter Rent $",0)) -> 0 | S23: =IF(Q23>0,0,IF(P23>0,"Enter Rent $",0)) -> 0
A24: =A23+1 -> 14 | J24: =IF(H24>0,0,IF(G24>0,"Enter Rent $",0)) -> 0 | S24: =IF(Q24>0,0,IF(P24>0,"Enter Rent $",0)) -> 0
... A310: =A309+1 -> 300 | J310: =IF(H310>0,0,IF(G310>0,"Enter Rent $",0)) -> 0 | S310: =IF(Q310>0,0,IF(P310>0,"Enter Rent $",0)) -> 0

Sheet Ch Operations Budget Worksheet
B1: FALL | G1: SPRING | AA1: Tier | AB1: GLE Comp | AC1: Proj. % Inc.
A2: OPERATIONAL COSTS | B2: Tier Assignment | C2: Per Member Rate | D2: Previous Semester Membership | E2: EXPECTED COST | G2: Tier Assignment | H2: Per Member Rate | I2: Previous Semester Membership | J2: EXPECTED COST | AA2: 1 | AB2: Yes | AC2: 0
A3: Risk Management | B3: 1 | C3: =IF(B3=1,"$140.00",IF(B3=2,"$165.00",IF(B3=3,"$185.00",IF(B3=4,"$195.00",IF(B3=5,"$220.00","ERROR"))))) -> $140.00 | D3: ='Membership Record'!G3 -> 0 | E3: =IF(ISERROR(C3*D3),0,C3*D3) -> 0 | G3: =B3 -> 1 | H3: =IF(G3=1,"$140.00",IF(G3=2,"$165.00",IF(G3=3,"$185.00",IF(G3=4,"$195.00",IF(G3=5,"$220.00","ERROR"))))) -> $140.00 | I3: ='Membership Record'!P3 -> 0 | J3: =IF(ISERROR(H3*I3),0,H3*I3) -> 0 | AA3: 2 | AB3: No | AC3: 0.01
AA4: 3 | AC4: 0.02
A5: Initiate Dues | D5: Current Semester Initiates | I5: Current Semester Initiates | AA5: 4 | AC5: 0.03
B6: → | C6: 72.5 | D6: ='Membership Record'!F6 -> 0 | E6: =C6*D6 -> 0 | G6: → | H6: 72.5 | I6: ='Membership Record'!O6 -> 0 | J6: =H6*I6 -> 0 | AA6: 5 | AC6: 0.04
AC7: 0.05
A8: IFC/University Dues | D8: Current Semester Membership | I8: Current Semester Membership | AC8: 0.06
B9: → | D9: ='Membership Record'!F7 -> 0 | E9: =C9*D9 -> 0 | G9: → | I9: ='Membership Record'!O7 -> 0 | J9: =H9*I9 -> 0 | AC9: 0.07
AC10: 0.08
A11: Conclave Fee | B11: → | C11: → | D11: → | E11: 1400 | G11: → | H11: → | I11: → | J11: 1400 | AC11: 0.09
AC12: 0.1
A13: GreekLifeEdu Surcharge | B13: 90% Member Completion Met Prior Yr. | D13: Previous Semester Membership
C14: 25 | D14: ='Membership Record'!G3 -> 0 | E14: =IF(AND(B14="Yes"),"$0.00",C14*D14) -> 0 | H14: 0 | I14: 0 | J14: 0
B16: Prior Yr. Cost | C16: Projected Increase - % | D16: Projected Increase - $ | G16: Prior Yr. Cost | H16: Projected Increase - % | I16: Projected Increase - $
A17: Accountant Fees | C17: 0 | D17: =B17*C17 -> 0 | E17: =B17+D17 -> 0 | H17: 0 | I17: =G17*H17 -> 0 | J17: =G17+I17 -> 0
A18: Form 990 - CPA filing fee(s) | C18: 0 | D18: =B18*C18 -> 0 | E18: =B18+D18 -> 0 | H18: 0 | I18: =G18*H18 -> 0 | J18: =G18+I18 -> 0
A19: Banking Related Expenses | C19: 0 | D19: =B19*C19 -> 0 | E19: =B19+D19 -> 0 | H19: 0 | I19: =G19*H19 -> 0 | J19: =G19+I19 -> 0
A21: Debt Expense/Payment | B21: Existing Debt Balance | C21: 25% of Debt Balance | D21: 50% of Debt Balance | G21: Existing Debt Balance | H21: 25% of Debt Balance | I21: 50% of Debt Balance
C22: =B22*0.25 -> 0 | D22: =B22*0.5 -> 0 | H22: =G22*0.25 -> 0 | I22: =G22*0.5 -> 0
A24: Empty Bed Expense (to House Ops) | B24: → | C24: → | D24: → | E24: ='House-Kitchen Budget Worksheet'!H53 -> 0 | G24: → | H24: → | I24: → | J24: ='House-Kitchen Budget Worksheet'!H54 -> 0
A27: Total Operational Costs | B27: → | C27: → | D27: → | E27: =IF(ISERROR(SUM(E3:E26)),0,(SUM(E3:E26))) -> 1400 | G27: → | H27: → | I27: → | J27: =IF(ISERROR(SUM(J3:J26)),0,SUM(J3:J26)) -> 1400
A29: Operational Costs Per Member (All) | C29: → | E29: =IF(ISERROR(E27/'Membership Record'!F7),0,E27/'Membership Record'!F7) -> 0 | H29: → | J29: =IF(ISERROR(J27/'Membership Record'!O7),0,J27/'Membership Record'!O7) -> 0
A30: Operational Costs Per Initiate | C30: → | E30: =IF(ISERROR(E27/'Membership Record'!F6),0,E27/'Membership Record'!F6) -> 0 | H30: → | J30: =IF(ISERROR(J27/'Membership Record'!O6),0,J27/'Membership Record'!O6) -> 0
A32: FUNCTIONAL COSTS
B34: REQUESTED | C34: ADJUSTMENT | D34: BUDGET | G34: REQUESTED | H34: ADJUSTMENT | I34: BUDGET
A35: Savings Fund | D35: =B35+C35 -> 0 | I35: =G35+H35 -> 0
A36: Recruitment | D36: =B36+C36 -> 0 | I36: =G36+H36 -> 0
A37: Candidate Education Activities | D37: =B37+C37 -> 0 | I37: =G37+H37 -> 0
A38: Alumni Relations/Activities | D38: =B38+C38 -> 0 | I38: =G38+H38 -> 0
A39: Member Education (LEAD) | D39: =B39+C39 -> 0 | I39: =G39+H39 -> 0
A40: Conclave - Travel and Expenses | D40: =B40+C40 -> 0 | I40: =G40+H40 -> 0
A41: Chapter/Executive Retreat | D41: =B41+C41 -> 0 | I41: =G41+H41 -> 0
A42: Brotherhood Activities | D42: =B42+C42 -> 0 | I42: =G42+H42 -> 0
A43: Community Service/Philanthropy | D43: =B43+C43 -> 0 | I43: =G43+H43 -> 0
A44: Scholarship/Academic Affairs | D44: =B44+C44 -> 0 | I44: =G44+H44 -> 0
A45: Homecoming/Greek Week | D45: =B45+C45 -> 0 | I45: =G45+H45 -> 0
A46: Composite | D46: =B46+C46 -> 0 | I46: =G46+H46 -> 0
... A59: Chapter - Other (rename #5) | D59: =B59+C59 -> 0 | I59: =G59+H59 -> 0
A60: Total Functional Costs | B60: =SUM(B35:B59) -> 0 | C60: =SUM(C35:C59) -> 0 | D60: =SUM(D35:D59) -> 0 | G60: =SUM(G35:G59) -> 0 | H60: =SUM(H35:H59) -> 0 | I60: =SUM(I35:I59) -> 0
A62: Functional Costs Per Member (All) | B62: =IF(ISERROR(B60/'Membership Record'!F7),0,B60/'Membership Record'!F7) -> 0 | D62: =IF(ISERROR(D60/'Membership Record'!F7),0,D60/'Membership Record'!F7) -> 0 | G62: =IF(ISERROR(G60/'Membership Record'!O7),0,G60/'Membership Record'!O7) -> 0 | I62: =IF(ISERROR(I60/'Membership Record'!O7),0,I60/'Membership Record'!O7) -> 0
A63: Functional Costs Per Initiate | B63: =IF(ISERROR(B60/'Membership Record'!F6),0,B60/'Membership Record'!F6) -> 0 | D63: =IF(ISERROR(D60/'Membership Record'!F6),0,D60/'Membership Record'!F6) -> 0 | G63: =IF(ISERROR(G60/'Membership Record'!O6),0,G60/'Membership Record'!O6) -> 0 | I63: =IF(ISERROR(I60/'Membership Record'!O6),0,I60/'Membership Record'!O6) -> 0
E65: FALL | J65: SPRING | L65: ANNUAL
A66: TOTAL CHAPTER OPERATIONS EXPENSE | D66: Term | E66: =E27+D60 -> 1400 | H66: → | J66: =J27+I60 -> 1400 | K66: → | L66: =E66+J66 -> 2800
D67: Per All Member | E67: =E29+D62 -> 0 | H67: → | J67: =J29+I62 -> 0 | L67: =IF(ISERROR(L66/'Membership Record'!F6),0,L66/'Membership Record'!F6) -> 0
D68: Per Initiate | E68: =E30+D63 -> 0 | H68: → | J68: =J30+I63 -> 0
A71: SUGGESTED INITIATE MEMBER DUES RANGE | C71: Minimum | D71: Moderate | E71: High | H71: Minimum | I71: Moderate | J71: High | L71: Minimum | M71: Moderate | N71: High
C72: =L67/2 -> 0 | D72: =IF(C72=0,0,C72+35) -> 0 | E72: =IF(C72=0,0,C72+75) -> 0 | H72: =L67/2 -> 0 | I72: =IF(H72=0,0,H72+35) -> 0 | J72: =IF(H72=0,0,H72+75) -> 0 | L72: =C72+H72 -> 0 | M72: =D72+I72 -> 0 | N72: =E72+J72 -> 0
A75: SUGGESTED CANDIDATE MEMBER DUES RANGE | C75: Low | D75: Average | E75: High | H75: Low | I75: Average | J75: High
C76: =IF(ISERROR(D76-25),0,D76-25) -> 125 | D76: =IF(B3=1,150,IF(B3=2,175,IF(B3=3,200,IF(B3=4,225,IF(B3=5,250,""))))) -> 150 | E76: =IF(ISERROR(D76+25),0,D76+25) -> 175 | H76: =IF(ISERROR(I76-25),0,I76-25) -> 125 | I76: =IF(G3=1,150,IF(G3=2,175,IF(G3=3,200,IF(G3=4,225,IF(G3=5,250,""))))) -> 150 | J76: =IF(ISERROR(I76+25),0,I76+25) -> 175

Sheet House-Kitchen Budget Worksheet
A1: Have a house and meal plan?
A3: Length of Lease/Meal Plan | C3: PRIOR YR COST | D3: PROJECTED INCREASE - % | E3: PROJECTED INCREASE - $ | F3: EXPECTED COST - ANNUAL | G3: EXPECTED PER MONTH (12 mo.) | H3: EXPECTED PER MONTH (9 mo) | I3: Out of House Dues
A4: 12 months | J4: 12 Mo. | K4: 9 Mo.
A5: HOUSE OPERATING COSTS | I5: Max Occupancy | J5: Out of House Initiates - as of Start of Academic Year | Z5: Yes | AA5: 9 months | AB5: 0
Z6: No | AA6: 12 months | AB6: 0.01
J7: ='Membership Record'!H6 -> 0 | AB7: 0.02
A8: Rent (Chapter pays to House Corp/Landlord) | D8: 0 | E8: =C8*D8 -> 0 | F8: =C8+E8 -> 0 | G8: =F8/12 -> 0 | H8: =F8/9 -> 0 | I8: % of line item cost to charge | AB8: 0.03
A9: Insurance | D9: 0 | E9: =C9*D9 -> 0 | F9: =C9+E9 -> 0 | G9: =F9/12 -> 0 | H9: =F9/9 -> 0 | I9: 0 | J9: =G9*I9 -> 0 | K9: =H9*I9 -> 0 | AB9: 0.04
A10: Household Supplies | D10: 0 | E10: =C10*D10 -> 0 | F10: =C10+E10 -> 0 | G10: =F10/12 -> 0 | H10: =F10/9 -> 0 | I10: 0 | J10: =G10*I10 -> 0 | K10: =H10*I10 -> 0 | AB10: 0.05
A11: Repairs | AB11: 0.06
A12: Windows | D12: 0 | E12: =C12*D12 -> 0 | F12: =C12+E12 -> 0 | G12: =F12/12 -> 0 | H12: =F12/9 -> 0 | I12: 0 | J12: =G12*I12 -> 0 | K12: =H12*I12 -> 0 | AB12: 0.07
A13: Doors | D13: 0 | E13: =C13*D13 -> 0 | F13: =C13+E13 -> 0 | G13: =F13/12 -> 0 | H13: =F13/9 -> 0 | I13: 0 | J13: =G13*I13 -> 0 | K13: =H13*I13 -> 0 | AB13: 0.08
A14: Appliances | D14: 0 | E14: =C14*D14 -> 0 | F14: =C14+E14 -> 0 | G14: =F14/12 -> 0 | H14: =F14/9 -> 0 | I14: 0 | J14: =G14*I14 -> 0 | K14: =H14*I14 -> 0 | AB14: 0.09
A15: Flooring | D15: 0 | E15: =C15*D15 -> 0 | F15: =C15+E15 -> 0 | G15: =F15/12 -> 0 | H15: =F15/9 -> 0 | I15: 0 | J15: =G15*I15 -> 0 | K15: =H15*I15 -> 0 | AB15: 0.1
A16: Lighting | D16: 0 | E16: =C16*D16 -> 0 | F16: =C16+E16 -> 0 | G16: =F16/12 -> 0 | H16: =F16/9 -> 0 | I16: 0 | J16: =G16*I16 -> 0 | K16: =H16*I16 -> 0
A17: Exterior | D17: 0 | E17: =C17*D17 -> 0 | F17: =C17+E17 -> 0 | G17: =F17/12 -> 0 | H17: =F17/9 -> 0 | I17: 0 | J17: =G17*I17 -> 0 | K17: =H17*I17 -> 0
A18: Other | D18: 0 | E18: =C18*D18 -> 0 | F18: =C18+E18 -> 0 | G18: =F18/12 -> 0 | H18: =F18/9 -> 0 | I18: 0 | J18: =G18*I18 -> 0 | K18: =H18*I18 -> 0
A19: Maintenance
A20: Lawn/Grounds | D20: 0 | E20: =C20*D20 -> 0 | F20: =C20+E20 -> 0 | G20: =F20/12 -> 0 | H20: =F20/9 -> 0 | I20: 0 | J20: =G20*I20 -> 0 | K20: =H20*I20 -> 0
A21: Pest Control | D21: 0 | E21: =C21*D21 -> 0 | F21: =C21+E21 -> 0 | G21: =F21/12 -> 0 | H21: =F21/9 -> 0 | I21: 0 | J21: =G21*I21 -> 0 | K21: =H21*I21 -> 0
A22: HVAC | D22: 0 | E22: =C22*D22 -> 0 | F22: =C22+E22 -> 0 | G22: =F22/12 -> 0 | H22: =F22/9 -> 0 | I22: 0 | J22: =G22*I22 -> 0 | K22: =H22*I22 -> 0
A23: Other | D23: 0 | E23: =C23*D23 -> 0 | F23: =C23+E23 -> 0 | G23: =F23/12 -> 0 | H23: =F23/9 -> 0 | I23: 0 | J23: =G23*I23 -> 0 | K23: =H23*I23 -> 0
A24: Electricity | D24: 0 | E24: =C24*D24 -> 0 | F24: =C24+E24 -> 0 | G24: =F24/12 -> 0 | H24: =F24/9 -> 0 | I24: 0 | J24: =G24*I24 -> 0 | K24: =H24*I24 -> 0
A25: Gas | D25: 0 | E25: =C25*D25 -> 0 | F25: =C25+E25 -> 0 | G25: =F25/12 -> 0 | H25: =F25/9 -> 0 | I25: 0 | J25: =G25*I25 -> 0 | K25: =H25*I25 -> 0
A26: Water | D26: 0 | E26: =C26*D26 -> 0 | F26: =C26+E26 -> 0 | G26: =F26/12 -> 0 | H26: =F26/9 -> 0 | I26: 0 | J26: =G26*I26 -> 0 | K26: =H26*I26 -> 0
A27: Sewer | D27: 0 | E27: =C27*D27 -> 0 | F27: =C27+E27 -> 0 | G27: =F27/12 -> 0 | H27: =F27/9 -> 0 | I27: 0 | J27: =G27*I27 -> 0 | K27: =H27*I27 -> 0
A28: Garbage | D28: 0 | E28: =C28*D28 -> 0 | F28: =C28+E28 -> 0 | G28: =F28/12 -> 0 | H28: =F28/9 -> 0 | I28: 0 | J28: =G28*I28 -> 0 | K28: =H28*I28 -> 0
A29: Cable/Satellite | D29: 0 | E29: =C29*D29 -> 0 | F29: =C29+E29 -> 0 | G29: =F29/12 -> 0 | H29: =F29/9 -> 0 | I29: 0 | J29: =G29*I29 -> 0 | K29: =H29*I29 -> 0
A30: Internet | D30: 0 | E30: =C30*D30 -> 0 | F30: =C30+E30 -> 0 | G30: =F30/12 -> 0 | H30: =F30/9 -> 0 | I30: 0 | J30: =G30*I30 -> 0 | K30: =H30*I30 -> 0
A31: Telephone | D31: 0 | E31: =C31*D31 -> 0 | F31: =C31+E31 -> 0 | G31: =F31/12 -> 0 | H31: =F31/9 -> 0 | I31: 0 | J31: =G31*I31 -> 0 | K31: =H31*I31 -> 0
... A37: Miscellaneous | D37: 0 | E37: =C37*D37 -> 0 | F37: =C37+E37 -> 0 | G37: =F37/12 -> 0 | H37: =F37/9 -> 0 | I37: 0 | J37: =G37*I37 -> 0 | K37: =H37*I37 -> 0
A39: TOTAL HOUSING COSTS | F39: =SUM(F8:F37) -> 0 | G39: =IF(A4="12 months",SUM(G8:G37),"") -> 0 | H39: =IF(A4="9 months",SUM(H8:H37),"") | J39: =SUM(J9:J37) -> 0 | K39: =SUM(K9:K37) -> 0
G41: at Max Occupancy
A42: PROJECTED PER MEMBER RENT | F42: =IF(ISERROR(F39/I7),0,F39/I7) -> 0 | G42: =IF(ISERROR(IF(A4="12 months",G39/I7,"")),0,IF(A4="12 months",G39/I7,"")) -> 0 | H42: =IF(ISERROR(IF(A4="9 months",H39/I7,"")),0,IF(A4="9 months",H39/I7,"")) | I42: Per Month
F44: FALL | G44: =IF(A4="12 months",G42*6,"") -> 0 | H44: =IF(A4="9 months",H42*5,"") | I44: Per Semester
F45: SPRING | G45: =IF(A4="12 months",G42*6,"") -> 0 | H45: =IF(A4="9 months",H42*4,"")
A47: SUGGESTED DUES PER OUT OF HOUSE MEMBER (in addition to standard member dues) | I47: ANNUAL | J47: =IF(ISERROR(IF(A4="12 months",J39/J7,"")),0,IF(A4="12 months",J39/J7,"")) -> 0 | K47: =IF(ISERROR(IF(A4="9 months",K39/J7,"")),0,IF(A4="9 months",K39/J7,""))
I49: FALL | J49: =IF(A4="12 months",J47/2,"") -> 0 | K49: =IF(A4="9 months",K47/2,"") | L49: Per Semester
I50: SPRING | J50: =IF(A4="12 months",J47/2,"") -> 0 | K50: =IF(A4="9 months",K47/2,"")
A52: SUGGESTED EMPTY BED REVENUE (from Chapter Operations) | G52: EMPTY BEDS | H52: AMOUNT
F53: FALL | G53: =IF(I7-'Membership Record'!G7<=0,"0",I7-'Membership Record'!G7) -> 0 | H53: =IF(A2="No",0,IF(G44="",H44*G53,G44*G53)) -> 0
F54: SPRING | G54: =IF(I7-'Membership Record'!P7<=0,0,I7-'Membership Record'!P7) -> 0 | H54: =IF(A2="No",0,IF(H45="",G45*G54,H45*G54)) -> 0
A57: KITCHEN OPERATING COSTS | I57: MIN. REQUIRED | J57: Meal Plan/Kitchen Fees - at Start of Academic Year
J59: ='Membership Record'!L7 -> 0
A60: Food | D60: 0 | E60: =C60*D60 -> 0 | F60: =C60+E60 -> 0 | G60: =F60/12 -> 0 | H60: =F60/9 -> 0
A61: Kitchen Supplies | D61: 0 | E61: =C61*D61 -> 0 | F61: =C61+E61 -> 0 | G61: =F61/12 -> 0 | H61: =F61/9 -> 0
A62: Repairs
A63: Appliances | D63: 0 | E63: =C63*D63 -> 0 | F63: =C63+E63 -> 0 | G63: =F63/12 -> 0 | H63: =F63/9 -> 0
A64: Ventilation | D64: 0 | E64: =C64*D64 -> 0 | F64: =C64+E64 -> 0 | G64: =F64/12 -> 0 | H64: =F64/9 -> 0
A65: Other | D65: 0 | E65: =C65*D65 -> 0 | F65: =C65+E65 -> 0 | G65: =F65/12 -> 0 | H65: =F65/9 -> 0
A66: Maintenance
A67: Beverage dispenser(s) | D67: 0 | E67: =C67*D67 -> 0 | F67: =C67+E67 -> 0 | G67: =F67/12 -> 0 | H67: =F67/9 -> 0
A68: Ventilation | D68: 0 | E68: =C68*D68 -> 0 | F68: =C68+E68 -> 0 | G68: =F68/12 -> 0 | H68: =F68/9 -> 0
A69: Other | D69: 0 | E69: =C69*D69 -> 0 | F69: =C69+E69 -> 0 | G69: =F69/12 -> 0 | H69: =F69/9 -> 0
A70: Payroll - Cook | D70: 0 | E70: =C70*D70 -> 0 | F70: =C70+E70 -> 0 | G70: =F70/12 -> 0 | H70: =F70/9 -> 0
A71: Payroll - Taxes | D71: 0 | E71: =C71*D71 -> 0 | F71: =C71+E71 -> 0 | G71: =F71/12 -> 0 | H71: =F71/9 -> 0
A72: Employee Benefits | D72: 0 | E72: =C72*D72 -> 0 | F72: =C72+E72 -> 0 | G72: =F72/12 -> 0 | H72: =F72/9 -> 0
A73: Miscellaneous | D73: 0 | E73: =C73*D73 -> 0 | F73: =C73+E73 -> 0 | G73: =F73/12 -> 0 | H73: =F73/9 -> 0
A75: TOTAL KITCHEN COSTS | F75: =SUM(F60:F73) -> 0 | G75: =F75/12 -> 0 | H75: =F75/9 -> 0
G77: At Minimum Required
A78: PROJECTED PER MEMBER KITCHEN FEE AT REQUIRED MINIMUM | F78: =IF(ISERROR(F75/I59),0,F75/I59) -> 0 | G78: =IF(ISERROR(IF(A4="12 months",G75/I59,"")),0,IF(A4="12 months",G75/I59,"")) -> 0 | H78: =IF(ISERROR(IF(A4="9 months",H75/I59,"")),0,IF(A4="9 months",H75/I59,"")) | I78: Per Month
G81: Per Member Signed Up
A82: PROJECTED PER MEMBER KITCHEN FEE AT START OF ACADEMIC YEAR | F82: =IF(ISERROR(F75/J59),0,F75/J59) -> 0 | G82: =IF(A4="12 months",F82/12,"") -> 0 | H82: =IF(A4="9 months",F82/9,"") | I82: Per Month
F84: FALL | G84: =IF(A4="12 months",G82*6,"") -> 0 | H84: =IF(A4="9 months",H82*5,"") | I84: Per Semester
F85: SPRING | G85: =IF(A4="12 months",G82*6,"") -> 0 | H85: =IF(A4="9 months",H82*4,"")

Sheet BUDGET
B1: BUDGET | F1: ACTUAL - YEAR TO DATE | J1: VARIANCE | M1: MONTHLY ACTUALS - FALL | S1: MONTHLY ACTUALS - SPRING
B2: FALL | C2: SPRING | D2: ANNUAL | F2: FALL | G2: SPRING | H2: ANNUAL | J2: FALL | K2: SPRING | L2: ANNUAL | M2: JULY | N2: AUGUST | O2: SEPTEMBER | P2: OCTOBER | Q2: NOVEMBER | R2: DECEMBER | S2: JANUARY | T2: FEBRUARY | U2: MARCH | V2: APRIL | W2: MAY | X2: JUNE
A3: REVENUE | AA3: Budgeted fall surplus/(deficit)
A4: CHAPTER OPERATIONS | AA4: Actual fall surplus/(deficit)
A5: Beginning Bank Balance | B5: 0 | C5: =IF(C3="",0,IF(C3="Budgeted fall surplus/(deficit)",B109,IF(C3="Actual fall surplus/(deficit)",F109,0))) -> 0 | F5: =B5 -> 0 | G5: =F109 -> 0 | M5: =F5 -> 0 | N5: =M109 -> 0 | O5: =N109 -> 0 | P5: =O109 -> 0 | Q5: =P109 -> 0 | R5: =Q109 -> 0 | S5: =R109 -> 0 | T5: =S109 -> 0 | U5: =T109 -> 0 | ... X5: =W109 -> 0
A7: Chapter Member Dues | B7: ='Membership Record'!G10 -> 0 | C7: ='Membership Record'!P10 -> 0 | D7: =SUM(B7:C7) -> 0 | F7: =SUM(M7:R7) -> 0 | G7: =SUM(S7:X7) -> 0 | H7: =SUM(F7:G7) -> 0 | J7: =F7-B7 -> 0 | K7: =G7-B7 -> 0 | L7: =SUM(J7:K7) -> 0 | M7: ='Accounts Receivable-Collections'!P9 -> 0 | N7: ='Accounts Receivable-Collections'!V9 -> 0 | O7: ='Accounts Receivable-Collections'!AB9 -> 0 | P7: ='Accounts Receivable-Collections'!AH9 -> 0 | Q7: ='Accounts Receivable-Collections'!AN9 -> 0 | R7: ='Accounts Receivable-Collections'!AT9 -> 0 | S7: ='Accounts Receivable-Collections'!AZ9 -> 0 | T7: ='Accounts Receivable-Collections'!BF9 -> 0 | U7: ='Accounts Receivable-Collections'!BL9 -> 0 | V7: ='Accounts Receivable-Collections'!BR9 -> 0 | W7: ='Accounts Receivable-Collections'!BX9 -> 0 | X7: ='Accounts Receivable-Collections'!CD9 -> 0
A8: Member Dues Subtotal | B8: =SUM(B7:B7) -> 0 | C8: =SUM(C7:C7) -> 0 | D8: =SUM(B8:C8) -> 0 | F8: =SUM(F7:F7) -> 0 | G8: =SUM(G7:G7) -> 0 | H8: =SUM(F8:G8) -> 0 | J8: =SUM(J7:J7) -> 0 | K8: =SUM(K7:K7) -> 0 | L8: =SUM(J8:K8) -> 0
A9: Uncollected Adjustment (10%) | B9: =-(B8*0.1) -> 0 | C9: =-(C8*0.1) -> 0 | D9: =-(D8*0.1) -> 0
A10: Member Dues Total | B10: =B8+B9 -> 0 | C10: =C8+C9 -> 0 | D10: =D8+D9 -> 0 | F10: =SUM(M10:R10) -> 0 | G10: =SUM(S10:X10) -> 0 | H10: =SUM(F10:G10) -> 0 | J10: =F10-B10 -> 0 | K10: =G10-C10 -> 0 | L10: =SUM(J10:K10) -> 0 | M10: =SUM(M7:M7) -> 0 | N10: =SUM(N7:N7) -> 0 | O10: =SUM(O7:O7) -> 0 | P10: =SUM(P7:P7) -> 0 | Q10: =SUM(Q7:Q7) -> 0 | R10: =SUM(R7:R7) -> 0 | S10: =SUM(S7:S7) -> 0 | T10: =SUM(T7:T7) -> 0 | ... X10: =SUM(X7:X7) -> 0
A12: Past Dues Owed | B12: ='Membership Record'!I10 -> 0 | C12: ='Membership Record'!R10 -> 0 | D12: =SUM(B12:C12) -> 0 | F12: =SUM(M12:R12) -> 0 | G12: =SUM(S12:X12) -> 0 | H12: =SUM(F12:G12) -> 0 | J12: =F12-B12 -> 0 | K12: =G12-C12 -> 0 | L12: =SUM(J12:K12) -> 0 | M12: ='Accounts Receivable-Collections'!Q9 -> 0 | N12: ='Accounts Receivable-Collections'!W9 -> 0 | O12: ='Accounts Receivable-Collections'!AC9 -> 0 | P12: ='Accounts Receivable-Collections'!AI9 -> 0 | Q12: ='Accounts Receivable-Collections'!AO9 -> 0 | R12: ='Accounts Receivable-Collections'!AU9 -> 0 | S12: ='Accounts Receivable-Collections'!BA9 -> 0 | T12: ='Accounts Receivable-Collections'!BG9 -> 0 | U12: ='Accounts Receivable-Collections'!BM9 -> 0 | V12: ='Accounts Receivable-Collections'!BS9 -> 0 | W12: ='Accounts Receivable-Collections'!BY9 -> 0 | X12: ='Accounts Receivable-Collections'!CE9 -> 0
A13: Uncollected Adjustment (50%) | B13: =-(B12*0.5) -> 0 | C13: =-(C12*0.5) -> 0 | D13: =-(D12*0.5) -> 0
A14: Past Dues Owed Total | B14: =B12+B13 -> 0 | C14: =C12+C13 -> 0 | D14: =D12+D13 -> 0 | F14: =F12 -> 0 | G14: =G12 -> 0 | H14: =SUM(F14:G14) -> 0 | J14: =F14-B14 -> 0 | K14: =G14-C14 -> 0 | L14: =SUM(J14:K14) -> 0 | M14: =M12 -> 0 | N14: =N12 -> 0 | O14: =O12 -> 0 | P14: =P12 -> 0 | Q14: =Q12 -> 0 | R14: =R12 -> 0 | S14: =S12 -> 0 | T14: =T12 -> 0 | ... X14: =X12 -> 0
A16: Other Revenue | C16: 0 | D16: =SUM(B16:C16) -> 0 | F16: =SUM(M16:R16) -> 0 | G16: =SUM(S16:X16) -> 0 | H16: =SUM(F16:G16) -> 0 | J16: =F16-B16 -> 0 | K16: =G16-C16 -> 0 | L16: =SUM(J16:K16) -> 0 | M16: ='Accounts Receivable-Collections'!S3 -> 0 | N16: ='Accounts Receivable-Collections'!Y3 -> 0 | O16: ='Accounts Receivable-Collections'!AE3 -> 0 | P16: ='Accounts Receivable-Collections'!AK3 -> 0 | Q16: ='Accounts Receivable-Collections'!AQ3 -> 0 | R16: ='Accounts Receivable-Collections'!AW3 -> 0 | S16: ='Accounts Receivable-Collections'!BC3 -> 0 | T16: ='Accounts Receivable-Collections'!BI3 -> 0 | U16: ='Accounts Receivable-Collections'!BO3 -> 0 | V16: ='Accounts Receivable-Collections'!BU3 -> 0 | W16: ='Accounts Receivable-Collections'!CA3 -> 0 | X16: ='Accounts Receivable-Collections'!CG3 -> 0
A17: Uncollected Adjustment (20%) | B17: =-(B16*0.2) -> 0 | C17: =-(C16*0.2) -> 0 | D17: =SUM(B17:C17) -> 0
A18: Other Revenue Total | B18: =B16+B17 -> 0 | C18: =C16+C17 -> 0 | D18: =D16+D17 -> 0 | F18: =F16 -> 0 | G18: =G16 -> 0 | H18: =SUM(F18:G18) -> 0 | J18: =F18-B18 -> 0 | K18: =G18-C18 -> 0 | L18: =H18-D18 -> 0 | M18: ='Accounts Receivable-Collections'!S3 -> 0 | N18: ='Accounts Receivable-Collections'!Y3 -> 0 | O18: ='Accounts Receivable-Collections'!AE3 -> 0 | P18: ='Accounts Receivable-Collections'!AK3 -> 0 | Q18: ='Accounts Receivable-Collections'!AQ3 -> 0 | R18: ='Accounts Receivable-Collections'!AW3 -> 0 | S18: ='Accounts Receivable-Collections'!BC3 -> 0 | T18: ='Accounts Receivable-Collections'!BI3 -> 0 | U18: ='Accounts Receivable-Collections'!BO3 -> 0 | V18: ='Accounts Receivable-Collections'!BU3 -> 0 | W18: ='Accounts Receivable-Collections'!CA3 -> 0 | X18: ='Accounts Receivable-Collections'!CG3 -> 0
A20: TOTAL CHAPTER OPERATIONS REVENUE | B20: =B5+B10+B14+B18 -> 0 | C20: =C5+C10+C14+C18 -> 0 | D20: =SUM(B20:C20) -> 0 | F20: =F5+F10+F14+F18 -> 0 | G20: =G5+G10+G14+G18 -> 0 | H20: =SUM(F20:G20) -> 0 | J20: =F20-B20 -> 0 | K20: =G20-C20 -> 0 | L20: =H20-D20 -> 0 | M20: =M5+M10+M14+M18 -> 0 | N20: =N5+N10+N14+N18 -> 0 | O20: =O5+O10+O14+O18 -> 0 | P20: =P5+P10+P14+P18 -> 0 | Q20: =Q5+Q10+Q14+Q18 -> 0 | R20: =R5+R10+R14+R18 -> 0 | S20: =S5+S10+S14+S18 -> 0 | T20: =T5+T10+T14+T18 -> 0 | ... X20: =X5+X10+X14+X18 -> 0
A22: HOUSE OPERATIONS
A24: Beginning Balance | B24: 0 | C24: =IF(C22="",0,IF(C22="Budgeted fall surplus/(deficit)",B145,IF(C22="Actual fall surplus/(deficit)",F145,0))) -> 0 | F24: =B24 -> 0 | G24: =F145 -> 0
A26: Rent (members living in house) | B26: ='Membership Record'!J10 -> 0 | C26: ='Membership Record'!S10 -> 0 | D26: =SUM(B26:C26) -> 0 | F26: =SUM(M26:R26) -> 0 | G26: =SUM(S26:X26) -> 0 | H26: =SUM(F26:G26) -> 0 | J26: =F26-B26 -> 0 | K26: =G26-C26 -> 0 | L26: =SUM(J26:K26) -> 0 | M26: ='Accounts Receivable-Collections'!S9 -> 0 | N26: ='Accounts Receivable-Collections'!Y9 -> 0 | O26: ='Accounts Receivable-Collections'!AE9 -> 0 | P26: ='Accounts Receivable-Collections'!AK9 -> 0 | Q26: ='Accounts Receivable-Collections'!AQ9 -> 0 | R26: ='Accounts Receivable-Collections'!AW9 -> 0 | S26: ='Accounts Receivable-Collections'!BC9 -> 0 | T26: ='Accounts Receivable-Collections'!BI9 -> 0 | U26: ='Accounts Receivable-Collections'!BO9 -> 0 | V26: ='Accounts Receivable-Collections'!BU9 -> 0 | W26: ='Accounts Receivable-Collections'!CA9 -> 0 | X26: ='Accounts Receivable-Collections'!CG9 -> 0
A27: Out of house dues | B27: ='Membership Record'!H10 -> 0 | C27: ='Membership Record'!Q10 -> 0 | D27: =SUM(B27:C27) -> 0 | F27: =SUM(M27:R27) -> 0 | G27: =SUM(S27:X27) -> 0 | H27: =SUM(F27:G27) -> 0 | J27: =F27-B27 -> 0 | K27: =G27-C27 -> 0 | L27: =SUM(J27:K27) -> 0 | M27: ='Accounts Receivable-Collections'!R9 -> 0 | N27: ='Accounts Receivable-Collections'!X9 -> 0 | O27: ='Accounts Receivable-Collections'!AD9 -> 0 | P27: ='Accounts Receivable-Collections'!AJ9 -> 0 | Q27: ='Accounts Receivable-Collections'!AP9 -> 0 | R27: ='Accounts Receivable-Collections'!AV9 -> 0 | S27: ='Accounts Receivable-Collections'!BB9 -> 0 | T27: ='Accounts Receivable-Collections'!BH9 -> 0 | U27: ='Accounts Receivable-Collections'!BN9 -> 0 | V27: ='Accounts Receivable-Collections'!BT9 -> 0 | W27: ='Accounts Receivable-Collections'!BZ9 -> 0 | X27: ='Accounts Receivable-Collections'!CF9 -> 0
A28: Past Due Rent | B28: ='Membership Record'!K10 -> 0 | C28: ='Membership Record'!T10 -> 0 | D28: =SUM(B28:C28) -> 0 | F28: =SUM(M28:R28) -> 0 | G28: =SUM(S28:X28) -> 0 | H28: =SUM(F28:G28) -> 0 | J28: =F28-B28 -> 0 | K28: =G28-C28 -> 0 | L28: =SUM(J28:K28) -> 0 | M28: ='Accounts Receivable-Collections'!T9 -> 0 | N28: ='Accounts Receivable-Collections'!Z9 -> 0 | O28: ='Accounts Receivable-Collections'!AF9 -> 0 | P28: ='Accounts Receivable-Collections'!AL9 -> 0 | Q28: ='Accounts Receivable-Collections'!AR9 -> 0 | R28: ='Accounts Receivable-Collections'!AX9 -> 0 | S28: ='Accounts Receivable-Collections'!BD9 -> 0 | T28: ='Accounts Receivable-Collections'!BJ9 -> 0 | U28: ='Accounts Receivable-Collections'!BP9 -> 0 | V28: ='Accounts Receivable-Collections'!BV9 -> 0 | W28: ='Accounts Receivable-Collections'!CB9 -> 0 | X28: ='Accounts Receivable-Collections'!CH9 -> 0
A29: Rent/Out of House Dues Total | B29: =SUM(B26:B28) -> 0 | C29: =SUM(C26:C28) -> 0 | D29: =SUM(D26:D28) -> 0 | F29: =SUM(F26:F28) -> 0 | G29: =SUM(G26:G28) -> 0 | H29: =SUM(F29:G29) -> 0 | J29: =SUM(J26:J28) -> 0 | K29: =SUM(K26:K28) -> 0 | L29: =SUM(J29:K29) -> 0 | M29: =SUM(M26:M28) -> 0 | N29: =SUM(N26:N28) -> 0 | O29: =SUM(O26:O28) -> 0 | P29: =SUM(P26:P28) -> 0 | Q29: =SUM(Q26:Q28) -> 0 | R29: =SUM(R26:R28) -> 0 | S29: =SUM(S26:S28) -> 0 | T29: =SUM(T26:T28) -> 0 | ... X29: =SUM(X26:X28) -> 0
A31: Empty Bed Revenue (from Chapter) | B31: ='House-Kitchen Budget Worksheet'!H53 -> 0 | C31: ='House-Kitchen Budget Worksheet'!H54 -> 0 | D31: =SUM(B31:C31) -> 0 | F31: =SUM(M31:R31) -> 0 | G31: =SUM(S31:X31) -> 0 | H31: =SUM(F31:G31) -> 0 | J31: =F31-B31 -> 0 | K31: =G31-C31 -> 0 | L31: =SUM(J31:K31) -> 0 | M31: =SUMIFS('Payment Registry'!C13:C1013,'Payment Registry'!L13:L1013,"Chapter - Empty Bed Transfer (Chapter to Housing)",'Payment Registry'!B13:B1013,"7") -> 0 | N31: =SUMIFS('Payment Registry'!C13:C1013,'Payment Registry'!L13:L1013,"Chapter - Empty Bed Transfer (Chapter to Housing)",'Payment Registry'!B13:B1013,"8") -> 0 | O31: =SUMIFS('Payment Registry'!C13:C1013,'Payment Registry'!L13:L1013,"Chapter - Empty Bed Transfer (Chapter to Housing)",'Payment Registry'!B13:B1013,"9") -> 0 | P31: =SUMIFS('Payment Registry'!C13:C1013,'Payment Registry'!L13:L1013,"Chapter - Empty Bed Transfer (Chapter to Housing)",'Payment Registry'!B13:B1013,"10") -> 0 | Q31: =SUMIFS('Payment Registry'!C13:C1013,'Payment Registry'!L13:L1013,"Chapter - Empty Bed Transfer (Chapter to Housing)",'Payment Registry'!B13:B1013,"11") -> 0 | R31: =SUMIFS('Payment Registry'!C13:C1013,'Payment Registry'!L13:L1013,"Chapter - Empty Bed Transfer (Chapter to Housing)",'Payment Registry'!B13:B1013,"12") -> 0 | S31: =SUMIFS('Payment Registry'!C13:C1013,'Payment Registry'!L13:L1013,"Chapter - Empty Bed Transfer (Chapter to Housing)",'Payment Registry'!B13:B1013,"1") -> 0 | T31: =SUMIFS('Payment Registry'!C13:C1013,'Payment Registry'!L13:L1013,"Chapter - Empty Bed Transfer (Chapter to Housing)",'Payment Registry'!B13:B1013,"2") -> 0 | U31: =SUMIFS('Payment Registry'!C13:C1013,'Payment Registry'!L13:L1013,"Chapter - Empty Bed Transfer (Chapter to Housing)",'Payment Registry'!B13:B1013,"3") -> 0 | V31: =SUMIFS('Payment Registry'!C13:C1013,'Payment Registry'!L13:L1013,"Chapter - Empty Bed Transfer (Chapter to Housing)",'Payment Registry'!B13:B1013,"4") -> 0 | W31: =SUMIFS('Payment Registry'!C13:C1013,'Payment Registry'!L13:L1013,"Chapter - Empty Bed Transfer (Chapter to Housing)",'Payment Registry'!B13:B1013,"5") -> 0 | X31: =SUMIFS('Payment Registry'!C13:C1013,'Payment Registry'!L13:L1013,"Chapter - Empty Bed Transfer (Chapter to Housing)",'Payment Registry'!B13:B1013,"6") -> 0
A33: Other House Revenue | B33: 0 | C33: 0 | D33: =SUM(B33:C33) -> 0 | F33: =SUM(M33:R33) -> 0 | G33: =SUM(S33:X33) -> 0 | H33: =SUM(F33:G33) -> 0 | J33: =F33-B33 -> 0 | K33: =G33-C33 -> 0 | L33: =SUM(J33:K33) -> 0 | M33: ='Accounts Receivable-Collections'!S4 -> 0 | N33: ='Accounts Receivable-Collections'!Y4 -> 0 | O33: ='Accounts Receivable-Collections'!AE4 -> 0 | P33: ='Accounts Receivable-Collections'!AK4 -> 0 | Q33: ='Accounts Receivable-Collections'!AQ4 -> 0 | R33: ='Accounts Receivable-Collections'!AW4 -> 0 | S33: ='Accounts Receivable-Collections'!BC4 -> 0 | T33: ='Accounts Receivable-Collections'!BI4 -> 0 | U33: ='Accounts Receivable-Collections'!BO4 -> 0 | V33: ='Accounts Receivable-Collections'!BU4 -> 0 | W33: ='Accounts Receivable-Collections'!CA4 -> 0 | X33: ='Accounts Receivable-Collections'!CG4 -> 0
A34: Uncollected Adjustment (20%) | B34: =-(B33*0.2) -> 0 | C34: =-(C33*0.2) -> 0 | D34: =SUM(B34:C34) -> 0
A35: Other Housing Revenue Total | B35: =B33+B34 -> 0 | C35: =C33+C34 -> 0 | D35: =SUM(B35:C35) -> 0 | F35: =SUM(F33) -> 0 | G35: =SUM(G33) -> 0 | H35: =SUM(F35:G35) -> 0 | J35: =F35-B35 -> 0 | K35: =G35-C35 -> 0 | L35: =SUM(J35:K35) -> 0 | M35: =SUM(M33) -> 0 | N35: =SUM(N33) -> 0 | O35: =SUM(O33) -> 0 | P35: =SUM(P33) -> 0 | Q35: =SUM(Q33) -> 0 | R35: =SUM(R33) -> 0 | S35: =SUM(S33) -> 0 | T35: =SUM(T33) -> 0 | ... X35: =SUM(X33) -> 0
A37: TOTAL HOUSE OPERATIONS REVENUE | B37: =B24+B29+B31+B35 -> 0 | C37: =C24+C29+C31+C35 -> 0 | D37: =SUM(B37:C37) -> 0 | F37: =F24+F29+F31+F35 -> 0 | G37: =G24+G29+G31+G35 -> 0 | H37: =SUM(F37:G37) -> 0 | J37: =J24+J29+J31+J35 -> 0 | K37: =K24+K29+K31+K35 -> 0 | L37: =SUM(J37:K37) -> 0 | M37: =M24+M29+M31+M35 -> 0 | N37: =N24+N29+N31+N35 -> 0 | O37: =O24+O29+O31+O35 -> 0 | P37: =P24+P29+P31+P35 -> 0 | Q37: =Q24+Q29+Q31+Q35 -> 0 | R37: =R24+R29+R31+R35 -> 0 | S37: =S24+S29+S31+S35 -> 0 | T37: =T24+T29+T31+T35 -> 0 | ... X37: =X24+X29+X31+X35 -> 0
A39: KITCHEN OPERATIONS
A41: Beginning Balance | B41: 0 | C41: =IF(C39="",0,IF(C39="Budgeted fall surplus/(deficit)",B165,IF(C39="Actual fall surplus/(deficit)",F165,0))) -> 0 | F41: =B41 -> 0 | G41: =F165 -> 0
A43: Meal Plan/Kitchen Fee | B43: ='Membership Record'!L10 -> 0 | C43: ='Membership Record'!U10 -> 0 | D43: =SUM(B43:C43) -> 0 | F43: =SUM(M43:R43) -> 0 | G43: =SUM(S43:X43) -> 0 | H43: =SUM(F43:G43) -> 0 | J43: =F43-B43 -> 0 | K43: =G43-C43 -> 0 | L43: =SUM(J43:K43) -> 0 | M43: ='Accounts Receivable-Collections'!U9 -> 0 | N43: ='Accounts Receivable-Collections'!AA9 -> 0 | O43: ='Accounts Receivable-Collections'!AG9 -> 0 | P43: ='Accounts Receivable-Collections'!AM9 -> 0 | Q43: ='Accounts Receivable-Collections'!AS9 -> 0 | R43: ='Accounts Receivable-Collections'!AY9 -> 0 | S43: ='Accounts Receivable-Collections'!BE9 -> 0 | T43: ='Accounts Receivable-Collections'!BK9 -> 0 | U43: ='Accounts Receivable-Collections'!BQ9 -> 0 | V43: ='Accounts Receivable-Collections'!BW9 -> 0 | W43: ='Accounts Receivable-Collections'!CC9 -> 0 | X43: ='Accounts Receivable-Collections'!CI9 -> 0
A45: Other Kitchen Revenue | B45: 0 | C45: 0 | D45: =SUM(B45:C45) -> 0 | F45: =SUM(M45:R45) -> 0 | G45: =SUM(S45:X45) -> 0 | H45: =SUM(F45:G45) -> 0 | J45: =F45-B45 -> 0 | K45: =G45-C45 -> 0 | L45: =SUM(J45:K45) -> 0 | M45: ='Accounts Receivable-Collections'!S5 -> 0 | N45: ='Accounts Receivable-Collections'!Y5 -> 0 | O45: ='Accounts Receivable-Collections'!AE5 -> 0 | P45: ='Accounts Receivable-Collections'!AK5 -> 0 | Q45: ='Accounts Receivable-Collections'!AQ5 -> 0 | R45: ='Accounts Receivable-Collections'!AW5 -> 0 | S45: ='Accounts Receivable-Collections'!BC5 -> 0 | T45: ='Accounts Receivable-Collections'!BI5 -> 0 | U45: ='Accounts Receivable-Collections'!BO5 -> 0 | V45: ='Accounts Receivable-Collections'!BU5 -> 0 | W45: ='Accounts Receivable-Collections'!CA5 -> 0 | X45: ='Accounts Receivable-Collections'!CG5 -> 0
A46: Uncollected Adjustment (20%) | B46: =-(B45*0.2) -> 0 | C46: =-(C45*0.2) -> 0 | D46: =SUM(B46:C46) -> 0
A47: Other Kitchen Revenue Total | B47: =B45+B46 -> 0 | C47: =C45+C46 -> 0 | D47: =SUM(B47:C47) -> 0 | F47: =SUM(F45) -> 0 | G47: =SUM(G45) -> 0 | H47: =SUM(F47:G47) -> 0 | J47: =F47-B47 -> 0 | K47: =G47-C47 -> 0 | L47: =SUM(J47:K47) -> 0 | M47: =SUM(M45) -> 0 | N47: =SUM(N45) -> 0 | O47: =SUM(O45) -> 0 | P47: =SUM(P45) -> 0 | Q47: =SUM(Q45) -> 0 | R47: =SUM(R45) -> 0 | S47: =SUM(S45) -> 0 | T47: =SUM(T45) -> 0 | ... X47: =SUM(X45) -> 0
A49: TOTAL KITCHEN OPERATIONS REVENUE | B49: =B41+B43+B47 -> 0 | C49: =C41+C43+C47 -> 0 | D49: =SUM(B49:C49) -> 0 | F49: =F41+F43+F47 -> 0 | G49: =G41+G43+G47 -> 0 | H49: =SUM(F49:G49) -> 0 | J49: =J41+J43+J47 -> 0 | K49: =K41+K43+K47 -> 0 | L49: =SUM(J49:K49) -> 0 | M49: =M41+M43+M47 -> 0 | N49: =N41+N43+N47 -> 0 | O49: =O41+O43+O47 -> 0 | P49: =P41+P43+P47 -> 0 | Q49: =Q41+Q43+Q47 -> 0 | R49: =R41+R43+R47 -> 0 | S49: =S41+S43+S47 -> 0 | T49: =T41+T43+T47 -> 0 | ... X49: =X41+X43+X47 -> 0
A52: EXPENSES
A53: CHAPTER OPERATIONS
A54: Risk Management | B54: ='Ch Operations Budget Worksheet'!E3 -> 0 | C54: ='Ch Operations Budget Worksheet'!J3 -> 0 | D54: =SUM(B54:C54) -> 0 | F54: =SUM(M54:R54) -> 0 | G54: =SUM(S54:X54) -> 0 | H54: =SUM(F54:G54) -> 0 | J54: =F54-B54 -> 0 | K54: =G54-C54 -> 0 | L54: =H54-D54 -> 0 | M54: =SUMIFS('Payment Registry'!C13:C1013,'Payment Registry'!L13:L1013,"Chapter - Risk Management",'Payment Registry'!B13:B1013,"7") -> 0 | N54: =SUMIFS('Payment Registry'!C13:C1013,'Payment Registry'!L13:L1013,"Chapter - Risk Management",'Payment Registry'!B13:B1013,"8") -> 0 | O54: =SUMIFS('Payment Registry'!C13:C1013,'Payment Registry'!L13:L1013,"Chapter - Risk Management",'Payment Registry'!B13:B1013,"9") -> 0 | P54: =SUMIFS('Payment Registry'!C13:C1013,'Payment Registry'!L13:L1013,"Chapter - Risk Management",'Payment Registry'!B13:B1013,"10") -> 0 | Q54: =SUMIFS('Payment Registry'!C13:C1013,'Payment Registry'!L13:L1013,"Chapter - Risk Management",'Payment Registry'!B13:B1013,"11") -> 0 | R54: =SUMIFS('Payment Registry'!C13:C1013,'Payment Registry'!L13:L1013,"Chapter - Risk Management",'Payment Registry'!B13:B1013,"12") -> 0 | S54: =SUMIFS('Payment Registry'!C13:C1013,'Payment Registry'!L13:L1013,"Chapter - Risk Management",'Payment Registry'!B13:B1013,"1") -> 0 | T54: =SUMIFS('Payment Registry'!C13:C1013,'Payment Registry'!L13:L1013,"Chapter - Risk Management",'Payment Registry'!B13:B1013,"2") -> 0 | U54: =SUMIFS('Payment Registry'!C13:C1013,'Payment Registry'!L13:L1013,"Chapter - Risk Management",'Payment Registry'!B13:B1013,"3") -> 0 | V54: =SUMIFS('Payment Registry'!C13:C1013,'Payment Registry'!L13:L1013,"Chapter - Risk Management",'Payment Registry'!B13:B1013,"4") -> 0 | W54: =SUMIFS('Payment Registry'!C13:C1013,'Payment Registry'!L13:L1013,"Chapter - Risk Management",'Payment Registry'!B13:B1013,"5") -> 0 | X54: =SUMIFS('Payment Registry'!C13:C1013,'Payment Registry'!L13:L1013,"Chapter - Risk Management",'Payment Registry'!B13:B1013,"6") -> 0
A55: Initiate Dues | B55: ='Ch Operations Budget Worksheet'!E6 -> 0 | C55: ='Ch Operations Budget Worksheet'!J6 -> 0 | D55: =SUM(B55:C55) -> 0 | F55: =SUM(M55:R55) -> 0 | G55: =SUM(S55:X55) -> 0 | H55: =SUM(F55:G55) -> 0 | J55: =F55-B55 -> 0 | K55: =G55-C55 -> 0 | L55: =H55-D55 -> 0 | M55: =SUMIFS('Payment Registry'!C13:C1013,'Payment Registry'!L13:L1013,"Chapter - Initiate Dues",'Payment Registry'!B13:B1013,"7") -> 0 | N55: =SUMIFS('Payment Registry'!C13:C1013,'Payment Registry'!L13:L1013,"Chapter - Initiate Dues",'Payment Registry'!B13:B1013,"8") -> 0 | O55: =SUMIFS('Payment Registry'!C13:C1013,'Payment Registry'!L13:L1013,"Chapter - Initiate Dues",'Payment Registry'!B13:B1013,"9") -> 0 | P55: =SUMIFS('Payment Registry'!C13:C1013,'Payment Registry'!L13:L1013,"Chapter - Initiate Dues",'Payment Registry'!B13:B1013,"10") -> 0 | Q55: =SUMIFS('Payment Registry'!C13:C1013,'Payment Registry'!L13:L1013,"Chapter - Initiate Dues",'Payment Registry'!B13:B1013,"11") -> 0 | R55: =SUMIFS('Payment Registry'!C13:C1013,'Payment Registry'!L13:L1013,"Chapter - Initiate Dues",'Payment Registry'!B13:B1013,"12") -> 0 | S55: =SUMIFS('Payment Registry'!C13:C1013,'Payment Registry'!L13:L1013,"Chapter - Initiate Dues",'Payment Registry'!B13:B1013,"1") -> 0 | T55: =SUMIFS('Payment Registry'!C13:C1013,'Payment Registry'!L13:L1013,"Chapter - Initiate Dues",'Payment Registry'!B13:B1013,"2") -> 0 | U55: =SUMIFS('Payment Registry'!C13:C1013,'Payment Registry'!L13:L1013,"Chapter - Initiate Dues",'Payment Registry'!B13:B1013,"3") -> 0 | V55: =SUMIFS('Payment Registry'!C13:C1013,'Payment Registry'!L13:L1013,"Chapter - Initiate Dues",'Payment Registry'!B13:B1013,"4") -> 0 | W55: =SUMIFS('Payment Registry'!C13:C1013,'Payment Registry'!L13:L1013,"Chapter - Initiate Dues",'Payment Registry'!B13:B1013,"5") -> 0 | X55: =SUMIFS('Payment Registry'!C13:C1013,'Payment Registry'!L13:L1013,"Chapter - Initiate Dues",'Payment Registry'!B13:B1013,"6") -> 0
A56: Conclave Fee | B56: ='Ch Operations Budget Worksheet'!E11 -> 1400 | C56: ='Ch Operations Budget Worksheet'!J11 -> 1400 | D56: =SUM(B56:C56) -> 2800 | F56: =SUM(M56:R56) -> 0 | G56: =SUM(S56:X56) -> 0 | H56: =SUM(F56:G56) -> 0 | J56: =F56-B56 -> -1400 | K56: =G56-C56 -> -1400 | L56: =H56-D56 -> -2800 | M56: =SUMIFS('Payment Registry'!C13:C1013,'Payment Registry'!L13:L1013,"Chapter - Conclave Fee",'Payment Registry'!B13:B1013,"7") -> 0 | N56: =SUMIFS('Payment Registry'!C13:C1013,'Payment Registry'!L13:L1013,"Chapter - Conclave Fee",'Payment Registry'!B13:B1013,"8") -> 0 | O56: =SUMIFS('Payment Registry'!C13:C1013,'Payment Registry'!L13:L1013,"Chapter - Conclave Fee",'Payment Registry'!B13:B1013,"9") -> 0 | P56: =SUMIFS('Payment Registry'!C13:C1013,'Payment Registry'!L13:L1013,"Chapter - Conclave Fee",'Payment Registry'!B13:B1013,"10") -> 0 | Q56: =SUMIFS('Payment Registry'!C13:C1013,'Payment Registry'!L13:L1013,"Chapter - Conclave Fee",'Payment Registry'!B13:B1013,"11") -> 0 | R56: =SUMIFS('Payment Registry'!C13:C1013,'Payment Registry'!L13:L1013,"Chapter - Conclave Fee",'Payment Registry'!B13:B1013,"12") -> 0 | S56: =SUMIFS('Payment Registry'!C13:C1013,'Payment Registry'!L13:L1013,"Chapter - Conclave Fee",'Payment Registry'!B13:B1013,"1") -> 0 | T56: =SUMIFS('Payment Registry'!C13:C1013,'Payment Registry'!L13:L1013,"Chapter - Conclave Fee",'Payment Registry'!B13:B1013,"2") -> 0 | U56: =SUMIFS('Payment Registry'!C13:C1013,'Payment Registry'!L13:L1013,"Chapter - Conclave Fee",'Payment Registry'!B13:B1013,"3") -> 0 | V56: =SUMIFS('Payment Registry'!C13:C1013,'Payment Registry'!L13:L1013,"Chapter - Conclave Fee",'Payment Registry'!B13:B1013,"4") -> 0 | W56: =SUMIFS('Payment Registry'!C13:C1013,'Payment Registry'!L13:L1013,"Chapter - Conclave Fee",'Payment Registry'!B13:B1013,"5") -> 0 | X56: =SUMIFS('Payment Registry'!C13:C1013,'Payment Registry'!L13:L1013,"Chapter - Conclave Fee",'Payment Registry'!B13:B1013,"6") -> 0
A57: GreekLifeEdu Surcharge | B57: ='Ch Operations Budget Worksheet'!E14 -> 0 | D57: =SUM(B57:C57) -> 0 | F57: =SUM(M57:R57) -> 0 | G57: =SUM(S57:X57) -> 0 | H57: =SUM(F57:G57) -> 0 | J57: =F57-B57 -> 0 | K57: =G57-C57 -> 0 | L57: =H57-D57 -> 0 | M57: =SUMIFS('Payment Registry'!C13:C1013,'Payment Registry'!L13:L1013,"Chapter - GreekLifeEdu Surcharge",'Payment Registry'!B13:B1013,"7") -> 0 | N57: =SUMIFS('Payment Registry'!C13:C1013,'Payment Registry'!L13:L1013,"Chapter - GreekLifeEdu Surcharge",'Payment Registry'!B13:B1013,"8") -> 0 | O57: =SUMIFS('Payment Registry'!C13:C1013,'Payment Registry'!L13:L1013,"Chapter - GreekLifeEdu Surcharge",'Payment Registry'!B13:B1013,"9") -> 0 | P57: =SUMIFS('Payment Registry'!C13:C1013,'Payment Registry'!L13:L1013,"Chapter - GreekLifeEdu Surcharge",'Payment Registry'!B13:B1013,"10") -> 0 | Q57: =SUMIFS('Payment Registry'!C13:C1013,'Payment Registry'!L13:L1013,"Chapter - GreekLifeEdu Surcharge",'Payment Registry'!B13:B1013,"11") -> 0 | R57: =SUMIFS('Payment Registry'!C13:C1013,'Payment Registry'!L13:L1013,"Chapter - GreekLifeEdu Surcharge",'Payment Registry'!B13:B1013,"12") -> 0 | S57: =SUMIFS('Payment Registry'!C13:C1013,'Payment Registry'!L13:L1013,"Chapter - GreekLifeEdu Surcharge",'Payment Registry'!B13:B1013,"1") -> 0 | T57: =SUMIFS('Payment Registry'!C13:C1013,'Payment Registry'!L13:L1013,"Chapter - GreekLifeEdu Surcharge",'Payment Registry'!B13:B1013,"2") -> 0 | U57: =SUMIFS('Payment Registry'!C13:C1013,'Payment Registry'!L13:L1013,"Chapter - GreekLifeEdu Surcharge",'Payment Registry'!B13:B1013,"3") -> 0 | V57: =SUMIFS('Payment Registry'!C13:C1013,'Payment Registry'!L13:L1013,"Chapter - GreekLifeEdu Surcharge",'Payment Registry'!B13:B1013,"4") -> 0 | W57: =SUMIFS('Payment Registry'!C13:C1013,'Payment Registry'!L13:L1013,"Chapter - GreekLifeEdu Surcharge",'Payment Registry'!B13:B1013,"5") -> 0 | X57: =SUMIFS('Payment Registry'!C13:C1013,'Payment Registry'!L13:L1013,"Chapter - GreekLifeEdu Surcharge",'Payment Registry'!B13:B1013,"6") -> 0
A58: Sigma Nu Fraternity, Inc.-Total | B58: =SUM(B54:B57) -> 1400 | C58: =SUM(C54:C57) -> 1400 | D58: =SUM(D54:D57) -> 2800 | F58: =SUM(F54:F57) -> 0 | G58: =SUM(G54:G57) -> 0 | H58: =SUM(H54:H57) -> 0 | J58: =F58-B58 -> -1400 | K58: =G58-C58 -> -1400 | L58: =H58-D58 -> -2800 | M58: =SUM(M54:M57) -> 0 | N58: =SUM(N54:N57) -> 0 | O58: =SUM(O54:O57) -> 0 | P58: =SUM(P54:P57) -> 0 | Q58: =SUM(Q54:Q57) -> 0 | R58: =SUM(R54:R57) -> 0 | S58: =SUM(S54:S57) -> 0 | T58: =SUM(T54:T57) -> 0 | ... X58: =SUM(X54:X57) -> 0
A60: IFC/University Dues | B60: ='Ch Operations Budget Worksheet'!E9 -> 0 | C60: ='Ch Operations Budget Worksheet'!J9 -> 0 | D60: =SUM(B60:C60) -> 0 | F60: =SUM(M60:R60) -> 0 | G60: =SUM(S60:X60) -> 0 | H60: =SUM(F60:G60) -> 0 | J60: =F60-B60 -> 0 | K60: =G60-C60 -> 0 | L60: =H60-D60 -> 0 | M60: =SUMIFS('Payment Registry'!C13:C1013,'Payment Registry'!L13:L1013,"Chapter - IFC/University Dues",'Payment Registry'!B13:B1013,"7") -> 0 | N60: =SUMIFS('Payment Registry'!C13:C1013,'Payment Registry'!L13:L1013,"Chapter - IFC/University Dues",'Payment Registry'!B13:B1013,"8") -> 0 | O60: =SUMIFS('Payment Registry'!C13:C1013,'Payment Registry'!L13:L1013,"Chapter - IFC/University Dues",'Payment Registry'!B13:B1013,"9") -> 0 | P60: =SUMIFS('Payment Registry'!C13:C1013,'Payment Registry'!L13:L1013,"Chapter - IFC/University Dues",'Payment Registry'!B13:B1013,"10") -> 0 | Q60: =SUMIFS('Payment Registry'!C13:C1013,'Payment Registry'!L13:L1013,"Chapter - IFC/University Dues",'Payment Registry'!B13:B1013,"11") -> 0 | R60: =SUMIFS('Payment Registry'!C13:C1013,'Payment Registry'!L13:L1013,"Chapter - IFC/University Dues",'Payment Registry'!B13:B1013,"12") -> 0 | S60: =SUMIFS('Payment Registry'!C13:C1013,'Payment Registry'!L13:L1013,"Chapter - IFC/University Dues",'Payment Registry'!B13:B1013,"1") -> 0 | T60: =SUMIFS('Payment Registry'!C13:C1013,'Payment Registry'!L13:L1013,"Chapter - IFC/University Dues",'Payment Registry'!B13:B1013,"2") -> 0 | U60: =SUMIFS('Payment Registry'!C13:C1013,'Payment Registry'!L13:L1013,"Chapter - IFC/University Dues",'Payment Registry'!B13:B1013,"3") -> 0 | V60: =SUMIFS('Payment Registry'!C13:C1013,'Payment Registry'!L13:L1013,"Chapter - IFC/University Dues",'Payment Registry'!B13:B1013,"4") -> 0 | W60: =SUMIFS('Payment Registry'!C13:C1013,'Payment Registry'!L13:L1013,"Chapter - IFC/University Dues",'Payment Registry'!B13:B1013,"5") -> 0 | X60: =SUMIFS('Payment Registry'!C13:C1013,'Payment Registry'!L13:L1013,"Chapter - IFC/University Dues",'Payment Registry'!B13:B1013,"6") -> 0
A62: Accountant Fees | B62: ='Ch Operations Budget Worksheet'!E17 -> 0 | C62: ='Ch Operations Budget Worksheet'!J17 -> 0 | D62: =SUM(B62:C62) -> 0 | F62: =SUM(M62:R62) -> 0 | G62: =SUM(S62:X62) -> 0 | H62: =SUM(F62:G62) -> 0 | J62: =F62-B62 -> 0 | K62: =G62-C62 -> 0 | L62: =H62-D62 -> 0 | M62: =SUMIFS('Payment Registry'!C13:C1013,'Payment Registry'!L13:L1013,"Chapter - Accountant Fees",'Payment Registry'!B13:B1013,"7") -> 0 | N62: =SUMIFS('Payment Registry'!C13:C1013,'Payment Registry'!L13:L1013,"Chapter - Accountant Fees",'Payment Registry'!B13:B1013,"8") -> 0 | O62: =SUMIFS('Payment Registry'!C13:C1013,'Payment Registry'!L13:L1013,"Chapter - Accountant Fees",'Payment Registry'!B13:B1013,"9") -> 0 | P62: =SUMIFS('Payment Registry'!C13:C1013,'Payment Registry'!L13:L1013,"Chapter - Accountant Fees",'Payment Registry'!B13:B1013,"10") -> 0 | Q62: =SUMIFS('Payment Registry'!C13:C1013,'Payment Registry'!L13:L1013,"Chapter - Accountant Fees",'Payment Registry'!B13:B1013,"11") -> 0 | R62: =SUMIFS('Payment Registry'!C13:C1013,'Payment Registry'!L13:L1013,"Chapter - Accountant Fees",'Payment Registry'!B13:B1013,"12") -> 0 | S62: =SUMIFS('Payment Registry'!C13:C1013,'Payment Registry'!L13:L1013,"Chapter - Accountant Fees",'Payment Registry'!B13:B1013,"1") -> 0 | T62: =SUMIFS('Payment Registry'!C13:C1013,'Payment Registry'!L13:L1013,"Chapter - Accountant Fees",'Payment Registry'!B13:B1013,"2") -> 0 | U62: =SUMIFS('Payment Registry'!C13:C1013,'Payment Registry'!L13:L1013,"Chapter - Accountant Fees",'Payment Registry'!B13:B1013,"3") -> 0 | V62: =SUMIFS('Payment Registry'!C13:C1013,'Payment Registry'!L13:L1013,"Chapter - Accountant Fees",'Payment Registry'!B13:B1013,"4") -> 0 | W62: =SUMIFS('Payment Registry'!C13:C1013,'Payment Registry'!L13:L1013,"Chapter - Accountant Fees",'Payment Registry'!B13:B1013,"5") -> 0 | X62: =SUMIFS('Payment Registry'!C13:C1013,'Payment Registry'!L13:L1013,"Chapter - Accountant Fees",'Payment Registry'!B13:B1013,"6") -> 0
A63: Form 990 - CPA filing fee(s) | B63: ='Ch Operations Budget Worksheet'!E18 -> 0 | C63: ='Ch Operations Budget Worksheet'!J18 -> 0 | D63: =SUM(B63:C63) -> 0 | F63: =SUM(M63:R63) -> 0 | G63: =SUM(S63:X63) -> 0 | H63: =SUM(F63:G63) -> 0 | J63: =F63-B63 -> 0 | K63: =G63-C63 -> 0 | L63: =H63-D63 -> 0 | M63: =SUMIFS('Payment Registry'!C13:C1013,'Payment Registry'!L13:L1013,"Chapter - Form 990 - CPA filing fee(s)",'Payment Registry'!B13:B1013,"7") -> 0 | N63: =SUMIFS('Payment Registry'!C13:C1013,'Payment Registry'!L13:L1013,"Chapter - Form 990 - CPA filing fee(s)",'Payment Registry'!B13:B1013,"8") -> 0 | O63: =SUMIFS('Payment Registry'!C13:C1013,'Payment Registry'!L13:L1013,"Chapter - Form 990 - CPA filing fee(s)",'Payment Registry'!B13:B1013,"9") -> 0 | P63: =SUMIFS('Payment Registry'!C13:C1013,'Payment Registry'!L13:L1013,"Chapter - Form 990 - CPA filing fee(s)",'Payment Registry'!B13:B1013,"10") -> 0 | Q63: =SUMIFS('Payment Registry'!C13:C1013,'Payment Registry'!L13:L1013,"Chapter - Form 990 - CPA filing fee(s)",'Payment Registry'!B13:B1013,"11") -> 0 | R63: =SUMIFS('Payment Registry'!C13:C1013,'Payment Registry'!L13:L1013,"Chapter - Form 990 - CPA filing fee(s)",'Payment Registry'!B13:B1013,"12") -> 0 | S63: =SUMIFS('Payment Registry'!C13:C1013,'Payment Registry'!L13:L1013,"Chapter - Form 990 - CPA filing fee(s)",'Payment Registry'!B13:B1013,"1") -> 0 | T63: =SUMIFS('Payment Registry'!C13:C1013,'Payment Registry'!L13:L1013,"Chapter - Form 990 - CPA filing fee(s)",'Payment Registry'!B13:B1013,"2") -> 0 | U63: =SUMIFS('Payment Registry'!C13:C1013,'Payment Registry'!L13:L1013,"Chapter - Form 990 - CPA filing fee(s)",'Payment Registry'!B13:B1013,"3") -> 0 | V63: =SUMIFS('Payment Registry'!C13:C1013,'Payment Registry'!L13:L1013,"Chapter - Form 990 - CPA filing fee(s)",'Payment Registry'!B13:B1013,"4") -> 0 | W63: =SUMIFS('Payment Registry'!C13:C1013,'Payment Registry'!L13:L1013,"Chapter - Form 990 - CPA filing fee(s)",'Payment Registry'!B13:B1013,"5") -> 0 | X63: =SUMIFS('Payment Registry'!C13:C1013,'Payment Registry'!L13:L1013,"Chapter - Form 990 - CPA filing fee(s)",'Payment Registry'!B13:B1013,"6") -> 0
A64: Accountant Fees - Total | B64: =SUM(B62:B63) -> 0 | C64: =SUM(C62:C63) -> 0 | D64: =SUM(D62:D63) -> 0 | F64: =SUM(F62:F63) -> 0 | G64: =SUM(G62:G63) -> 0 | H64: =SUM(H62:H63) -> 0 | J64: =F64-B64 -> 0 | K64: =G64-C64 -> 0 | L64: =H64-D64 -> 0 | M64: =SUM(M62:M63) -> 0 | N64: =SUM(N62:N63) -> 0 | O64: =SUM(O62:O63) -> 0 | P64: =SUM(P62:P63) -> 0 | Q64: =SUM(Q62:Q63) -> 0 | R64: =SUM(R62:R63) -> 0 | S64: =SUM(S62:S63) -> 0 | T64: =SUM(T62:T63) -> 0 | ... X64: =SUM(X62:X63) -> 0
A66: Banking Related Expenses | B66: ='Ch Operations Budget Worksheet'!E19 -> 0 | C66: ='Ch Operations Budget Worksheet'!J19 -> 0 | D66: =SUM(B66:C66) -> 0 | F66: =SUM(M66:R66) -> 0 | G66: =SUM(S66:X66) -> 0 | H66: =SUM(F66:G66) -> 0 | J66: =F66-B66 -> 0 | K66: =G66-C66 -> 0 | L66: =H66-D66 -> 0 | M66: =SUMIFS('Payment Registry'!C13:C1013,'Payment Registry'!L13:L1013,"Chapter - Banking Related Expenses",'Payment Registry'!B13:B1013,"7") -> 0 | N66: =SUMIFS('Payment Registry'!C13:C1013,'Payment Registry'!L13:L1013,"Chapter - Banking Related Expenses",'Payment Registry'!B13:B1013,"8") -> 0 | O66: =SUMIFS('Payment Registry'!C13:C1013,'Payment Registry'!L13:L1013,"Chapter - Banking Related Expenses",'Payment Registry'!B13:B1013,"9") -> 0 | P66: =SUMIFS('Payment Registry'!C13:C1013,'Payment Registry'!L13:L1013,"Chapter - Banking Related Expenses",'Payment Registry'!B13:B1013,"10") -> 0 | Q66: =SUMIFS('Payment Registry'!C13:C1013,'Payment Registry'!L13:L1013,"Chapter - Banking Related Expenses",'Payment Registry'!B13:B1013,"11") -> 0 | R66: =SUMIFS('Payment Registry'!C13:C1013,'Payment Registry'!L13:L1013,"Chapter - Banking Related Expenses",'Payment Registry'!B13:B1013,"12") -> 0 | S66: =SUMIFS('Payment Registry'!C13:C1013,'Payment Registry'!L13:L1013,"Chapter - Banking Related Expenses",'Payment Registry'!B13:B1013,"1") -> 0 | T66: =SUMIFS('Payment Registry'!C13:C1013,'Payment Registry'!L13:L1013,"Chapter - Banking Related Expenses",'Payment Registry'!B13:B1013,"2") -> 0 | U66: =SUMIFS('Payment Registry'!C13:C1013,'Payment Registry'!L13:L1013,"Chapter - Banking Related Expenses",'Payment Registry'!B13:B1013,"3") -> 0 | V66: =SUMIFS('Payment Registry'!C13:C1013,'Payment Registry'!L13:L1013,"Chapter - Banking Related Expenses",'Payment Registry'!B13:B1013,"4") -> 0 | W66: =SUMIFS('Payment Registry'!C13:C1013,'Payment Registry'!L13:L1013,"Chapter - Banking Related Expenses",'Payment Registry'!B13:B1013,"5") -> 0 | X66: =SUMIFS('Payment Registry'!C13:C1013,'Payment Registry'!L13:L1013,"Chapter - Banking Related Expenses",'Payment Registry'!B13:B1013,"6") -> 0
A68: Debt Expense/Payment | B68: ='Ch Operations Budget Worksheet'!E22 -> 0 | C68: ='Ch Operations Budget Worksheet'!J22 -> 0 | D68: =SUM(B68:C68) -> 0 | F68: =SUM(M68:R68) -> 0 | G68: =SUM(S68:X68) -> 0 | H68: =SUM(F68:G68) -> 0 | J68: =F68-B68 -> 0 | K68: =G68-C68 -> 0 | L68: =H68-D68 -> 0 | M68: =SUMIFS('Payment Registry'!C13:C1013,'Payment Registry'!L13:L1013,"Chapter - Debt Expense/Payment",'Payment Registry'!B13:B1013,"7") -> 0 | N68: =SUMIFS('Payment Registry'!C13:C1013,'Payment Registry'!L13:L1013,"Chapter - Debt Expense/Payment",'Payment Registry'!B13:B1013,"8") -> 0 | O68: =SUMIFS('Payment Registry'!C13:C1013,'Payment Registry'!L13:L1013,"Chapter - Debt Expense/Payment",'Payment Registry'!B13:B1013,"9") -> 0 | P68: =SUMIFS('Payment Registry'!C13:C1013,'Payment Registry'!L13:L1013,"Chapter - Debt Expense/Payment",'Payment Registry'!B13:B1013,"10") -> 0 | Q68: =SUMIFS('Payment Registry'!C13:C1013,'Payment Registry'!L13:L1013,"Chapter - Debt Expense/Payment",'Payment Registry'!B13:B1013,"11") -> 0 | R68: =SUMIFS('Payment Registry'!C13:C1013,'Payment Registry'!L13:L1013,"Chapter - Debt Expense/Payment",'Payment Registry'!B13:B1013,"12") -> 0 | S68: =SUMIFS('Payment Registry'!C13:C1013,'Payment Registry'!L13:L1013,"Chapter - Debt Expense/Payment",'Payment Registry'!B13:B1013,"1") -> 0 | T68: =SUMIFS('Payment Registry'!C13:C1013,'Payment Registry'!L13:L1013,"Chapter - Debt Expense/Payment",'Payment Registry'!B13:B1013,"2") -> 0 | U68: =SUMIFS('Payment Registry'!C13:C1013,'Payment Registry'!L13:L1013,"Chapter - Debt Expense/Payment",'Payment Registry'!B13:B1013,"3") -> 0 | V68: =SUMIFS('Payment Registry'!C13:C1013,'Payment Registry'!L13:L1013,"Chapter - Debt Expense/Payment",'Payment Registry'!B13:B1013,"4") -> 0 | W68: =SUMIFS('Payment Registry'!C13:C1013,'Payment Registry'!L13:L1013,"Chapter - Debt Expense/Payment",'Payment Registry'!B13:B1013,"5") -> 0 | X68: =SUMIFS('Payment Registry'!C13:C1013,'Payment Registry'!L13:L1013,"Chapter - Debt Expense/Payment",'Payment Registry'!B13:B1013,"6") -> 0
A70: Empty Bed Expense (to House Ops) | B70: ='House-Kitchen Budget Worksheet'!H53 -> 0 | C70: ='House-Kitchen Budget Worksheet'!H54 -> 0 | D70: =SUM(B70:C70) -> 0 | F70: =SUM(M70:R70) -> 0 | G70: =SUM(S70:X70) -> 0 | H70: =SUM(F70:G70) -> 0 | J70: =F70-B70 -> 0 | K70: =G70-C70 -> 0 | L70: =SUM(J70:K70) -> 0 | M70: =SUMIFS('Payment Registry'!C13:C1013,'Payment Registry'!L13:L1013,"Chapter - Empty Bed Transfer (Chapter to Housing)",'Payment Registry'!B13:B1013,"7") -> 0 | N70: =SUMIFS('Payment Registry'!C13:C1013,'Payment Registry'!L13:L1013,"Chapter - Empty Bed Transfer (Chapter to Housing)",'Payment Registry'!B13:B1013,"8") -> 0 | O70: =SUMIFS('Payment Registry'!C13:C1013,'Payment Registry'!L13:L1013,"Chapter - Empty Bed Transfer (Chapter to Housing)",'Payment Registry'!B13:B1013,"9") -> 0 | P70: =SUMIFS('Payment Registry'!C13:C1013,'Payment Registry'!L13:L1013,"Chapter - Empty Bed Transfer (Chapter to Housing)",'Payment Registry'!B13:B1013,"10") -> 0 | Q70: =SUMIFS('Payment Registry'!C13:C1013,'Payment Registry'!L13:L1013,"Chapter - Empty Bed Transfer (Chapter to Housing)",'Payment Registry'!B13:B1013,"11") -> 0 | R70: =SUMIFS('Payment Registry'!C13:C1013,'Payment Registry'!L13:L1013,"Chapter - Empty Bed Transfer (Chapter to Housing)",'Payment Registry'!B13:B1013,"12") -> 0 | S70: =SUMIFS('Payment Registry'!C13:C1013,'Payment Registry'!L13:L1013,"Chapter - Empty Bed Transfer (Chapter to Housing)",'Payment Registry'!B13:B1013,"1") -> 0 | T70: =SUMIFS('Payment Registry'!C13:C1013,'Payment Registry'!L13:L1013,"Chapter - Empty Bed Transfer (Chapter to Housing)",'Payment Registry'!B13:B1013,"2") -> 0 | U70: =SUMIFS('Payment Registry'!C13:C1013,'Payment Registry'!L13:L1013,"Chapter - Empty Bed Transfer (Chapter to Housing)",'Payment Registry'!B13:B1013,"3") -> 0 | V70: =SUMIFS('Payment Registry'!C13:C1013,'Payment Registry'!L13:L1013,"Chapter - Empty Bed Transfer (Chapter to Housing)",'Payment Registry'!B13:B1013,"4") -> 0 | W70: =SUMIFS('Payment Registry'!C13:C1013,'Payment Registry'!L13:L1013,"Chapter - Empty Bed Transfer (Chapter to Housing)",'Payment Registry'!B13:B1013,"5") -> 0 | X70: =SUMIFS('Payment Registry'!C13:C1013,'Payment Registry'!L13:L1013,"Chapter - Empty Bed Transfer (Chapter to Housing)",'Payment Registry'!B13:B1013,"6") -> 0
A72: Total Operational Expenses | B72: =B58+B60+B64+B66+B68+B70 -> 1400 | C72: =C58+C60+C64+C66+C68+C70 -> 1400 | D72: =SUM(B72:C72) -> 2800 | F72: =F58+F60+F64+F66+F68+F70 -> 0 | G72: =G58+G60+G64+G66+G68+G70 -> 0 | H72: =SUM(F72:G72) -> 0 | J72: =F72-B72 -> -1400 | K72: =G72-C72 -> -1400 | L72: =H72-D72 -> -2800 | M72: =M58+M60+M64+M66+M68 -> 0 | N72: =N58+N60+N64+N66+N68 -> 0 | O72: =O58+O60+O64+O66+O68 -> 0 | P72: =P58+P60+P64+P66+P68 -> 0 | Q72: =Q58+Q60+Q64+Q66+Q68 -> 0 | R72: =R58+R60+R64+R66+R68 -> 0 | S72: =S58+S60+S64+S66+S68 -> 0 | T72: =T58+T60+T64+T66+T68 -> 0 | ... X72: =X58+X60+X64+X66+X68 -> 0
A74: Cash Available-Chapter Functions | B74: =B20-B72 -> -1400 | C74: =C20-C72 -> -1400 | D74: =SUM(B74:C74) -> -2800 | F74: =F20-F72 -> 0 | G74: =G20-G72 -> 0 | H74: =SUM(F74:G74) -> 0 | J74: =F74-B74 -> 1400 | K74: =G74-C74 -> 1400 | L74: =H74-D74 -> 2800 | M74: =M20-M72 -> 0 | N74: =N20-N72 -> 0 | O74: =O20-O72 -> 0 | P74: =P20-P72 -> 0 | Q74: =Q20-Q72 -> 0 | R74: =R20-R72 -> 0 | S74: =S20-S72 -> 0 | T74: =T20-T72 -> 0 | ... X74: =X20-X72 -> 0
A76: CHAPTER FUNCTIONAL
A77: Savings Fund | B77: ='Ch Operations Budget Worksheet'!D35 -> 0 | C77: ='Ch Operations Budget Worksheet'!I35 -> 0 | D77: =SUM(B77:C77) -> 0 | F77: =SUM(M77:R77) -> 0 | G77: =SUM(S77:X77) -> 0 | H77: =SUM(F77:G77) -> 0 | J77: =F77-B77 -> 0 | K77: =G77-C77 -> 0 | L77: =H77-D77 -> 0 | M77: =SUMIFS('Payment Registry'!C13:C1013,'Payment Registry'!L13:L1013,"Chapter - Savings Fund",'Payment Registry'!B13:B1013,"7") -> 0 | N77: =SUMIFS('Payment Registry'!C13:C1013,'Payment Registry'!L13:L1013,"Chapter - Savings Fund",'Payment Registry'!B13:B1013,"8") -> 0 | O77: =SUMIFS('Payment Registry'!C13:C1013,'Payment Registry'!L13:L1013,"Chapter - Savings Fund",'Payment Registry'!B13:B1013,"9") -> 0 | P77: =SUMIFS('Payment Registry'!C13:C1013,'Payment Registry'!L13:L1013,"Chapter - Savings Fund",'Payment Registry'!B13:B1013,"10") -> 0 | Q77: =SUMIFS('Payment Registry'!C13:C1013,'Payment Registry'!L13:L1013,"Chapter - Savings Fund",'Payment Registry'!B13:B1013,"11") -> 0 | R77: =SUMIFS('Payment Registry'!C13:C1013,'Payment Registry'!L13:L1013,"Chapter - Savings Fund",'Payment Registry'!B13:B1013,"12") -> 0 | S77: =SUMIFS('Payment Registry'!C13:C1013,'Payment Registry'!L13:L1013,"Chapter - Savings Fund",'Payment Registry'!B13:B1013,"1") -> 0 | T77: =SUMIFS('Payment Registry'!C13:C1013,'Payment Registry'!L13:L1013,"Chapter - Savings Fund",'Payment Registry'!B13:B1013,"2") -> 0 | U77: =SUMIFS('Payment Registry'!C13:C1013,'Payment Registry'!L13:L1013,"Chapter - Savings Fund",'Payment Registry'!B13:B1013,"3") -> 0 | V77: =SUMIFS('Payment Registry'!C13:C1013,'Payment Registry'!L13:L1013,"Chapter - Savings Fund",'Payment Registry'!B13:B1013,"4") -> 0 | W77: =SUMIFS('Payment Registry'!C13:C1013,'Payment Registry'!L13:L1013,"Chapter - Savings Fund",'Payment Registry'!B13:B1013,"5") -> 0 | X77: =SUMIFS('Payment Registry'!C13:C1013,'Payment Registry'!L13:L1013,"Chapter - Savings Fund",'Payment Registry'!B13:B1013,"6") -> 0
A78: Recruitment | B78: ='Ch Operations Budget Worksheet'!D36 -> 0 | C78: ='Ch Operations Budget Worksheet'!I36 -> 0 | D78: =SUM(B78:C78) -> 0 | F78: =SUM(M78:R78) -> 0 | G78: =SUM(S78:X78) -> 0 | H78: =SUM(F78:G78) -> 0 | J78: =F78-B78 -> 0 | K78: =G78-C78 -> 0 | L78: =H78-D78 -> 0 | M78: =SUMIFS('Payment Registry'!C13:C1013,'Payment Registry'!L13:L1013,"Chapter - Recruitment",'Payment Registry'!B13:B1013,"7") -> 0 | N78: =SUMIFS('Payment Registry'!C13:C1013,'Payment Registry'!L13:L1013,"Chapter - Recruitment",'Payment Registry'!B13:B1013,"8") -> 0 | O78: =SUMIFS('Payment Registry'!C13:C1013,'Payment Registry'!L13:L1013,"Chapter - Recruitment",'Payment Registry'!B13:B1013,"9") -> 0 | P78: =SUMIFS('Payment Registry'!C13:C1013,'Payment Registry'!L13:L1013,"Chapter - Recruitment",'Payment Registry'!B13:B1013,"10") -> 0 | Q78: =SUMIFS('Payment Registry'!C13:C1013,'Payment Registry'!L13:L1013,"Chapter - Recruitment",'Payment Registry'!B13:B1013,"11") -> 0 | R78: =SUMIFS('Payment Registry'!C13:C1013,'Payment Registry'!L13:L1013,"Chapter - Recruitment",'Payment Registry'!B13:B1013,"12") -> 0 | S78: =SUMIFS('Payment Registry'!C13:C1013,'Payment Registry'!L13:L1013,"Chapter - Recruitment",'Payment Registry'!B13:B1013,"1") -> 0 | T78: =SUMIFS('Payment Registry'!C13:C1013,'Payment Registry'!L13:L1013,"Chapter - Recruitment",'Payment Registry'!B13:B1013,"2") -> 0 | U78: =SUMIFS('Payment Registry'!C13:C1013,'Payment Registry'!L13:L1013,"Chapter - Recruitment",'Payment Registry'!B13:B1013,"3") -> 0 | V78: =SUMIFS('Payment Registry'!C13:C1013,'Payment Registry'!L13:L1013,"Chapter - Recruitment",'Payment Registry'!B13:B1013,"4") -> 0 | W78: =SUMIFS('Payment Registry'!C13:C1013,'Payment Registry'!L13:L1013,"Chapter - Recruitment",'Payment Registry'!B13:B1013,"5") -> 0 | X78: =SUMIFS('Payment Registry'!C13:C1013,'Payment Registry'!L13:L1013,"Chapter - Recruitment",'Payment Registry'!B13:B1013,"6") -> 0
A79: Candidate Education Activities | B79: ='Ch Operations Budget Worksheet'!D37 -> 0 | C79: ='Ch Operations Budget Worksheet'!I37 -> 0 | D79: =SUM(B79:C79) -> 0 | F79: =SUM(M79:R79) -> 0 | G79: =SUM(S79:X79) -> 0 | H79: =SUM(F79:G79) -> 0 | J79: =F79-B79 -> 0 | K79: =G79-C79 -> 0 | L79: =H79-D79 -> 0 | M79: =SUMIFS('Payment Registry'!C13:C1013,'Payment Registry'!L13:L1013,"Chapter - Candidate Education Activities",'Payment Registry'!B13:B1013,"7") -> 0 | N79: =SUMIFS('Payment Registry'!C13:C1013,'Payment Registry'!L13:L1013,"Chapter - Candidate Education Activities",'Payment Registry'!B13:B1013,"8") -> 0 | O79: =SUMIFS('Payment Registry'!C13:C1013,'Payment Registry'!L13:L1013,"Chapter - Candidate Education Activities",'Payment Registry'!B13:B1013,"9") -> 0 | P79: =SUMIFS('Payment Registry'!C13:C1013,'Payment Registry'!L13:L1013,"Chapter - Candidate Education Activities",'Payment Registry'!B13:B1013,"10") -> 0 | Q79: =SUMIFS('Payment Registry'!C13:C1013,'Payment Registry'!L13:L1013,"Chapter - Candidate Education Activities",'Payment Registry'!B13:B1013,"11") -> 0 | R79: =SUMIFS('Payment Registry'!C13:C1013,'Payment Registry'!L13:L1013,"Chapter - Candidate Education Activities",'Payment Registry'!B13:B1013,"12") -> 0 | S79: =SUMIFS('Payment Registry'!C13:C1013,'Payment Registry'!L13:L1013,"Chapter - Candidate Education Activities",'Payment Registry'!B13:B1013,"1") -> 0 | T79: =SUMIFS('Payment Registry'!C13:C1013,'Payment Registry'!L13:L1013,"Chapter - Candidate Education Activities",'Payment Registry'!B13:B1013,"2") -> 0 | U79: =SUMIFS('Payment Registry'!C13:C1013,'Payment Registry'!L13:L1013,"Chapter - Candidate Education Activities",'Payment Registry'!B13:B1013,"3") -> 0 | V79: =SUMIFS('Payment Registry'!C13:C1013,'Payment Registry'!L13:L1013,"Chapter - Candidate Education Activities",'Payment Registry'!B13:B1013,"4") -> 0 | W79: =SUMIFS('Payment Registry'!C13:C1013,'Payment Registry'!L13:L1013,"Chapter - Candidate Education Activities",'Payment Registry'!B13:B1013,"5") -> 0 | X79: =SUMIFS('Payment Registry'!C13:C1013,'Payment Registry'!L13:L1013,"Chapter - Candidate Education Activities",'Payment Registry'!B13:B1013,"6") -> 0
A80: Alumni Relations/Activities | B80: ='Ch Operations Budget Worksheet'!D38 -> 0 | C80: ='Ch Operations Budget Worksheet'!I38 -> 0 | D80: =SUM(B80:C80) -> 0 | F80: =SUM(M80:R80) -> 0 | G80: =SUM(S80:X80) -> 0 | H80: =SUM(F80:G80) -> 0 | J80: =F80-B80 -> 0 | K80: =G80-C80 -> 0 | L80: =H80-D80 -> 0 | M80: =SUMIFS('Payment Registry'!C13:C1013,'Payment Registry'!L13:L1013,"Chapter - Alumni Relations/Activities",'Payment Registry'!B13:B1013,"7") -> 0 | N80: =SUMIFS('Payment Registry'!C13:C1013,'Payment Registry'!L13:L1013,"Chapter - Alumni Relations/Activities",'Payment Registry'!B13:B1013,"8") -> 0 | O80: =SUMIFS('Payment Registry'!C13:C1013,'Payment Registry'!L13:L1013,"Chapter - Alumni Relations/Activities",'Payment Registry'!B13:B1013,"9") -> 0 | P80: =SUMIFS('Payment Registry'!C13:C1013,'Payment Registry'!L13:L1013,"Chapter - Alumni Relations/Activities",'Payment Registry'!B13:B1013,"10") -> 0 | Q80: =SUMIFS('Payment Registry'!C13:C1013,'Payment Registry'!L13:L1013,"Chapter - Alumni Relations/Activities",'Payment Registry'!B13:B1013,"11") -> 0 | R80: =SUMIFS('Payment Registry'!C13:C1013,'Payment Registry'!L13:L1013,"Chapter - Alumni Relations/Activities",'Payment Registry'!B13:B1013,"12") -> 0 | S80: =SUMIFS('Payment Registry'!C13:C1013,'Payment Registry'!L13:L1013,"Chapter - Alumni Relations/Activities",'Payment Registry'!B13:B1013,"1") -> 0 | T80: =SUMIFS('Payment Registry'!C13:C1013,'Payment Registry'!L13:L1013,"Chapter - Alumni Relations/Activities",'Payment Registry'!B13:B1013,"2") -> 0 | U80: =SUMIFS('Payment Registry'!C13:C1013,'Payment Registry'!L13:L1013,"Chapter - Alumni Relations/Activities",'Payment Registry'!B13:B1013,"3") -> 0 | V80: =SUMIFS('Payment Registry'!C13:C1013,'Payment Registry'!L13:L1013,"Chapter - Alumni Relations/Activities",'Payment Registry'!B13:B1013,"4") -> 0 | W80: =SUMIFS('Payment Registry'!C13:C1013,'Payment Registry'!L13:L1013,"Chapter - Alumni Relations/Activities",'Payment Registry'!B13:B1013,"5") -> 0 | X80: =SUMIFS('Payment Registry'!C13:C1013,'Payment Registry'!L13:L1013,"Chapter - Alumni Relations/Activities",'Payment Registry'!B13:B1013,"6") -> 0
A81: Member Education (LEAD) | B81: ='Ch Operations Budget Worksheet'!D39 -> 0 | C81: ='Ch Operations Budget Worksheet'!I39 -> 0 | D81: =SUM(B81:C81) -> 0 | F81: =SUM(M81:R81) -> 0 | G81: =SUM(S81:X81) -> 0 | H81: =SUM(F81:G81) -> 0 | J81: =F81-B81 -> 0 | K81: =G81-C81 -> 0 | L81: =H81-D81 -> 0 | M81: =SUMIFS('Payment Registry'!C13:C1013,'Payment Registry'!L13:L1013,"Chapter - Member Education (LEAD)",'Payment Registry'!B13:B1013,"7") -> 0 | N81: =SUMIFS('Payment Registry'!C13:C1013,'Payment Registry'!L13:L1013,"Chapter - Member Education (LEAD)",'Payment Registry'!B13:B1013,"8") -> 0 | O81: =SUMIFS('Payment Registry'!C13:C1013,'Payment Registry'!L13:L1013,"Chapter - Member Education (LEAD)",'Payment Registry'!B13:B1013,"9") -> 0 | P81: =SUMIFS('Payment Registry'!C13:C1013,'Payment Registry'!L13:L1013,"Chapter - Member Education (LEAD)",'Payment Registry'!B13:B1013,"10") -> 0 | Q81: =SUMIFS('Payment Registry'!C13:C1013,'Payment Registry'!L13:L1013,"Chapter - Member Education (LEAD)",'Payment Registry'!B13:B1013,"11") -> 0 | R81: =SUMIFS('Payment Registry'!C13:C1013,'Payment Registry'!L13:L1013,"Chapter - Member Education (LEAD)",'Payment Registry'!B13:B1013,"12") -> 0 | S81: =SUMIFS('Payment Registry'!C13:C1013,'Payment Registry'!L13:L1013,"Chapter - Member Education (LEAD)",'Payment Registry'!B13:B1013,"1") -> 0 | T81: =SUMIFS('Payment Registry'!C13:C1013,'Payment Registry'!L13:L1013,"Chapter - Member Education (LEAD)",'Payment Registry'!B13:B1013,"2") -> 0 | U81: =SUMIFS('Payment Registry'!C13:C1013,'Payment Registry'!L13:L1013,"Chapter - Member Education (LEAD)",'Payment Registry'!B13:B1013,"3") -> 0 | V81: =SUMIFS('Payment Registry'!C13:C1013,'Payment Registry'!L13:L1013,"Chapter - Member Education (LEAD)",'Payment Registry'!B13:B1013,"4") -> 0 | W81: =SUMIFS('Payment Registry'!C13:C1013,'Payment Registry'!L13:L1013,"Chapter - Member Education (LEAD)",'Payment Registry'!B13:B1013,"5") -> 0 | X81: =SUMIFS('Payment Registry'!C13:C1013,'Payment Registry'!L13:L1013,"Chapter - Member Education (LEAD)",'Payment Registry'!B13:B1013,"6") -> 0
A82: Conclave - Travel and Expenses | B82: ='Ch Operations Budget Worksheet'!D40 -> 0 | C82: ='Ch Operations Budget Worksheet'!I40 -> 0 | D82: =SUM(B82:C82) -> 0 | F82: =SUM(M82:R82) -> 0 | G82: =SUM(S82:X82) -> 0 | H82: =SUM(F82:G82) -> 0 | J82: =F82-B82 -> 0 | K82: =G82-C82 -> 0 | L82: =H82-D82 -> 0 | M82: =SUMIFS('Payment Registry'!C13:C1013,'Payment Registry'!L13:L1013,"Chapter - Conclave - Travel and Expenses",'Payment Registry'!B13:B1013,"7") -> 0 | N82: =SUMIFS('Payment Registry'!C13:C1013,'Payment Registry'!L13:L1013,"Chapter - Conclave - Travel and Expenses",'Payment Registry'!B13:B1013,"8") -> 0 | O82: =SUMIFS('Payment Registry'!C13:C1013,'Payment Registry'!L13:L1013,"Chapter - Conclave - Travel and Expenses",'Payment Registry'!B13:B1013,"9") -> 0 | P82: =SUMIFS('Payment Registry'!C13:C1013,'Payment Registry'!L13:L1013,"Chapter - Conclave - Travel and Expenses",'Payment Registry'!B13:B1013,"10") -> 0 | Q82: =SUMIFS('Payment Registry'!C13:C1013,'Payment Registry'!L13:L1013,"Chapter - Conclave - Travel and Expenses",'Payment Registry'!B13:B1013,"11") -> 0 | R82: =SUMIFS('Payment Registry'!C13:C1013,'Payment Registry'!L13:L1013,"Chapter - Conclave - Travel and Expenses",'Payment Registry'!B13:B1013,"12") -> 0 | S82: =SUMIFS('Payment Registry'!C13:C1013,'Payment Registry'!L13:L1013,"Chapter - Conclave - Travel and Expenses",'Payment Registry'!B13:B1013,"1") -> 0 | T82: =SUMIFS('Payment Registry'!C13:C1013,'Payment Registry'!L13:L1013,"Chapter - Conclave - Travel and Expenses",'Payment Registry'!B13:B1013,"2") -> 0 | U82: =SUMIFS('Payment Registry'!C13:C1013,'Payment Registry'!L13:L1013,"Chapter - Conclave - Travel and Expenses",'Payment Registry'!B13:B1013,"3") -> 0 | V82: =SUMIFS('Payment Registry'!C13:C1013,'Payment Registry'!L13:L1013,"Chapter - Conclave - Travel and Expenses",'Payment Registry'!B13:B1013,"4") -> 0 | W82: =SUMIFS('Payment Registry'!C13:C1013,'Payment Registry'!L13:L1013,"Chapter - Conclave - Travel and Expenses",'Payment Registry'!B13:B1013,"5") -> 0 | X82: =SUMIFS('Payment Registry'!C13:C1013,'Payment Registry'!L13:L1013,"Chapter - Conclave - Travel and Expenses",'Payment Registry'!B13:B1013,"6") -> 0
A83: Chapter/Executive Retreat | B83: ='Ch Operations Budget Worksheet'!D41 -> 0 | C83: ='Ch Operations Budget Worksheet'!I41 -> 0 | D83: =SUM(B83:C83) -> 0 | F83: =SUM(M83:R83) -> 0 | G83: =SUM(S83:X83) -> 0 | H83: =SUM(F83:G83) -> 0 | J83: =F83-B83 -> 0 | K83: =G83-C83 -> 0 | L83: =H83-D83 -> 0 | M83: =SUMIFS('Payment Registry'!C13:C1013,'Payment Registry'!L13:L1013,"Chapter - Chapter/Executive Retreat",'Payment Registry'!B13:B1013,"7") -> 0 | N83: =SUMIFS('Payment Registry'!C13:C1013,'Payment Registry'!L13:L1013,"Chapter - Chapter/Executive Retreat",'Payment Registry'!B13:B1013,"8") -> 0 | O83: =SUMIFS('Payment Registry'!C13:C1013,'Payment Registry'!L13:L1013,"Chapter - Chapter/Executive Retreat",'Payment Registry'!B13:B1013,"9") -> 0 | P83: =SUMIFS('Payment Registry'!C13:C1013,'Payment Registry'!L13:L1013,"Chapter - Chapter/Executive Retreat",'Payment Registry'!B13:B1013,"10") -> 0 | Q83: =SUMIFS('Payment Registry'!C13:C1013,'Payment Registry'!L13:L1013,"Chapter - Chapter/Executive Retreat",'Payment Registry'!B13:B1013,"11") -> 0 | R83: =SUMIFS('Payment Registry'!C13:C1013,'Payment Registry'!L13:L1013,"Chapter - Chapter/Executive Retreat",'Payment Registry'!B13:B1013,"12") -> 0 | S83: =SUMIFS('Payment Registry'!C13:C1013,'Payment Registry'!L13:L1013,"Chapter - Chapter/Executive Retreat",'Payment Registry'!B13:B1013,"1") -> 0 | T83: =SUMIFS('Payment Registry'!C13:C1013,'Payment Registry'!L13:L1013,"Chapter - Chapter/Executive Retreat",'Payment Registry'!B13:B1013,"2") -> 0 | U83: =SUMIFS('Payment Registry'!C13:C1013,'Payment Registry'!L13:L1013,"Chapter - Chapter/Executive Retreat",'Payment Registry'!B13:B1013,"3") -> 0 | V83: =SUMIFS('Payment Registry'!C13:C1013,'Payment Registry'!L13:L1013,"Chapter - Chapter/Executive Retreat",'Payment Registry'!B13:B1013,"4") -> 0 | W83: =SUMIFS('Payment Registry'!C13:C1013,'Payment Registry'!L13:L1013,"Chapter - Chapter/Executive Retreat",'Payment Registry'!B13:B1013,"5") -> 0 | X83: =SUMIFS('Payment Registry'!C13:C1013,'Payment Registry'!L13:L1013,"Chapter - Chapter/Executive Retreat",'Payment Registry'!B13:B1013,"6") -> 0
A84: Brotherhood Activities | B84: ='Ch Operations Budget Worksheet'!D42 -> 0 | C84: ='Ch Operations Budget Worksheet'!I42 -> 0 | D84: =SUM(B84:C84) -> 0 | F84: =SUM(M84:R84) -> 0 | G84: =SUM(S84:X84) -> 0 | H84: =SUM(F84:G84) -> 0 | J84: =F84-B84 -> 0 | K84: =G84-C84 -> 0 | L84: =H84-D84 -> 0 | M84: =SUMIFS('Payment Registry'!C13:C1013,'Payment Registry'!L13:L1013,"Chapter - Brotherhood Activities",'Payment Registry'!B13:B1013,"7") -> 0 | N84: =SUMIFS('Payment Registry'!C13:C1013,'Payment Registry'!L13:L1013,"Chapter - Brotherhood Activities",'Payment Registry'!B13:B1013,"8") -> 0 | O84: =SUMIFS('Payment Registry'!C13:C1013,'Payment Registry'!L13:L1013,"Chapter - Brotherhood Activities",'Payment Registry'!B13:B1013,"9") -> 0 | P84: =SUMIFS('Payment Registry'!C13:C1013,'Payment Registry'!L13:L1013,"Chapter - Brotherhood Activities",'Payment Registry'!B13:B1013,"10") -> 0 | Q84: =SUMIFS('Payment Registry'!C13:C1013,'Payment Registry'!L13:L1013,"Chapter - Brotherhood Activities",'Payment Registry'!B13:B1013,"11") -> 0 | R84: =SUMIFS('Payment Registry'!C13:C1013,'Payment Registry'!L13:L1013,"Chapter - Brotherhood Activities",'Payment Registry'!B13:B1013,"12") -> 0 | S84: =SUMIFS('Payment Registry'!C13:C1013,'Payment Registry'!L13:L1013,"Chapter - Brotherhood Activities",'Payment Registry'!B13:B1013,"1") -> 0 | T84: =SUMIFS('Payment Registry'!C13:C1013,'Payment Registry'!L13:L1013,"Chapter - Brotherhood Activities",'Payment Registry'!B13:B1013,"2") -> 0 | U84: =SUMIFS('Payment Registry'!C13:C1013,'Payment Registry'!L13:L1013,"Chapter - Brotherhood Activities",'Payment Registry'!B13:B1013,"3") -> 0 | V84: =SUMIFS('Payment Registry'!C13:C1013,'Payment Registry'!L13:L1013,"Chapter - Brotherhood Activities",'Payment Registry'!B13:B1013,"4") -> 0 | W84: =SUMIFS('Payment Registry'!C13:C1013,'Payment Registry'!L13:L1013,"Chapter - Brotherhood Activities",'Payment Registry'!B13:B1013,"5") -> 0 | X84: =SUMIFS('Payment Registry'!C13:C1013,'Payment Registry'!L13:L1013,"Chapter - Brotherhood Activities",'Payment Registry'!B13:B1013,"6") -> 0
A85: Community Service/Philanthropy | B85: ='Ch Operations Budget Worksheet'!D43 -> 0 | C85: ='Ch Operations Budget Worksheet'!I43 -> 0 | D85: =SUM(B85:C85) -> 0 | F85: =SUM(M85:R85) -> 0 | G85: =SUM(S85:X85) -> 0 | H85: =SUM(F85:G85) -> 0 | J85: =F85-B85 -> 0 | K85: =G85-C85 -> 0 | L85: =H85-D85 -> 0 | M85: =SUMIFS('Payment Registry'!C13:C1013,'Payment Registry'!L13:L1013,"Chapter - Community Service/Philanthropy",'Payment Registry'!B13:B1013,"7") -> 0 | N85: =SUMIFS('Payment Registry'!C13:C1013,'Payment Registry'!L13:L1013,"Chapter - Community Service/Philanthropy",'Payment Registry'!B13:B1013,"8") -> 0 | O85: =SUMIFS('Payment Registry'!C13:C1013,'Payment Registry'!L13:L1013,"Chapter - Community Service/Philanthropy",'Payment Registry'!B13:B1013,"9") -> 0 | P85: =SUMIFS('Payment Registry'!C13:C1013,'Payment Registry'!L13:L1013,"Chapter - Community Service/Philanthropy",'Payment Registry'!B13:B1013,"10") -> 0 | Q85: =SUMIFS('Payment Registry'!C13:C1013,'Payment Registry'!L13:L1013,"Chapter - Community Service/Philanthropy",'Payment Registry'!B13:B1013,"11") -> 0 | R85: =SUMIFS('Payment Registry'!C13:C1013,'Payment Registry'!L13:L1013,"Chapter - Community Service/Philanthropy",'Payment Registry'!B13:B1013,"12") -> 0 | S85: =SUMIFS('Payment Registry'!C13:C1013,'Payment Registry'!L13:L1013,"Chapter - Community Service/Philanthropy",'Payment Registry'!B13:B1013,"1") -> 0 | T85: =SUMIFS('Payment Registry'!C13:C1013,'Payment Registry'!L13:L1013,"Chapter - Community Service/Philanthropy",'Payment Registry'!B13:B1013,"2") -> 0 | U85: =SUMIFS('Payment Registry'!C13:C1013,'Payment Registry'!L13:L1013,"Chapter - Community Service/Philanthropy",'Payment Registry'!B13:B1013,"3") -> 0 | V85: =SUMIFS('Payment Registry'!C13:C1013,'Payment Registry'!L13:L1013,"Chapter - Community Service/Philanthropy",'Payment Registry'!B13:B1013,"4") -> 0 | W85: =SUMIFS('Payment Registry'!C13:C1013,'Payment Registry'!L13:L1013,"Chapter - Community Service/Philanthropy",'Payment Registry'!B13:B1013,"5") -> 0 | X85: =SUMIFS('Payment Registry'!C13:C1013,'Payment Registry'!L13:L1013,"Chapter - Community Service/Philanthropy",'Payment Registry'!B13:B1013,"6") -> 0
A86: Scholarship/Academic Affairs | B86: ='Ch Operations Budget Worksheet'!D44 -> 0 | C86: ='Ch Operations Budget Worksheet'!I44 -> 0 | D86: =SUM(B86:C86) -> 0 | F86: =SUM(M86:R86) -> 0 | G86: =SUM(S86:X86) -> 0 | H86: =SUM(F86:G86) -> 0 | J86: =F86-B86 -> 0 | K86: =G86-C86 -> 0 | L86: =H86-D86 -> 0 | M86: =SUMIFS('Payment Registry'!C13:C1013,'Payment Registry'!L13:L1013,"Chapter - Scholarship/Academic Affairs",'Payment Registry'!B13:B1013,"7") -> 0 | N86: =SUMIFS('Payment Registry'!C13:C1013,'Payment Registry'!L13:L1013,"Chapter - Scholarship/Academic Affairs",'Payment Registry'!B13:B1013,"8") -> 0 | O86: =SUMIFS('Payment Registry'!C13:C1013,'Payment Registry'!L13:L1013,"Chapter - Scholarship/Academic Affairs",'Payment Registry'!B13:B1013,"9") -> 0 | P86: =SUMIFS('Payment Registry'!C13:C1013,'Payment Registry'!L13:L1013,"Chapter - Scholarship/Academic Affairs",'Payment Registry'!B13:B1013,"10") -> 0 | Q86: =SUMIFS('Payment Registry'!C13:C1013,'Payment Registry'!L13:L1013,"Chapter - Scholarship/Academic Affairs",'Payment Registry'!B13:B1013,"11") -> 0 | R86: =SUMIFS('Payment Registry'!C13:C1013,'Payment Registry'!L13:L1013,"Chapter - Scholarship/Academic Affairs",'Payment Registry'!B13:B1013,"12") -> 0 | S86: =SUMIFS('Payment Registry'!C13:C1013,'Payment Registry'!L13:L1013,"Chapter - Scholarship/Academic Affairs",'Payment Registry'!B13:B1013,"1") -> 0 | T86: =SUMIFS('Payment Registry'!C13:C1013,'Payment Registry'!L13:L1013,"Chapter - Scholarship/Academic Affairs",'Payment Registry'!B13:B1013,"2") -> 0 | U86: =SUMIFS('Payment Registry'!C13:C1013,'Payment Registry'!L13:L1013,"Chapter - Scholarship/Academic Affairs",'Payment Registry'!B13:B1013,"3") -> 0 | V86: =SUMIFS('Payment Registry'!C13:C1013,'Payment Registry'!L13:L1013,"Chapter - Scholarship/Academic Affairs",'Payment Registry'!B13:B1013,"4") -> 0 | W86: =SUMIFS('Payment Registry'!C13:C1013,'Payment Registry'!L13:L1013,"Chapter - Scholarship/Academic Affairs",'Payment Registry'!B13:B1013,"5") -> 0 | X86: =SUMIFS('Payment Registry'!C13:C1013,'Payment Registry'!L13:L1013,"Chapter - Scholarship/Academic Affairs",'Payment Registry'!B13:B1013,"6") -> 0
A87: Homecoming/Greek Week | B87: ='Ch Operations Budget Worksheet'!D45 -> 0 | C87: ='Ch Operations Budget Worksheet'!I45 -> 0 | D87: =SUM(B87:C87) -> 0 | F87: =SUM(M87:R87) -> 0 | G87: =SUM(S87:X87) -> 0 | H87: =SUM(F87:G87) -> 0 | J87: =F87-B87 -> 0 | K87: =G87-C87 -> 0 | L87: =H87-D87 -> 0 | M87: =SUMIFS('Payment Registry'!C13:C1013,'Payment Registry'!L13:L1013,"Chapter - Homecoming/Greek Week",'Payment Registry'!B13:B1013,"7") -> 0 | N87: =SUMIFS('Payment Registry'!C13:C1013,'Payment Registry'!L13:L1013,"Chapter - Homecoming/Greek Week",'Payment Registry'!B13:B1013,"8") -> 0 | O87: =SUMIFS('Payment Registry'!C13:C1013,'Payment Registry'!L13:L1013,"Chapter - Homecoming/Greek Week",'Payment Registry'!B13:B1013,"9") -> 0 | P87: =SUMIFS('Payment Registry'!C13:C1013,'Payment Registry'!L13:L1013,"Chapter - Homecoming/Greek Week",'Payment Registry'!B13:B1013,"10") -> 0 | Q87: =SUMIFS('Payment Registry'!C13:C1013,'Payment Registry'!L13:L1013,"Chapter - Homecoming/Greek Week",'Payment Registry'!B13:B1013,"11") -> 0 | R87: =SUMIFS('Payment Registry'!C13:C1013,'Payment Registry'!L13:L1013,"Chapter - Homecoming/Greek Week",'Payment Registry'!B13:B1013,"12") -> 0 | S87: =SUMIFS('Payment Registry'!C13:C1013,'Payment Registry'!L13:L1013,"Chapter - Homecoming/Greek Week",'Payment Registry'!B13:B1013,"1") -> 0 | T87: =SUMIFS('Payment Registry'!C13:C1013,'Payment Registry'!L13:L1013,"Chapter - Homecoming/Greek Week",'Payment Registry'!B13:B1013,"2") -> 0 | U87: =SUMIFS('Payment Registry'!C13:C1013,'Payment Registry'!L13:L1013,"Chapter - Homecoming/Greek Week",'Payment Registry'!B13:B1013,"3") -> 0 | V87: =SUMIFS('Payment Registry'!C13:C1013,'Payment Registry'!L13:L1013,"Chapter - Homecoming/Greek Week",'Payment Registry'!B13:B1013,"4") -> 0 | W87: =SUMIFS('Payment Registry'!C13:C1013,'Payment Registry'!L13:L1013,"Chapter - Homecoming/Greek Week",'Payment Registry'!B13:B1013,"5") -> 0 | X87: =SUMIFS('Payment Registry'!C13:C1013,'Payment Registry'!L13:L1013,"Chapter - Homecoming/Greek Week",'Payment Registry'!B13:B1013,"6") -> 0
A88: Composite | B88: ='Ch Operations Budget Worksheet'!D46 -> 0 | C88: ='Ch Operations Budget Worksheet'!I46 -> 0 | D88: =SUM(B88:C88) -> 0 | F88: =SUM(M88:R88) -> 0 | G88: =SUM(S88:X88) -> 0 | H88: =SUM(F88:G88) -> 0 | J88: =F88-B88 -> 0 | K88: =G88-C88 -> 0 | L88: =H88-D88 -> 0 | M88: =SUMIFS('Payment Registry'!C13:C1013,'Payment Registry'!L13:L1013,"Chapter - Composite",'Payment Registry'!B13:B1013,"7") -> 0 | N88: =SUMIFS('Payment Registry'!C13:C1013,'Payment Registry'!L13:L1013,"Chapter - Composite",'Payment Registry'!B13:B1013,"8") -> 0 | O88: =SUMIFS('Payment Registry'!C13:C1013,'Payment Registry'!L13:L1013,"Chapter - Composite",'Payment Registry'!B13:B1013,"9") -> 0 | P88: =SUMIFS('Payment Registry'!C13:C1013,'Payment Registry'!L13:L1013,"Chapter - Composite",'Payment Registry'!B13:B1013,"10") -> 0 | Q88: =SUMIFS('Payment Registry'!C13:C1013,'Payment Registry'!L13:L1013,"Chapter - Composite",'Payment Registry'!B13:B1013,"11") -> 0 | R88: =SUMIFS('Payment Registry'!C13:C1013,'Payment Registry'!L13:L1013,"Chapter - Composite",'Payment Registry'!B13:B1013,"12") -> 0 | S88: =SUMIFS('Payment Registry'!C13:C1013,'Payment Registry'!L13:L1013,"Chapter - Composite",'Payment Registry'!B13:B1013,"1") -> 0 | T88: =SUMIFS('Payment Registry'!C13:C1013,'Payment Registry'!L13:L1013,"Chapter - Composite",'Payment Registry'!B13:B1013,"2") -> 0 | U88: =SUMIFS('Payment Registry'!C13:C1013,'Payment Registry'!L13:L1013,"Chapter - Composite",'Payment Registry'!B13:B1013,"3") -> 0 | V88: =SUMIFS('Payment Registry'!C13:C1013,'Payment Registry'!L13:L1013,"Chapter - Composite",'Payment Registry'!B13:B1013,"4") -> 0 | W88: =SUMIFS('Payment Registry'!C13:C1013,'Payment Registry'!L13:L1013,"Chapter - Composite",'Payment Registry'!B13:B1013,"5") -> 0 | X88: =SUMIFS('Payment Registry'!C13:C1013,'Payment Registry'!L13:L1013,"Chapter - Composite",'Payment Registry'!B13:B1013,"6") -> 0
A89: Formal | B89: ='Ch Operations Budget Worksheet'!D47 -> 0 | C89: ='Ch Operations Budget Worksheet'!I47 -> 0 | D89: =SUM(B89:C89) -> 0 | F89: =SUM(M89:R89) -> 0 | G89: =SUM(S89:X89) -> 0 | H89: =SUM(F89:G89) -> 0 | J89: =F89-B89 -> 0 | K89: =G89-C89 -> 0 | L89: =H89-D89 -> 0 | M89: =SUMIFS('Payment Registry'!C13:C1013,'Payment Registry'!L13:L1013,"Chapter - Formal",'Payment Registry'!B13:B1013,"7") -> 0 | N89: =SUMIFS('Payment Registry'!C13:C1013,'Payment Registry'!L13:L1013,"Chapter - Formal",'Payment Registry'!B13:B1013,"8") -> 0 | O89: =SUMIFS('Payment Registry'!C13:C1013,'Payment Registry'!L13:L1013,"Chapter - Formal",'Payment Registry'!B13:B1013,"9") -> 0 | P89: =SUMIFS('Payment Registry'!C13:C1013,'Payment Registry'!L13:L1013,"Chapter - Formal",'Payment Registry'!B13:B1013,"10") -> 0 | Q89: =SUMIFS('Payment Registry'!C13:C1013,'Payment Registry'!L13:L1013,"Chapter - Formal",'Payment Registry'!B13:B1013,"11") -> 0 | R89: =SUMIFS('Payment Registry'!C13:C1013,'Payment Registry'!L13:L1013,"Chapter - Formal",'Payment Registry'!B13:B1013,"12") -> 0 | S89: =SUMIFS('Payment Registry'!C13:C1013,'Payment Registry'!L13:L1013,"Chapter - Formal",'Payment Registry'!B13:B1013,"1") -> 0 | T89: =SUMIFS('Payment Registry'!C13:C1013,'Payment Registry'!L13:L1013,"Chapter - Formal",'Payment Registry'!B13:B1013,"2") -> 0 | U89: =SUMIFS('Payment Registry'!C13:C1013,'Payment Registry'!L13:L1013,"Chapter - Formal",'Payment Registry'!B13:B1013,"3") -> 0 | V89: =SUMIFS('Payment Registry'!C13:C1013,'Payment Registry'!L13:L1013,"Chapter - Formal",'Payment Registry'!B13:B1013,"4") -> 0 | W89: =SUMIFS('Payment Registry'!C13:C1013,'Payment Registry'!L13:L1013,"Chapter - Formal",'Payment Registry'!B13:B1013,"5") -> 0 | X89: =SUMIFS('Payment Registry'!C13:C1013,'Payment Registry'!L13:L1013,"Chapter - Formal",'Payment Registry'!B13:B1013,"6") -> 0
A90: Social Functions/Events | B90: ='Ch Operations Budget Worksheet'!D48 -> 0 | C90: ='Ch Operations Budget Worksheet'!I48 -> 0 | D90: =SUM(B90:C90) -> 0 | F90: =SUM(M90:R90) -> 0 | G90: =SUM(S90:X90) -> 0 | H90: =SUM(F90:G90) -> 0 | J90: =F90-B90 -> 0 | K90: =G90-C90 -> 0 | L90: =H90-D90 -> 0 | M90: =SUMIFS('Payment Registry'!C13:C1013,'Payment Registry'!L13:L1013,"Chapter - Social Functions/Events",'Payment Registry'!B13:B1013,"7") -> 0 | N90: =SUMIFS('Payment Registry'!C13:C1013,'Payment Registry'!L13:L1013,"Chapter - Social Functions/Events",'Payment Registry'!B13:B1013,"8") -> 0 | O90: =SUMIFS('Payment Registry'!C13:C1013,'Payment Registry'!L13:L1013,"Chapter - Social Functions/Events",'Payment Registry'!B13:B1013,"9") -> 0 | P90: =SUMIFS('Payment Registry'!C13:C1013,'Payment Registry'!L13:L1013,"Chapter - Social Functions/Events",'Payment Registry'!B13:B1013,"10") -> 0 | Q90: =SUMIFS('Payment Registry'!C13:C1013,'Payment Registry'!L13:L1013,"Chapter - Social Functions/Events",'Payment Registry'!B13:B1013,"11") -> 0 | R90: =SUMIFS('Payment Registry'!C13:C1013,'Payment Registry'!L13:L1013,"Chapter - Social Functions/Events",'Payment Registry'!B13:B1013,"12") -> 0 | S90: =SUMIFS('Payment Registry'!C13:C1013,'Payment Registry'!L13:L1013,"Chapter - Social Functions/Events",'Payment Registry'!B13:B1013,"1") -> 0 | T90: =SUMIFS('Payment Registry'!C13:C1013,'Payment Registry'!L13:L1013,"Chapter - Social Functions/Events",'Payment Registry'!B13:B1013,"2") -> 0 | U90: =SUMIFS('Payment Registry'!C13:C1013,'Payment Registry'!L13:L1013,"Chapter - Social Functions/Events",'Payment Registry'!B13:B1013,"3") -> 0 | V90: =SUMIFS('Payment Registry'!C13:C1013,'Payment Registry'!L13:L1013,"Chapter - Social Functions/Events",'Payment Registry'!B13:B1013,"4") -> 0 | W90: =SUMIFS('Payment Registry'!C13:C1013,'Payment Registry'!L13:L1013,"Chapter - Social Functions/Events",'Payment Registry'!B13:B1013,"5") -> 0 | X90: =SUMIFS('Payment Registry'!C13:C1013,'Payment Registry'!L13:L1013,"Chapter - Social Functions/Events",'Payment Registry'!B13:B1013,"6") -> 0
A91: Parent Activities/Events | B91: ='Ch Operations Budget Worksheet'!D49 -> 0 | C91: ='Ch Operations Budget Worksheet'!I49 -> 0 | D91: =SUM(B91:C91) -> 0 | F91: =SUM(M91:R91) -> 0 | G91: =SUM(S91:X91) -> 0 | H91: =SUM(F91:G91) -> 0 | J91: =F91-B91 -> 0 | K91: =G91-C91 -> 0 | L91: =H91-D91 -> 0 | M91: =SUMIFS('Payment Registry'!C13:C1013,'Payment Registry'!L13:L1013,"Chapter - Parent Activities/Events",'Payment Registry'!B13:B1013,"7") -> 0 | N91: =SUMIFS('Payment Registry'!C13:C1013,'Payment Registry'!L13:L1013,"Chapter - Parent Activities/Events",'Payment Registry'!B13:B1013,"8") -> 0 | O91: =SUMIFS('Payment Registry'!C13:C1013,'Payment Registry'!L13:L1013,"Chapter - Parent Activities/Events",'Payment Registry'!B13:B1013,"9") -> 0 | P91: =SUMIFS('Payment Registry'!C13:C1013,'Payment Registry'!L13:L1013,"Chapter - Parent Activities/Events",'Payment Registry'!B13:B1013,"10") -> 0 | Q91: =SUMIFS('Payment Registry'!C13:C1013,'Payment Registry'!L13:L1013,"Chapter - Parent Activities/Events",'Payment Registry'!B13:B1013,"11") -> 0 | R91: =SUMIFS('Payment Registry'!C13:C1013,'Payment Registry'!L13:L1013,"Chapter - Parent Activities/Events",'Payment Registry'!B13:B1013,"12") -> 0 | S91: =SUMIFS('Payment Registry'!C13:C1013,'Payment Registry'!L13:L1013,"Chapter - Parent Activities/Events",'Payment Registry'!B13:B1013,"1") -> 0 | T91: =SUMIFS('Payment Registry'!C13:C1013,'Payment Registry'!L13:L1013,"Chapter - Parent Activities/Events",'Payment Registry'!B13:B1013,"2") -> 0 | U91: =SUMIFS('Payment Registry'!C13:C1013,'Payment Registry'!L13:L1013,"Chapter - Parent Activities/Events",'Payment Registry'!B13:B1013,"3") -> 0 | V91: =SUMIFS('Payment Registry'!C13:C1013,'Payment Registry'!L13:L1013,"Chapter - Parent Activities/Events",'Payment Registry'!B13:B1013,"4") -> 0 | W91: =SUMIFS('Payment Registry'!C13:C1013,'Payment Registry'!L13:L1013,"Chapter - Parent Activities/Events",'Payment Registry'!B13:B1013,"5") -> 0 | X91: =SUMIFS('Payment Registry'!C13:C1013,'Payment Registry'!L13:L1013,"Chapter - Parent Activities/Events",'Payment Registry'!B13:B1013,"6") -> 0
A92: Office Supplies | B92: ='Ch Operations Budget Worksheet'!D50 -> 0 | C92: ='Ch Operations Budget Worksheet'!I50 -> 0 | D92: =SUM(B92:C92) -> 0 | F92: =SUM(M92:R92) -> 0 | G92: =SUM(S92:X92) -> 0 | H92: =SUM(F92:G92) -> 0 | J92: =F92-B92 -> 0 | K92: =G92-C92 -> 0 | L92: =H92-D92 -> 0 | M92: =SUMIFS('Payment Registry'!C13:C1013,'Payment Registry'!L13:L1013,"Chapter - Office Supplies",'Payment Registry'!B13:B1013,"7") -> 0 | N92: =SUMIFS('Payment Registry'!C13:C1013,'Payment Registry'!L13:L1013,"Chapter - Office Supplies",'Payment Registry'!B13:B1013,"8") -> 0 | O92: =SUMIFS('Payment Registry'!C13:C1013,'Payment Registry'!L13:L1013,"Chapter - Office Supplies",'Payment Registry'!B13:B1013,"9") -> 0 | P92: =SUMIFS('Payment Registry'!C13:C1013,'Payment Registry'!L13:L1013,"Chapter - Office Supplies",'Payment Registry'!B13:B1013,"10") -> 0 | Q92: =SUMIFS('Payment Registry'!C13:C1013,'Payment Registry'!L13:L1013,"Chapter - Office Supplies",'Payment Registry'!B13:B1013,"11") -> 0 | R92: =SUMIFS('Payment Registry'!C13:C1013,'Payment Registry'!L13:L1013,"Chapter - Office Supplies",'Payment Registry'!B13:B1013,"12") -> 0 | S92: =SUMIFS('Payment Registry'!C13:C1013,'Payment Registry'!L13:L1013,"Chapter - Office Supplies",'Payment Registry'!B13:B1013,"1") -> 0 | T92: =SUMIFS('Payment Registry'!C13:C1013,'Payment Registry'!L13:L1013,"Chapter - Office Supplies",'Payment Registry'!B13:B1013,"2") -> 0 | U92: =SUMIFS('Payment Registry'!C13:C1013,'Payment Registry'!L13:L1013,"Chapter - Office Supplies",'Payment Registry'!B13:B1013,"3") -> 0 | V92: =SUMIFS('Payment Registry'!C13:C1013,'Payment Registry'!L13:L1013,"Chapter - Office Supplies",'Payment Registry'!B13:B1013,"4") -> 0 | W92: =SUMIFS('Payment Registry'!C13:C1013,'Payment Registry'!L13:L1013,"Chapter - Office Supplies",'Payment Registry'!B13:B1013,"5") -> 0 | X92: =SUMIFS('Payment Registry'!C13:C1013,'Payment Registry'!L13:L1013,"Chapter - Office Supplies",'Payment Registry'!B13:B1013,"6") -> 0
A93: Printing & Copying | B93: ='Ch Operations Budget Worksheet'!D51 -> 0 | C93: ='Ch Operations Budget Worksheet'!I51 -> 0 | D93: =SUM(B93:C93) -> 0 | F93: =SUM(M93:R93) -> 0 | G93: =SUM(S93:X93) -> 0 | H93: =SUM(F93:G93) -> 0 | J93: =F93-B93 -> 0 | K93: =G93-C93 -> 0 | L93: =H93-D93 -> 0 | M93: =SUMIFS('Payment Registry'!C13:C1013,'Payment Registry'!L13:L1013,"Chapter - Printing & Copying",'Payment Registry'!B13:B1013,"7") -> 0 | N93: =SUMIFS('Payment Registry'!C13:C1013,'Payment Registry'!L13:L1013,"Chapter - Printing & Copying",'Payment Registry'!B13:B1013,"8") -> 0 | O93: =SUMIFS('Payment Registry'!C13:C1013,'Payment Registry'!L13:L1013,"Chapter - Printing & Copying",'Payment Registry'!B13:B1013,"9") -> 0 | P93: =SUMIFS('Payment Registry'!C13:C1013,'Payment Registry'!L13:L1013,"Chapter - Printing & Copying",'Payment Registry'!B13:B1013,"10") -> 0 | Q93: =SUMIFS('Payment Registry'!C13:C1013,'Payment Registry'!L13:L1013,"Chapter - Printing & Copying",'Payment Registry'!B13:B1013,"11") -> 0 | R93: =SUMIFS('Payment Registry'!C13:C1013,'Payment Registry'!L13:L1013,"Chapter - Printing & Copying",'Payment Registry'!B13:B1013,"12") -> 0 | S93: =SUMIFS('Payment Registry'!C13:C1013,'Payment Registry'!L13:L1013,"Chapter - Printing & Copying",'Payment Registry'!B13:B1013,"1") -> 0 | T93: =SUMIFS('Payment Registry'!C13:C1013,'Payment Registry'!L13:L1013,"Chapter - Printing & Copying",'Payment Registry'!B13:B1013,"2") -> 0 | U93: =SUMIFS('Payment Registry'!C13:C1013,'Payment Registry'!L13:L1013,"Chapter - Printing & Copying",'Payment Registry'!B13:B1013,"3") -> 0 | V93: =SUMIFS('Payment Registry'!C13:C1013,'Payment Registry'!L13:L1013,"Chapter - Printing & Copying",'Payment Registry'!B13:B1013,"4") -> 0 | W93: =SUMIFS('Payment Registry'!C13:C1013,'Payment Registry'!L13:L1013,"Chapter - Printing & Copying",'Payment Registry'!B13:B1013,"5") -> 0 | X93: =SUMIFS('Payment Registry'!C13:C1013,'Payment Registry'!L13:L1013,"Chapter - Printing & Copying",'Payment Registry'!B13:B1013,"6") -> 0
A94: Postage/Mailings | B94: ='Ch Operations Budget Worksheet'!D52 -> 0 | C94: ='Ch Operations Budget Worksheet'!I52 -> 0 | D94: =SUM(B94:C94) -> 0 | F94: =SUM(M94:R94) -> 0 | G94: =SUM(S94:X94) -> 0 | H94: =SUM(F94:G94) -> 0 | J94: =F94-B94 -> 0 | K94: =G94-C94 -> 0 | L94: =H94-D94 -> 0 | M94: =SUMIFS('Payment Registry'!C13:C1013,'Payment Registry'!L13:L1013,"Chapter - Postage/Mailings",'Payment Registry'!B13:B1013,"7") -> 0 | N94: =SUMIFS('Payment Registry'!C13:C1013,'Payment Registry'!L13:L1013,"Chapter - Postage/Mailings",'Payment Registry'!B13:B1013,"8") -> 0 | O94: =SUMIFS('Payment Registry'!C13:C1013,'Payment Registry'!L13:L1013,"Chapter - Postage/Mailings",'Payment Registry'!B13:B1013,"9") -> 0 | P94: =SUMIFS('Payment Registry'!C13:C1013,'Payment Registry'!L13:L1013,"Chapter - Postage/Mailings",'Payment Registry'!B13:B1013,"10") -> 0 | Q94: =SUMIFS('Payment Registry'!C13:C1013,'Payment Registry'!L13:L1013,"Chapter - Postage/Mailings",'Payment Registry'!B13:B1013,"11") -> 0 | R94: =SUMIFS('Payment Registry'!C13:C1013,'Payment Registry'!L13:L1013,"Chapter - Postage/Mailings",'Payment Registry'!B13:B1013,"12") -> 0 | S94: =SUMIFS('Payment Registry'!C13:C1013,'Payment Registry'!L13:L1013,"Chapter - Postage/Mailings",'Payment Registry'!B13:B1013,"1") -> 0 | T94: =SUMIFS('Payment Registry'!C13:C1013,'Payment Registry'!L13:L1013,"Chapter - Postage/Mailings",'Payment Registry'!B13:B1013,"2") -> 0 | U94: =SUMIFS('Payment Registry'!C13:C1013,'Payment Registry'!L13:L1013,"Chapter - Postage/Mailings",'Payment Registry'!B13:B1013,"3") -> 0 | V94: =SUMIFS('Payment Registry'!C13:C1013,'Payment Registry'!L13:L1013,"Chapter - Postage/Mailings",'Payment Registry'!B13:B1013,"4") -> 0 | W94: =SUMIFS('Payment Registry'!C13:C1013,'Payment Registry'!L13:L1013,"Chapter - Postage/Mailings",'Payment Registry'!B13:B1013,"5") -> 0 | X94: =SUMIFS('Payment Registry'!C13:C1013,'Payment Registry'!L13:L1013,"Chapter - Postage/Mailings",'Payment Registry'!B13:B1013,"6") -> 0
A95: Chapter Merchandise | B95: ='Ch Operations Budget Worksheet'!D53 -> 0 | C95: ='Ch Operations Budget Worksheet'!I53 -> 0 | D95: =SUM(B95:C95) -> 0 | F95: =SUM(M95:R95) -> 0 | G95: =SUM(S95:X95) -> 0 | H95: =SUM(F95:G95) -> 0 | J95: =F95-B95 -> 0 | K95: =G95-C95 -> 0 | L95: =H95-D95 -> 0 | M95: =SUMIFS('Payment Registry'!C13:C1013,'Payment Registry'!L13:L1013,"Chapter - Chapter Merchandise",'Payment Registry'!B13:B1013,"7") -> 0 | N95: =SUMIFS('Payment Registry'!C13:C1013,'Payment Registry'!L13:L1013,"Chapter - Chapter Merchandise",'Payment Registry'!B13:B1013,"8") -> 0 | O95: =SUMIFS('Payment Registry'!C13:C1013,'Payment Registry'!L13:L1013,"Chapter - Chapter Merchandise",'Payment Registry'!B13:B1013,"9") -> 0 | P95: =SUMIFS('Payment Registry'!C13:C1013,'Payment Registry'!L13:L1013,"Chapter - Chapter Merchandise",'Payment Registry'!B13:B1013,"10") -> 0 | Q95: =SUMIFS('Payment Registry'!C13:C1013,'Payment Registry'!L13:L1013,"Chapter - Chapter Merchandise",'Payment Registry'!B13:B1013,"11") -> 0 | R95: =SUMIFS('Payment Registry'!C13:C1013,'Payment Registry'!L13:L1013,"Chapter - Chapter Merchandise",'Payment Registry'!B13:B1013,"12") -> 0 | S95: =SUMIFS('Payment Registry'!C13:C1013,'Payment Registry'!L13:L1013,"Chapter - Chapter Merchandise",'Payment Registry'!B13:B1013,"1") -> 0 | T95: =SUMIFS('Payment Registry'!C13:C1013,'Payment Registry'!L13:L1013,"Chapter - Chapter Merchandise",'Payment Registry'!B13:B1013,"2") -> 0 | U95: =SUMIFS('Payment Registry'!C13:C1013,'Payment Registry'!L13:L1013,"Chapter - Chapter Merchandise",'Payment Registry'!B13:B1013,"3") -> 0 | V95: =SUMIFS('Payment Registry'!C13:C1013,'Payment Registry'!L13:L1013,"Chapter - Chapter Merchandise",'Payment Registry'!B13:B1013,"4") -> 0 | W95: =SUMIFS('Payment Registry'!C13:C1013,'Payment Registry'!L13:L1013,"Chapter - Chapter Merchandise",'Payment Registry'!B13:B1013,"5") -> 0 | X95: =SUMIFS('Payment Registry'!C13:C1013,'Payment Registry'!L13:L1013,"Chapter - Chapter Merchandise",'Payment Registry'!B13:B1013,"6") -> 0
A96: Miscellaneous | B96: ='Ch Operations Budget Worksheet'!D54 -> 0 | C96: ='Ch Operations Budget Worksheet'!I54 -> 0 | D96: =SUM(B96:C96) -> 0 | F96: =SUM(M96:R96) -> 0 | G96: =SUM(S96:X96) -> 0 | H96: =SUM(F96:G96) -> 0 | J96: =F96-B96 -> 0 | K96: =G96-C96 -> 0 | L96: =H96-D96 -> 0 | M96: =SUMIFS('Payment Registry'!C13:C1013,'Payment Registry'!L13:L1013,"Chapter - Miscellaneous",'Payment Registry'!B13:B1013,"7") -> 0 | N96: =SUMIFS('Payment Registry'!C13:C1013,'Payment Registry'!L13:L1013,"Chapter - Miscellaneous",'Payment Registry'!B13:B1013,"8") -> 0 | O96: =SUMIFS('Payment Registry'!C13:C1013,'Payment Registry'!L13:L1013,"Chapter - Miscellaneous",'Payment Registry'!B13:B1013,"9") -> 0 | P96: =SUMIFS('Payment Registry'!C13:C1013,'Payment Registry'!L13:L1013,"Chapter - Miscellaneous",'Payment Registry'!B13:B1013,"10") -> 0 | Q96: =SUMIFS('Payment Registry'!C13:C1013,'Payment Registry'!L13:L1013,"Chapter - Miscellaneous",'Payment Registry'!B13:B1013,"11") -> 0 | R96: =SUMIFS('Payment Registry'!C13:C1013,'Payment Registry'!L13:L1013,"Chapter - Miscellaneous",'Payment Registry'!B13:B1013,"12") -> 0 | S96: =SUMIFS('Payment Registry'!C13:C1013,'Payment Registry'!L13:L1013,"Chapter - Miscellaneous",'Payment Registry'!B13:B1013,"1") -> 0 | T96: =SUMIFS('Payment Registry'!C13:C1013,'Payment Registry'!L13:L1013,"Chapter - Miscellaneous",'Payment Registry'!B13:B1013,"2") -> 0 | U96: =SUMIFS('Payment Registry'!C13:C1013,'Payment Registry'!L13:L1013,"Chapter - Miscellaneous",'Payment Registry'!B13:B1013,"3") -> 0 | V96: =SUMIFS('Payment Registry'!C13:C1013,'Payment Registry'!L13:L1013,"Chapter - Miscellaneous",'Payment Registry'!B13:B1013,"4") -> 0 | W96: =SUMIFS('Payment Registry'!C13:C1013,'Payment Registry'!L13:L1013,"Chapter - Miscellaneous",'Payment Registry'!B13:B1013,"5") -> 0 | X96: =SUMIFS('Payment Registry'!C13:C1013,'Payment Registry'!L13:L1013,"Chapter - Miscellaneous",'Payment Registry'!B13:B1013,"6") -> 0
A97: ='Ch Operations Budget Worksheet'!A55 -> Chapter - Other (rename #1) | B97: ='Ch Operations Budget Worksheet'!D55 -> 0 | C97: ='Ch Operations Budget Worksheet'!I55 -> 0 | D97: =SUM(B97:C97) -> 0 | F97: =SUM(M97:R97) -> 0 | G97: =SUM(S97:X97) -> 0 | H97: =SUM(F97:G97) -> 0 | J97: =F97-B97 -> 0 | K97: =G97-C97 -> 0 | L97: =H97-D97 -> 0 | M97: =SUMIFS('Payment Registry'!C13:C1013,'Payment Registry'!L13:L1013,A97,'Payment Registry'!B13:B1013,"7") -> 0 | N97: =SUMIFS('Payment Registry'!C13:C1013,'Payment Registry'!L13:L1013,A97,'Payment Registry'!B13:B1013,"8") -> 0 | O97: =SUMIFS('Payment Registry'!C13:C1013,'Payment Registry'!L13:L1013,A97,'Payment Registry'!B13:B1013,"9") -> 0 | P97: =SUMIFS('Payment Registry'!C13:C1013,'Payment Registry'!L13:L1013,A97,'Payment Registry'!B13:B1013,"10") -> 0 | Q97: =SUMIFS('Payment Registry'!C13:C1013,'Payment Registry'!L13:L1013,A97,'Payment Registry'!B13:B1013,"11") -> 0 | R97: =SUMIFS('Payment Registry'!C13:C1013,'Payment Registry'!L13:L1013,A97,'Payment Registry'!B13:B1013,"12") -> 0 | S97: =SUMIFS('Payment Registry'!C13:C1013,'Payment Registry'!L13:L1013,A97,'Payment Registry'!B13:B1013,"1") -> 0 | T97: =SUMIFS('Payment Registry'!C13:C1013,'Payment Registry'!L13:L1013,A97,'Payment Registry'!B13:B1013,"2") -> 0 | U97: =SUMIFS('Payment Registry'!C13:C1013,'Payment Registry'!L13:L1013,A97,'Payment Registry'!B13:B1013,"3") -> 0 | V97: =SUMIFS('Payment Registry'!C13:C1013,'Payment Registry'!L13:L1013,A97,'Payment Registry'!B13:B1013,"4") -> 0 | W97: =SUMIFS('Payment Registry'!C13:C1013,'Payment Registry'!L13:L1013,A97,'Payment Registry'!B13:B1013,"5") -> 0 | X97: =SUMIFS('Payment Registry'!C13:C1013,'Payment Registry'!L13:L1013,A97,'Payment Registry'!B13:B1013,"6") -> 0
A98: ='Ch Operations Budget Worksheet'!A56 -> Chapter - Other (rename #2) | B98: ='Ch Operations Budget Worksheet'!D56 -> 0 | C98: ='Ch Operations Budget Worksheet'!I56 -> 0 | D98: =SUM(B98:C98) -> 0 | F98: =SUM(M98:R98) -> 0 | G98: =SUM(S98:X98) -> 0 | H98: =SUM(F98:G98) -> 0 | J98: =F98-B98 -> 0 | K98: =G98-C98 -> 0 | L98: =H98-D98 -> 0 | M98: =SUMIFS('Payment Registry'!C13:C1013,'Payment Registry'!L13:L1013,A98,'Payment Registry'!B13:B1013,"7") -> 0 | N98: =SUMIFS('Payment Registry'!C13:C1013,'Payment Registry'!L13:L1013,A98,'Payment Registry'!B13:B1013,"8") -> 0 | O98: =SUMIFS('Payment Registry'!C13:C1013,'Payment Registry'!L13:L1013,A98,'Payment Registry'!B13:B1013,"9") -> 0 | P98: =SUMIFS('Payment Registry'!C13:C1013,'Payment Registry'!L13:L1013,A98,'Payment Registry'!B13:B1013,"10") -> 0 | Q98: =SUMIFS('Payment Registry'!C13:C1013,'Payment Registry'!L13:L1013,A98,'Payment Registry'!B13:B1013,"11") -> 0 | R98: =SUMIFS('Payment Registry'!C13:C1013,'Payment Registry'!L13:L1013,A98,'Payment Registry'!B13:B1013,"12") -> 0 | S98: =SUMIFS('Payment Registry'!C13:C1013,'Payment Registry'!L13:L1013,A98,'Payment Registry'!B13:B1013,"1") -> 0 | T98: =SUMIFS('Payment Registry'!C13:C1013,'Payment Registry'!L13:L1013,A98,'Payment Registry'!B13:B1013,"2") -> 0 | U98: =SUMIFS('Payment Registry'!C13:C1013,'Payment Registry'!L13:L1013,A98,'Payment Registry'!B13:B1013,"3") -> 0 | V98: =SUMIFS('Payment Registry'!C13:C1013,'Payment Registry'!L13:L1013,A98,'Payment Registry'!B13:B1013,"4") -> 0 | W98: =SUMIFS('Payment Registry'!C13:C1013,'Payment Registry'!L13:L1013,A98,'Payment Registry'!B13:B1013,"5") -> 0 | X98: =SUMIFS('Payment Registry'!C13:C1013,'Payment Registry'!L13:L1013,A98,'Payment Registry'!B13:B1013,"6") -> 0
A99: ='Ch Operations Budget Worksheet'!A57 -> Chapter - Other (rename #3) | B99: ='Ch Operations Budget Worksheet'!D57 -> 0 | C99: ='Ch Operations Budget Worksheet'!I57 -> 0 | D99: =SUM(B99:C99) -> 0 | F99: =SUM(M99:R99) -> 0 | G99: =SUM(S99:X99) -> 0 | H99: =SUM(F99:G99) -> 0 | J99: =F99-B99 -> 0 | K99: =G99-C99 -> 0 | L99: =H99-D99 -> 0 | M99: =SUMIFS('Payment Registry'!C13:C1013,'Payment Registry'!L13:L1013,A99,'Payment Registry'!B13:B1013,"7") -> 0 | N99: =SUMIFS('Payment Registry'!C13:C1013,'Payment Registry'!L13:L1013,A99,'Payment Registry'!B13:B1013,"8") -> 0 | O99: =SUMIFS('Payment Registry'!C13:C1013,'Payment Registry'!L13:L1013,A99,'Payment Registry'!B13:B1013,"9") -> 0 | P99: =SUMIFS('Payment Registry'!C13:C1013,'Payment Registry'!L13:L1013,A99,'Payment Registry'!B13:B1013,"10") -> 0 | Q99: =SUMIFS('Payment Registry'!C13:C1013,'Payment Registry'!L13:L1013,A99,'Payment Registry'!B13:B1013,"11") -> 0 | R99: =SUMIFS('Payment Registry'!C13:C1013,'Payment Registry'!L13:L1013,A99,'Payment Registry'!B13:B1013,"12") -> 0 | S99: =SUMIFS('Payment Registry'!C13:C1013,'Payment Registry'!L13:L1013,A99,'Payment Registry'!B13:B1013,"1") -> 0 | T99: =SUMIFS('Payment Registry'!C13:C1013,'Payment Registry'!L13:L1013,"Chapter - Other (rename #3)",'Payment Registry'!B13:B1013,"2") -> 0 | U99: =SUMIFS('Payment Registry'!C13:C1013,'Payment Registry'!L13:L1013,A99,'Payment Registry'!B13:B1013,"3") -> 0 | V99: =SUMIFS('Payment Registry'!C13:C1013,'Payment Registry'!L13:L1013,A99,'Payment Registry'!B13:B1013,"4") -> 0 | W99: =SUMIFS('Payment Registry'!C13:C1013,'Payment Registry'!L13:L1013,A99,'Payment Registry'!B13:B1013,"5") -> 0 | X99: =SUMIFS('Payment Registry'!C13:C1013,'Payment Registry'!L13:L1013,A99,'Payment Registry'!B13:B1013,"6") -> 0
A100: ='Ch Operations Budget Worksheet'!A58 -> Chapter - Other (rename #4) | B100: ='Ch Operations Budget Worksheet'!D58 -> 0 | C100: ='Ch Operations Budget Worksheet'!I58 -> 0 | D100: =SUM(B100:C100) -> 0 | F100: =SUM(M100:R100) -> 0 | G100: =SUM(S100:X100) -> 0 | H100: =SUM(F100:G100) -> 0 | J100: =F100-B100 -> 0 | K100: =G100-C100 -> 0 | L100: =H100-D100 -> 0 | M100: =SUMIFS('Payment Registry'!C13:C1013,'Payment Registry'!L13:L1013,A100,'Payment Registry'!B13:B1013,"7") -> 0 | N100: =SUMIFS('Payment Registry'!C13:C1013,'Payment Registry'!L13:L1013,A100,'Payment Registry'!B13:B1013,"8") -> 0 | O100: =SUMIFS('Payment Registry'!C13:C1013,'Payment Registry'!L13:L1013,A100,'Payment Registry'!B13:B1013,"9") -> 0 | P100: =SUMIFS('Payment Registry'!C13:C1013,'Payment Registry'!L13:L1013,A100,'Payment Registry'!B13:B1013,"10") -> 0 | Q100: =SUMIFS('Payment Registry'!C13:C1013,'Payment Registry'!L13:L1013,A100,'Payment Registry'!B13:B1013,"11") -> 0 | R100: =SUMIFS('Payment Registry'!C13:C1013,'Payment Registry'!L13:L1013,A100,'Payment Registry'!B13:B1013,"12") -> 0 | S100: =SUMIFS('Payment Registry'!C13:C1013,'Payment Registry'!L13:L1013,A100,'Payment Registry'!B13:B1013,"1") -> 0 | T100: =SUMIFS('Payment Registry'!C13:C1013,'Payment Registry'!L13:L1013,A100,'Payment Registry'!B13:B1013,"2") -> 0 | U100: =SUMIFS('Payment Registry'!C13:C1013,'Payment Registry'!L13:L1013,A100,'Payment Registry'!B13:B1013,"3") -> 0 | V100: =SUMIFS('Payment Registry'!C13:C1013,'Payment Registry'!L13:L1013,A100,'Payment Registry'!B13:B1013,"4") -> 0 | W100: =SUMIFS('Payment Registry'!C13:C1013,'Payment Registry'!L13:L1013,A100,'Payment Registry'!B13:B1013,"5") -> 0 | X100: =SUMIFS('Payment Registry'!C13:C1013,'Payment Registry'!L13:L1013,A100,'Payment Registry'!B13:B1013,"6") -> 0
A101: ='Ch Operations Budget Worksheet'!A59 -> Chapter - Other (rename #5) | B101: ='Ch Operations Budget Worksheet'!D59 -> 0 | C101: ='Ch Operations Budget Worksheet'!I59 -> 0 | D101: =SUM(B101:C101) -> 0 | F101: =SUM(M101:R101) -> 0 | G101: =SUM(S101:X101) -> 0 | H101: =SUM(F101:G101) -> 0 | J101: =F101-B101 -> 0 | K101: =G101-C101 -> 0 | L101: =H101-D101 -> 0 | M101: =SUMIFS('Payment Registry'!C13:C1013,'Payment Registry'!L13:L1013,A101,'Payment Registry'!B13:B1013,"7") -> 0 | N101: =SUMIFS('Payment Registry'!C13:C1013,'Payment Registry'!L13:L1013,A101,'Payment Registry'!B13:B1013,"8") -> 0 | O101: =SUMIFS('Payment Registry'!C13:C1013,'Payment Registry'!L13:L1013,A101,'Payment Registry'!B13:B1013,"9") -> 0 | P101: =SUMIFS('Payment Registry'!C13:C1013,'Payment Registry'!L13:L1013,A101,'Payment Registry'!B13:B1013,"10") -> 0 | Q101: =SUMIFS('Payment Registry'!C13:C1013,'Payment Registry'!L13:L1013,A101,'Payment Registry'!B13:B1013,"11") -> 0 | R101: =SUMIFS('Payment Registry'!C13:C1013,'Payment Registry'!L13:L1013,A101,'Payment Registry'!B13:B1013,"12") -> 0 | S101: =SUMIFS('Payment Registry'!C13:C1013,'Payment Registry'!L13:L1013,A101,'Payment Registry'!B13:B1013,"1") -> 0 | T101: =SUMIFS('Payment Registry'!C13:C1013,'Payment Registry'!L13:L1013,A101,'Payment Registry'!B13:B1013,"2") -> 0 | U101: =SUMIFS('Payment Registry'!C13:C1013,'Payment Registry'!L13:L1013,A101,'Payment Registry'!B13:B1013,"3") -> 0 | V101: =SUMIFS('Payment Registry'!C13:C1013,'Payment Registry'!L13:L1013,A101,'Payment Registry'!B13:B1013,"4") -> 0 | W101: =SUMIFS('Payment Registry'!C13:C1013,'Payment Registry'!L13:L1013,A101,'Payment Registry'!B13:B1013,"5") -> 0 | X101: =SUMIFS('Payment Registry'!C13:C1013,'Payment Registry'!L13:L1013,A101,'Payment Registry'!B13:B1013,"6") -> 0
A103: Total Functional Expenses | B103: =SUM(B77:B101) -> 0 | C103: =SUM(C77:C101) -> 0 | D103: =SUM(D77:D101) -> 0 | F103: =SUM(F77:F101) -> 0 | G103: =SUM(G77:G101) -> 0 | H103: =SUM(H77:H101) -> 0 | J103: =F103-B103 -> 0 | K103: =G103-C103 -> 0 | L103: =H103-D103 -> 0 | M103: =SUM(M77:M101) -> 0 | N103: =SUM(N77:N101) -> 0 | O103: =SUM(O77:O101) -> 0 | P103: =SUM(P77:P101) -> 0 | Q103: =SUM(Q77:Q101) -> 0 | R103: =SUM(R77:R101) -> 0 | S103: =SUM(S77:S101) -> 0 | T103: =SUM(T77:T101) -> 0 | ... X103: =SUM(X77:X101) -> 0
A105: GAIN/(LOSS) from Chapter Functions | B105: =B74-B103 -> -1400 | C105: =C74-C103 -> -1400 | D105: =D74-D103 -> -2800 | F105: =F74-F103 -> 0 | G105: =G74-G103 -> 0 | H105: =H74-H103 -> 0 | J105: =F105-B105 -> 1400 | K105: =G105-C105 -> 1400 | L105: =H105-D105 -> 2800 | M105: =M74-M103 -> 0 | N105: =N74-N103 -> 0 | O105: =O74-O103 -> 0 | P105: =P74-P103 -> 0 | Q105: =Q74-Q103 -> 0 | R105: =R74-R103 -> 0 | S105: =S74-S103 -> 0 | T105: =T74-T103 -> 0 | ... X105: =X74-X103 -> 0
A107: TOTAL CHAPTER OPERATIONS EXPENSES | B107: =B72+B103 -> 1400 | C107: =C72+C103 -> 1400 | D107: =SUM(B107:C107) -> 2800 | F107: =F72+F103 -> 0 | G107: =G72+G103 -> 0 | H107: =H72+H103 -> 0 | J107: =F107-B107 -> -1400 | K107: =G107-C107 -> -1400 | L107: =H107-D107 -> -2800 | M107: =M72+M103 -> 0 | N107: =N72+N103 -> 0 | O107: =O72+O103 -> 0 | P107: =P72+P103 -> 0 | Q107: =Q72+Q103 -> 0 | R107: =R72+R103 -> 0 | S107: =S72+S103 -> 0 | T107: =T72+T103 -> 0 | ... X107: =X72+X103 -> 0
A109: CHAPTER OPERATIONS SURPLUS/(DEFICIT) | B109: =B20-B107 -> -1400 | C109: =C20-C107 -> -1400 | D109: =D20-D107 -> -2800 | F109: =F20-F107 -> 0 | G109: =G20-G107 -> 0 | H109: =H20-H107 -> 0 | J109: =F109-B109 -> 1400 | K109: =G109-C109 -> 1400 | L109: =H109-D109 -> 2800 | M109: =M20-M107 -> 0 | N109: =N20-N107 -> 0 | O109: =O20-O107 -> 0 | P109: =P20-P107 -> 0 | Q109: =Q20-Q107 -> 0 | R109: =R20-R107 -> 0 | S109: =S20-S107 -> 0 | T109: =T20-T107 -> 0 | ... X109: =X20-X107 -> 0
A111: HOUSE OPERATIONS
A112: Rent (Chapter to House Corp/Landlord) | B112: =IF('House-Kitchen Budget Worksheet'!A4="",0,IF('House-Kitchen Budget Worksheet'!A4="9 months",'House-Kitchen Budget Worksheet'!H8*5,IF('House-Kitchen Budget Worksheet'!A4="12 months",'House-Kitchen Budget Worksheet'!G8*6))) -> 0 | C112: =IF('House-Kitchen Budget Worksheet'!A4="",0,IF('House-Kitchen Budget Worksheet'!A4="9 months",'House-Kitchen Budget Worksheet'!H8*4,IF('House-Kitchen Budget Worksheet'!A4="12 months",'House-Kitchen Budget Worksheet'!G8*6))) -> 0 | D112: =SUM(B112:C112) -> 0 | F112: =SUM(M112:R112) -> 0 | G112: =SUM(S112:X112) -> 0 | H112: =SUM(F112:G112) -> 0 | J112: =F112-B112 -> 0 | K112: =G112-C112 -> 0 | L112: =SUM(J112:K112) -> 0 | M112: =SUMIFS('Payment Registry'!C13:C1013,'Payment Registry'!L13:L1013,"House - Rent (Chapter to House Corp/Landlord)",'Payment Registry'!B13:B1013,"7") -> 0 | N112: =SUMIFS('Payment Registry'!C13:C1013,'Payment Registry'!L13:L1013,"House - Rent (Chapter to House Corp/Landlord)",'Payment Registry'!B13:B1013,"8") -> 0 | O112: =SUMIFS('Payment Registry'!C13:C1013,'Payment Registry'!L13:L1013,"House - Rent (Chapter to House Corp/Landlord)",'Payment Registry'!B13:B1013,"9") -> 0 | P112: =SUMIFS('Payment Registry'!C13:C1013,'Payment Registry'!L13:L1013,"House - Rent (Chapter to House Corp/Landlord)",'Payment Registry'!B13:B1013,"10") -> 0 | Q112: =SUMIFS('Payment Registry'!C13:C1013,'Payment Registry'!L13:L1013,"House - Rent (Chapter to House Corp/Landlord)",'Payment Registry'!B13:B1013,"11") -> 0 | R112: =SUMIFS('Payment Registry'!C13:C1013,'Payment Registry'!L13:L1013,"House - Rent (Chapter to House Corp/Landlord)",'Payment Registry'!B13:B1013,"12") -> 0 | S112: =SUMIFS('Payment Registry'!C13:C1013,'Payment Registry'!L13:L1013,"House - Rent (Chapter to House Corp/Landlord)",'Payment Registry'!B13:B1013,"1") -> 0 | T112: =SUMIFS('Payment Registry'!C13:C1013,'Payment Registry'!L13:L1013,"House - Rent (Chapter to House Corp/Landlord)",'Payment Registry'!B13:B1013,"2") -> 0 | U112: =SUMIFS('Payment Registry'!C13:C1013,'Payment Registry'!L13:L1013,"House - Rent (Chapter to House Corp/Landlord)",'Payment Registry'!B13:B1013,"3") -> 0 | V112: =SUMIFS('Payment Registry'!C13:C1013,'Payment Registry'!L13:L1013,"House - Rent (Chapter to House Corp/Landlord)",'Payment Registry'!B13:B1013,"4") -> 0 | W112: =SUMIFS('Payment Registry'!C13:C1013,'Payment Registry'!L13:L1013,"House - Rent (Chapter to House Corp/Landlord)",'Payment Registry'!B13:B1013,"5") -> 0 | X112: =SUMIFS('Payment Registry'!C13:C1013,'Payment Registry'!L13:L1013,"House - Rent (Chapter to House Corp/Landlord)",'Payment Registry'!B13:B1013,"6") -> 0
A113: Insurance | B113: =IF('House-Kitchen Budget Worksheet'!A4="",0,IF('House-Kitchen Budget Worksheet'!A4="9 months",'House-Kitchen Budget Worksheet'!H9*5,IF('House-Kitchen Budget Worksheet'!A4="12 months",'House-Kitchen Budget Worksheet'!G9*6))) -> 0 | C113: =IF('House-Kitchen Budget Worksheet'!A4="",0,IF('House-Kitchen Budget Worksheet'!A4="9 months",'House-Kitchen Budget Worksheet'!H9*4,IF('House-Kitchen Budget Worksheet'!A4="12 months",'House-Kitchen Budget Worksheet'!G9*6))) -> 0 | D113: =SUM(B113:C113) -> 0 | F113: =SUM(M113:R113) -> 0 | G113: =SUM(S113:X113) -> 0 | H113: =SUM(F113:G113) -> 0 | J113: =F113-B113 -> 0 | K113: =G113-C113 -> 0 | L113: =SUM(J113:K113) -> 0 | M113: =SUMIFS('Payment Registry'!C13:C1013,'Payment Registry'!L13:L1013,"House - Insurance",'Payment Registry'!B13:B1013,"7") -> 0 | N113: =SUMIFS('Payment Registry'!C13:C1013,'Payment Registry'!L13:L1013,"House - Insurance",'Payment Registry'!B13:B1013,"8") -> 0 | O113: =SUMIFS('Payment Registry'!C13:C1013,'Payment Registry'!L13:L1013,"House - Insurance",'Payment Registry'!B13:B1013,"9") -> 0 | P113: =SUMIFS('Payment Registry'!C13:C1013,'Payment Registry'!L13:L1013,"House - Insurance",'Payment Registry'!B13:B1013,"10") -> 0 | Q113: =SUMIFS('Payment Registry'!C13:C1013,'Payment Registry'!L13:L1013,"House - Insurance",'Payment Registry'!B13:B1013,"11") -> 0 | R113: =SUMIFS('Payment Registry'!C13:C1013,'Payment Registry'!L13:L1013,"House - Insurance",'Payment Registry'!B13:B1013,"12") -> 0 | S113: =SUMIFS('Payment Registry'!C13:C1013,'Payment Registry'!L13:L1013,"House - Insurance",'Payment Registry'!B13:B1013,"1") -> 0 | T113: =SUMIFS('Payment Registry'!C13:C1013,'Payment Registry'!L13:L1013,"House - Insurance",'Payment Registry'!B13:B1013,"2") -> 0 | U113: =SUMIFS('Payment Registry'!C13:C1013,'Payment Registry'!L13:L1013,"House - Insurance",'Payment Registry'!B13:B1013,"3") -> 0 | V113: =SUMIFS('Payment Registry'!C13:C1013,'Payment Registry'!L13:L1013,"House - Insurance",'Payment Registry'!B13:B1013,"4") -> 0 | W113: =SUMIFS('Payment Registry'!C13:C1013,'Payment Registry'!L13:L1013,"House - Insurance",'Payment Registry'!B13:B1013,"5") -> 0 | X113: =SUMIFS('Payment Registry'!C13:C1013,'Payment Registry'!L13:L1013,"House - Insurance",'Payment Registry'!B13:B1013,"6") -> 0
A114: Household Supplies | B114: =IF('House-Kitchen Budget Worksheet'!A4="",0,IF('House-Kitchen Budget Worksheet'!A4="9 months",'House-Kitchen Budget Worksheet'!H10*5,IF('House-Kitchen Budget Worksheet'!A4="12 months",'House-Kitchen Budget Worksheet'!G10*6))) -> 0 | C114: =IF('House-Kitchen Budget Worksheet'!A4="",0,IF('House-Kitchen Budget Worksheet'!A4="9 months",'House-Kitchen Budget Worksheet'!H10*4,IF('House-Kitchen Budget Worksheet'!A4="12 months",'House-Kitchen Budget Worksheet'!G10*6))) -> 0 | D114: =SUM(B114:C114) -> 0 | F114: =SUM(M114:R114) -> 0 | G114: =SUM(S114:X114) -> 0 | H114: =SUM(F114:G114) -> 0 | J114: =F114-B114 -> 0 | K114: =G114-C114 -> 0 | L114: =SUM(J114:K114) -> 0 | M114: =SUMIFS('Payment Registry'!C13:C1013,'Payment Registry'!L13:L1013,"House - Household Supplies",'Payment Registry'!B13:B1013,"7") -> 0 | N114: =SUMIFS('Payment Registry'!C13:C1013,'Payment Registry'!L13:L1013,"House - Household Supplies",'Payment Registry'!B13:B1013,"8") -> 0 | O114: =SUMIFS('Payment Registry'!C13:C1013,'Payment Registry'!L13:L1013,"House - Household Supplies",'Payment Registry'!B13:B1013,"9") -> 0 | P114: =SUMIFS('Payment Registry'!C13:C1013,'Payment Registry'!L13:L1013,"House - Household Supplies",'Payment Registry'!B13:B1013,"10") -> 0 | Q114: =SUMIFS('Payment Registry'!C13:C1013,'Payment Registry'!L13:L1013,"House - Household Supplies",'Payment Registry'!B13:B1013,"11") -> 0 | R114: =SUMIFS('Payment Registry'!C13:C1013,'Payment Registry'!L13:L1013,"House - Household Supplies",'Payment Registry'!B13:B1013,"12") -> 0 | S114: =SUMIFS('Payment Registry'!C13:C1013,'Payment Registry'!L13:L1013,"House - Household Supplies",'Payment Registry'!B13:B1013,"1") -> 0 | T114: =SUMIFS('Payment Registry'!C13:C1013,'Payment Registry'!L13:L1013,"House - Household Supplies",'Payment Registry'!B13:B1013,"2") -> 0 | U114: =SUMIFS('Payment Registry'!C13:C1013,'Payment Registry'!L13:L1013,"House - Household Supplies",'Payment Registry'!B13:B1013,"3") -> 0 | V114: =SUMIFS('Payment Registry'!C13:C1013,'Payment Registry'!L13:L1013,"House - Household Supplies",'Payment Registry'!B13:B1013,"4") -> 0 | W114: =SUMIFS('Payment Registry'!C13:C1013,'Payment Registry'!L13:L1013,"House - Household Supplies",'Payment Registry'!B13:B1013,"5") -> 0 | X114: =SUMIFS('Payment Registry'!C13:C1013,'Payment Registry'!L13:L1013,"House - Household Supplies",'Payment Registry'!B13:B1013,"6") -> 0
A115: Repairs
A116: Windows | B116: =IF('House-Kitchen Budget Worksheet'!A4="",0,IF('House-Kitchen Budget Worksheet'!A4="9 months",'House-Kitchen Budget Worksheet'!H12*5,IF('House-Kitchen Budget Worksheet'!A4="12 months",'House-Kitchen Budget Worksheet'!G12*6))) -> 0 | C116: =IF('House-Kitchen Budget Worksheet'!A4="",0,IF('House-Kitchen Budget Worksheet'!A4="9 months",'House-Kitchen Budget Worksheet'!H12*4,IF('House-Kitchen Budget Worksheet'!A4="12 months",'House-Kitchen Budget Worksheet'!G12*6))) -> 0 | D116: =SUM(B116:C116) -> 0 | F116: =SUM(M116:R116) -> 0 | G116: =SUM(S116:X116) -> 0 | H116: =SUM(F116:G116) -> 0 | J116: =F116-B116 -> 0 | K116: =G116-C116 -> 0 | L116: =SUM(J116:K116) -> 0 | M116: =SUMIFS('Payment Registry'!C13:C1013,'Payment Registry'!L13:L1013,"House - Repairs: Windows",'Payment Registry'!B13:B1013,"7") -> 0 | N116: =SUMIFS('Payment Registry'!C13:C1013,'Payment Registry'!L13:L1013,"House - Repairs: Windows",'Payment Registry'!B13:B1013,"8") -> 0 | O116: =SUMIFS('Payment Registry'!C13:C1013,'Payment Registry'!L13:L1013,"House - Repairs: Windows",'Payment Registry'!B13:B1013,"9") -> 0 | P116: =SUMIFS('Payment Registry'!C13:C1013,'Payment Registry'!L13:L1013,"House - Repairs: Windows",'Payment Registry'!B13:B1013,"10") -> 0 | Q116: =SUMIFS('Payment Registry'!C13:C1013,'Payment Registry'!L13:L1013,"House - Repairs: Windows",'Payment Registry'!B13:B1013,"11") -> 0 | R116: =SUMIFS('Payment Registry'!C13:C1013,'Payment Registry'!L13:L1013,"House - Repairs: Windows",'Payment Registry'!B13:B1013,"12") -> 0 | S116: =SUMIFS('Payment Registry'!C13:C1013,'Payment Registry'!L13:L1013,"House - Repairs: Windows",'Payment Registry'!B13:B1013,"1") -> 0 | T116: =SUMIFS('Payment Registry'!C13:C1013,'Payment Registry'!L13:L1013,"House - Repairs: Windows",'Payment Registry'!B13:B1013,"2") -> 0 | U116: =SUMIFS('Payment Registry'!C13:C1013,'Payment Registry'!L13:L1013,"House - Repairs: Windows",'Payment Registry'!B13:B1013,"3") -> 0 | V116: =SUMIFS('Payment Registry'!C13:C1013,'Payment Registry'!L13:L1013,"House - Repairs: Windows",'Payment Registry'!B13:B1013,"4") -> 0 | W116: =SUMIFS('Payment Registry'!C13:C1013,'Payment Registry'!L13:L1013,"House - Repairs: Windows",'Payment Registry'!B13:B1013,"5") -> 0 | X116: =SUMIFS('Payment Registry'!C13:C1013,'Payment Registry'!L13:L1013,"House - Repairs: Windows",'Payment Registry'!B13:B1013,"6") -> 0
A117: Doors | B117: =IF('House-Kitchen Budget Worksheet'!A4="",0,IF('House-Kitchen Budget Worksheet'!A4="9 months",'House-Kitchen Budget Worksheet'!H13*5,IF('House-Kitchen Budget Worksheet'!A4="12 months",'House-Kitchen Budget Worksheet'!G13*6))) -> 0 | C117: =IF('House-Kitchen Budget Worksheet'!A4="",0,IF('House-Kitchen Budget Worksheet'!A4="9 months",'House-Kitchen Budget Worksheet'!H13*4,IF('House-Kitchen Budget Worksheet'!A4="12 months",'House-Kitchen Budget Worksheet'!G13*6))) -> 0 | D117: =SUM(B117:C117) -> 0 | F117: =SUM(M117:R117) -> 0 | G117: =SUM(S117:X117) -> 0 | H117: =SUM(F117:G117) -> 0 | J117: =F117-B117 -> 0 | K117: =G117-C117 -> 0 | L117: =SUM(J117:K117) -> 0 | M117: =SUMIFS('Payment Registry'!C13:C1013,'Payment Registry'!L13:L1013,"House - Repairs: Doors",'Payment Registry'!B13:B1013,"7") -> 0 | N117: =SUMIFS('Payment Registry'!C13:C1013,'Payment Registry'!L13:L1013,"House - Repairs: Doors",'Payment Registry'!B13:B1013,"8") -> 0 | O117: =SUMIFS('Payment Registry'!C13:C1013,'Payment Registry'!L13:L1013,"House - Repairs: Doors",'Payment Registry'!B13:B1013,"9") -> 0 | P117: =SUMIFS('Payment Registry'!C13:C1013,'Payment Registry'!L13:L1013,"House - Repairs: Doors",'Payment Registry'!B13:B1013,"10") -> 0 | Q117: =SUMIFS('Payment Registry'!C13:C1013,'Payment Registry'!L13:L1013,"House - Repairs: Doors",'Payment Registry'!B13:B1013,"11") -> 0 | R117: =SUMIFS('Payment Registry'!C13:C1013,'Payment Registry'!L13:L1013,"House - Repairs: Doors",'Payment Registry'!B13:B1013,"12") -> 0 | S117: =SUMIFS('Payment Registry'!C13:C1013,'Payment Registry'!L13:L1013,"House - Repairs: Doors",'Payment Registry'!B13:B1013,"1") -> 0 | T117: =SUMIFS('Payment Registry'!C13:C1013,'Payment Registry'!L13:L1013,"House - Repairs: Doors",'Payment Registry'!B13:B1013,"2") -> 0 | U117: =SUMIFS('Payment Registry'!C13:C1013,'Payment Registry'!L13:L1013,"House - Repairs: Doors",'Payment Registry'!B13:B1013,"3") -> 0 | V117: =SUMIFS('Payment Registry'!C13:C1013,'Payment Registry'!L13:L1013,"House - Repairs: Doors",'Payment Registry'!B13:B1013,"4") -> 0 | W117: =SUMIFS('Payment Registry'!C13:C1013,'Payment Registry'!L13:L1013,"House - Repairs: Doors",'Payment Registry'!B13:B1013,"5") -> 0 | X117: =SUMIFS('Payment Registry'!C13:C1013,'Payment Registry'!L13:L1013,"House - Repairs: Doors",'Payment Registry'!B13:B1013,"6") -> 0
A118: Appliances | B118: =IF('House-Kitchen Budget Worksheet'!A4="",0,IF('House-Kitchen Budget Worksheet'!A4="9 months",'House-Kitchen Budget Worksheet'!H14*5,IF('House-Kitchen Budget Worksheet'!A4="12 months",'House-Kitchen Budget Worksheet'!G14*6))) -> 0 | C118: =IF('House-Kitchen Budget Worksheet'!A4="",0,IF('House-Kitchen Budget Worksheet'!A4="9 months",'House-Kitchen Budget Worksheet'!H14*4,IF('House-Kitchen Budget Worksheet'!A4="12 months",'House-Kitchen Budget Worksheet'!G14*6))) -> 0 | D118: =SUM(B118:C118) -> 0 | F118: =SUM(M118:R118) -> 0 | G118: =SUM(S118:X118) -> 0 | H118: =SUM(F118:G118) -> 0 | J118: =F118-B118 -> 0 | K118: =G118-C118 -> 0 | L118: =SUM(J118:K118) -> 0 | M118: =SUMIFS('Payment Registry'!C13:C1013,'Payment Registry'!L13:L1013,"House - Repairs: Appliances",'Payment Registry'!B13:B1013,"7") -> 0 | N118: =SUMIFS('Payment Registry'!C13:C1013,'Payment Registry'!L13:L1013,"House - Repairs: Appliances",'Payment Registry'!B13:B1013,"8") -> 0 | O118: =SUMIFS('Payment Registry'!C13:C1013,'Payment Registry'!L13:L1013,"House - Repairs: Appliances",'Payment Registry'!B13:B1013,"9") -> 0 | P118: =SUMIFS('Payment Registry'!C13:C1013,'Payment Registry'!L13:L1013,"House - Repairs: Appliances",'Payment Registry'!B13:B1013,"10") -> 0 | Q118: =SUMIFS('Payment Registry'!C13:C1013,'Payment Registry'!L13:L1013,"House - Repairs: Appliances",'Payment Registry'!B13:B1013,"11") -> 0 | R118: =SUMIFS('Payment Registry'!C13:C1013,'Payment Registry'!L13:L1013,"House - Repairs: Appliances",'Payment Registry'!B13:B1013,"12") -> 0 | S118: =SUMIFS('Payment Registry'!C13:C1013,'Payment Registry'!L13:L1013,"House - Repairs: Appliances",'Payment Registry'!B13:B1013,"1") -> 0 | T118: =SUMIFS('Payment Registry'!C13:C1013,'Payment Registry'!L13:L1013,"House - Repairs: Appliances",'Payment Registry'!B13:B1013,"2") -> 0 | U118: =SUMIFS('Payment Registry'!C13:C1013,'Payment Registry'!L13:L1013,"House - Repairs: Appliances",'Payment Registry'!B13:B1013,"3") -> 0 | V118: =SUMIFS('Payment Registry'!C13:C1013,'Payment Registry'!L13:L1013,"House - Repairs: Appliances",'Payment Registry'!B13:B1013,"4") -> 0 | W118: =SUMIFS('Payment Registry'!C13:C1013,'Payment Registry'!L13:L1013,"House - Repairs: Appliances",'Payment Registry'!B13:B1013,"5") -> 0 | X118: =SUMIFS('Payment Registry'!C13:C1013,'Payment Registry'!L13:L1013,"House - Repairs: Appliances",'Payment Registry'!B13:B1013,"6") -> 0
A119: Flooring | B119: =IF('House-Kitchen Budget Worksheet'!A4="",0,IF('House-Kitchen Budget Worksheet'!A4="9 months",'House-Kitchen Budget Worksheet'!H15*5,IF('House-Kitchen Budget Worksheet'!A4="12 months",'House-Kitchen Budget Worksheet'!G15*6))) -> 0 | C119: =IF('House-Kitchen Budget Worksheet'!A4="",0,IF('House-Kitchen Budget Worksheet'!A4="9 months",'House-Kitchen Budget Worksheet'!H15*4,IF('House-Kitchen Budget Worksheet'!A4="12 months",'House-Kitchen Budget Worksheet'!G15*6))) -> 0 | D119: =SUM(B119:C119) -> 0 | F119: =SUM(M119:R119) -> 0 | G119: =SUM(S119:X119) -> 0 | H119: =SUM(F119:G119) -> 0 | J119: =F119-B119 -> 0 | K119: =G119-C119 -> 0 | L119: =SUM(J119:K119) -> 0 | M119: =SUMIFS('Payment Registry'!C13:C1013,'Payment Registry'!L13:L1013,"House - Repairs: Flooring",'Payment Registry'!B13:B1013,"7") -> 0 | N119: =SUMIFS('Payment Registry'!C13:C1013,'Payment Registry'!L13:L1013,"House - Repairs: Flooring",'Payment Registry'!B13:B1013,"8") -> 0 | O119: =SUMIFS('Payment Registry'!C13:C1013,'Payment Registry'!L13:L1013,"House - Repairs: Flooring",'Payment Registry'!B13:B1013,"9") -> 0 | P119: =SUMIFS('Payment Registry'!C13:C1013,'Payment Registry'!L13:L1013,"House - Repairs: Flooring",'Payment Registry'!B13:B1013,"10") -> 0 | Q119: =SUMIFS('Payment Registry'!C13:C1013,'Payment Registry'!L13:L1013,"House - Repairs: Flooring",'Payment Registry'!B13:B1013,"11") -> 0 | R119: =SUMIFS('Payment Registry'!C13:C1013,'Payment Registry'!L13:L1013,"House - Repairs: Flooring",'Payment Registry'!B13:B1013,"12") -> 0 | S119: =SUMIFS('Payment Registry'!C13:C1013,'Payment Registry'!L13:L1013,"House - Repairs: Flooring",'Payment Registry'!B13:B1013,"1") -> 0 | T119: =SUMIFS('Payment Registry'!C13:C1013,'Payment Registry'!L13:L1013,"House - Repairs: Flooring",'Payment Registry'!B13:B1013,"2") -> 0 | U119: =SUMIFS('Payment Registry'!C13:C1013,'Payment Registry'!L13:L1013,"House - Repairs: Flooring",'Payment Registry'!B13:B1013,"3") -> 0 | V119: =SUMIFS('Payment Registry'!C13:C1013,'Payment Registry'!L13:L1013,"House - Repairs: Flooring",'Payment Registry'!B13:B1013,"4") -> 0 | W119: =SUMIFS('Payment Registry'!C13:C1013,'Payment Registry'!L13:L1013,"House - Repairs: Flooring",'Payment Registry'!B13:B1013,"5") -> 0 | X119: =SUMIFS('Payment Registry'!C13:C1013,'Payment Registry'!L13:L1013,"House - Repairs: Flooring",'Payment Registry'!B13:B1013,"6") -> 0
A120: Lighting | B120: =IF('House-Kitchen Budget Worksheet'!A4="",0,IF('House-Kitchen Budget Worksheet'!A4="9 months",'House-Kitchen Budget Worksheet'!H16*5,IF('House-Kitchen Budget Worksheet'!A4="12 months",'House-Kitchen Budget Worksheet'!G16*6))) -> 0 | C120: =IF('House-Kitchen Budget Worksheet'!A4="",0,IF('House-Kitchen Budget Worksheet'!A4="9 months",'House-Kitchen Budget Worksheet'!H16*4,IF('House-Kitchen Budget Worksheet'!A4="12 months",'House-Kitchen Budget Worksheet'!G16*6))) -> 0 | D120: =SUM(B120:C120) -> 0 | F120: =SUM(M120:R120) -> 0 | G120: =SUM(S120:X120) -> 0 | H120: =SUM(F120:G120) -> 0 | J120: =F120-B120 -> 0 | K120: =G120-C120 -> 0 | L120: =SUM(J120:K120) -> 0 | M120: =SUMIFS('Payment Registry'!C13:C1013,'Payment Registry'!L13:L1013,"House - Repairs: Lighting",'Payment Registry'!B13:B1013,"7") -> 0 | N120: =SUMIFS('Payment Registry'!C13:C1013,'Payment Registry'!L13:L1013,"House - Repairs: Lighting",'Payment Registry'!B13:B1013,"8") -> 0 | O120: =SUMIFS('Payment Registry'!C13:C1013,'Payment Registry'!L13:L1013,"House - Repairs: Lighting",'Payment Registry'!B13:B1013,"9") -> 0 | P120: =SUMIFS('Payment Registry'!C13:C1013,'Payment Registry'!L13:L1013,"House - Repairs: Lighting",'Payment Registry'!B13:B1013,"10") -> 0 | Q120: =SUMIFS('Payment Registry'!C13:C1013,'Payment Registry'!L13:L1013,"House - Repairs: Lighting",'Payment Registry'!B13:B1013,"11") -> 0 | R120: =SUMIFS('Payment Registry'!C13:C1013,'Payment Registry'!L13:L1013,"House - Repairs: Lighting",'Payment Registry'!B13:B1013,"12") -> 0 | S120: =SUMIFS('Payment Registry'!C13:C1013,'Payment Registry'!L13:L1013,"House - Repairs: Lighting",'Payment Registry'!B13:B1013,"1") -> 0 | T120: =SUMIFS('Payment Registry'!C13:C1013,'Payment Registry'!L13:L1013,"House - Repairs: Lighting",'Payment Registry'!B13:B1013,"2") -> 0 | U120: =SUMIFS('Payment Registry'!B13:B1013,'Payment Registry'!L13:L1013,"House - Repairs: Lighting",'Payment Registry'!B13:B1013,"3") -> 0 | V120: =SUMIFS('Payment Registry'!C13:C1013,'Payment Registry'!L13:L1013,"House - Repairs: Lighting",'Payment Registry'!B13:B1013,"4") -> 0 | W120: =SUMIFS('Payment Registry'!C13:C1013,'Payment Registry'!L13:L1013,"House - Repairs: Lighting",'Payment Registry'!B13:B1013,"5") -> 0 | X120: =SUMIFS('Payment Registry'!C13:C1013,'Payment Registry'!L13:L1013,"House - Repairs: Lighting",'Payment Registry'!B13:B1013,"6") -> 0
A121: Exterior | B121: =IF('House-Kitchen Budget Worksheet'!A4="",0,IF('House-Kitchen Budget Worksheet'!A4="9 months",'House-Kitchen Budget Worksheet'!H17*5,IF('House-Kitchen Budget Worksheet'!A4="12 months",'House-Kitchen Budget Worksheet'!G17*6))) -> 0 | C121: =IF('House-Kitchen Budget Worksheet'!A4="",0,IF('House-Kitchen Budget Worksheet'!A4="9 months",'House-Kitchen Budget Worksheet'!H17*4,IF('House-Kitchen Budget Worksheet'!A4="12 months",'House-Kitchen Budget Worksheet'!G17*6))) -> 0 | D121: =SUM(B121:C121) -> 0 | F121: =SUM(M121:R121) -> 0 | G121: =SUM(S121:X121) -> 0 | H121: =SUM(F121:G121) -> 0 | J121: =F121-B121 -> 0 | K121: =G121-C121 -> 0 | L121: =SUM(J121:K121) -> 0 | M121: =SUMIFS('Payment Registry'!C13:C1013,'Payment Registry'!L13:L1013,"House - Repairs: Exterior",'Payment Registry'!B13:B1013,"7") -> 0 | N121: =SUMIFS('Payment Registry'!C13:C1013,'Payment Registry'!L13:L1013,"House - Repairs: Exterior",'Payment Registry'!B13:B1013,"8") -> 0 | O121: =SUMIFS('Payment Registry'!C13:C1013,'Payment Registry'!L13:L1013,"House - Repairs: Exterior",'Payment Registry'!B13:B1013,"9") -> 0 | P121: =SUMIFS('Payment Registry'!C13:C1013,'Payment Registry'!L13:L1013,"House - Repairs: Exterior",'Payment Registry'!B13:B1013,"10") -> 0 | Q121: =SUMIFS('Payment Registry'!C13:C1013,'Payment Registry'!L13:L1013,"House - Repairs: Exterior",'Payment Registry'!B13:B1013,"11") -> 0 | R121: =SUMIFS('Payment Registry'!C13:C1013,'Payment Registry'!L13:L1013,"House - Repairs: Exterior",'Payment Registry'!B13:B1013,"12") -> 0 | S121: =SUMIFS('Payment Registry'!C13:C1013,'Payment Registry'!L13:L1013,"House - Repairs: Exterior",'Payment Registry'!B13:B1013,"1") -> 0 | T121: =SUMIFS('Payment Registry'!C13:C1013,'Payment Registry'!L13:L1013,"House - Repairs: Exterior",'Payment Registry'!B13:B1013,"2") -> 0 | U121: =SUMIFS('Payment Registry'!C13:C1013,'Payment Registry'!L13:L1013,"House - Repairs: Exterior",'Payment Registry'!B13:B1013,"3") -> 0 | V121: =SUMIFS('Payment Registry'!C13:C1013,'Payment Registry'!L13:L1013,"House - Repairs: Exterior",'Payment Registry'!B13:B1013,"4") -> 0 | W121: =SUMIFS('Payment Registry'!C13:C1013,'Payment Registry'!L13:L1013,"House - Repairs: Exterior",'Payment Registry'!B13:B1013,"5") -> 0 | X121: =SUMIFS('Payment Registry'!C13:C1013,'Payment Registry'!L13:L1013,"House - Repairs: Exterior",'Payment Registry'!B13:B1013,"6") -> 0
A122: Other | B122: =IF('House-Kitchen Budget Worksheet'!A4="",0,IF('House-Kitchen Budget Worksheet'!A4="9 months",'House-Kitchen Budget Worksheet'!H18*5,IF('House-Kitchen Budget Worksheet'!A4="12 months",'House-Kitchen Budget Worksheet'!G18*6))) -> 0 | C122: =IF('House-Kitchen Budget Worksheet'!A4="",0,IF('House-Kitchen Budget Worksheet'!A4="9 months",'House-Kitchen Budget Worksheet'!H18*4,IF('House-Kitchen Budget Worksheet'!A4="12 months",'House-Kitchen Budget Worksheet'!G18*6))) -> 0 | D122: =SUM(B122:C122) -> 0 | F122: =SUM(M122:R122) -> 0 | G122: =SUM(S122:X122) -> 0 | H122: =SUM(F122:G122) -> 0 | J122: =F122-B122 -> 0 | K122: =G122-C122 -> 0 | L122: =SUM(J122:K122) -> 0 | M122: =SUMIFS('Payment Registry'!C13:C1013,'Payment Registry'!L13:L1013,"House - Repairs: Other",'Payment Registry'!B13:B1013,"7") -> 0 | N122: =SUMIFS('Payment Registry'!C13:C1013,'Payment Registry'!L13:L1013,"House - Repairs: Other",'Payment Registry'!B13:B1013,"8") -> 0 | O122: =SUMIFS('Payment Registry'!C13:C1013,'Payment Registry'!L13:L1013,"House - Repairs: Other",'Payment Registry'!B13:B1013,"9") -> 0 | P122: =SUMIFS('Payment Registry'!C13:C1013,'Payment Registry'!L13:L1013,"House - Repairs: Other",'Payment Registry'!B13:B1013,"10") -> 0 | Q122: =SUMIFS('Payment Registry'!C13:C1013,'Payment Registry'!L13:L1013,"House - Repairs: Other",'Payment Registry'!B13:B1013,"11") -> 0 | R122: =SUMIFS('Payment Registry'!C13:C1013,'Payment Registry'!L13:L1013,"House - Repairs: Other",'Payment Registry'!B13:B1013,"12") -> 0 | S122: =SUMIFS('Payment Registry'!C13:C1013,'Payment Registry'!L13:L1013,"House - Repairs: Other",'Payment Registry'!B13:B1013,"1") -> 0 | T122: =SUMIFS('Payment Registry'!C13:C1013,'Payment Registry'!L13:L1013,"House - Repairs: Other",'Payment Registry'!B13:B1013,"2") -> 0 | U122: =SUMIFS('Payment Registry'!C13:C1013,'Payment Registry'!L13:L1013,"House - Repairs: Other",'Payment Registry'!B13:B1013,"3") -> 0 | V122: =SUMIFS('Payment Registry'!C13:C1013,'Payment Registry'!L13:L1013,"House - Repairs: Other",'Payment Registry'!B13:B1013,"4") -> 0 | W122: =SUMIFS('Payment Registry'!C13:C1013,'Payment Registry'!L13:L1013,"House - Repairs: Other",'Payment Registry'!B13:B1013,"5") -> 0 | X122: =SUMIFS('Payment Registry'!C13:C1013,'Payment Registry'!L13:L1013,"House - Repairs: Other",'Payment Registry'!B13:B1013,"6") -> 0
A123: Maintenance
A124: Lawn/Grounds | B124: =IF('House-Kitchen Budget Worksheet'!A4="",0,IF('House-Kitchen Budget Worksheet'!A4="9 months",'House-Kitchen Budget Worksheet'!H20*5,IF('House-Kitchen Budget Worksheet'!A4="12 months",'House-Kitchen Budget Worksheet'!G20*6))) -> 0 | C124: =IF('House-Kitchen Budget Worksheet'!A4="",0,IF('House-Kitchen Budget Worksheet'!A4="9 months",'House-Kitchen Budget Worksheet'!H20*4,IF('House-Kitchen Budget Worksheet'!A4="12 months",'House-Kitchen Budget Worksheet'!G20*6))) -> 0 | D124: =SUM(B124:C124) -> 0 | F124: =SUM(M124:R124) -> 0 | G124: =SUM(S124:X124) -> 0 | H124: =SUM(F124:G124) -> 0 | J124: =F124-B124 -> 0 | K124: =G124-C124 -> 0 | L124: =SUM(J124:K124) -> 0 | M124: =SUMIFS('Payment Registry'!C13:C1013,'Payment Registry'!L13:L1013,"House - Maintenance: Lawn/Grounds",'Payment Registry'!B13:B1013,"7") -> 0 | N124: =SUMIFS('Payment Registry'!C13:C1013,'Payment Registry'!L13:L1013,"House - Maintenance: Lawn/Grounds",'Payment Registry'!B13:B1013,"8") -> 0 | O124: =SUMIFS('Payment Registry'!C13:C1013,'Payment Registry'!L13:L1013,"House - Maintenance: Lawn/Grounds",'Payment Registry'!B13:B1013,"9") -> 0 | P124: =SUMIFS('Payment Registry'!C13:C1013,'Payment Registry'!L13:L1013,"House - Maintenance: Lawn/Grounds",'Payment Registry'!B13:B1013,"10") -> 0 | Q124: =SUMIFS('Payment Registry'!C13:C1013,'Payment Registry'!L13:L1013,"House - Maintenance: Lawn/Grounds",'Payment Registry'!B13:B1013,"11") -> 0 | R124: =SUMIFS('Payment Registry'!C13:C1013,'Payment Registry'!L13:L1013,"House - Maintenance: Lawn/Grounds",'Payment Registry'!B13:B1013,"12") -> 0 | S124: =SUMIFS('Payment Registry'!C13:C1013,'Payment Registry'!L13:L1013,"House - Maintenance: Lawn/Grounds",'Payment Registry'!B13:B1013,"1") -> 0 | T124: =SUMIFS('Payment Registry'!C13:C1013,'Payment Registry'!L13:L1013,"House - Maintenance: Lawn/Grounds",'Payment Registry'!B13:B1013,"2") -> 0 | U124: =SUMIFS('Payment Registry'!C13:C1013,'Payment Registry'!L13:L1013,"House - Maintenance: Lawn/Grounds",'Payment Registry'!B13:B1013,"3") -> 0 | V124: =SUMIFS('Payment Registry'!C13:C1013,'Payment Registry'!L13:L1013,"House - Maintenance: Lawn/Grounds",'Payment Registry'!B13:B1013,"4") -> 0 | W124: =SUMIFS('Payment Registry'!C13:C1013,'Payment Registry'!L13:L1013,"House - Maintenance: Lawn/Grounds",'Payment Registry'!B13:B1013,"5") -> 0 | X124: =SUMIFS('Payment Registry'!C13:C1013,'Payment Registry'!L13:L1013,"House - Maintenance: Lawn/Grounds",'Payment Registry'!B13:B1013,"6") -> 0
A125: Pest Control | B125: =IF('House-Kitchen Budget Worksheet'!A4="",0,IF('House-Kitchen Budget Worksheet'!A4="9 months",'House-Kitchen Budget Worksheet'!H21*5,IF('House-Kitchen Budget Worksheet'!A4="12 months",'House-Kitchen Budget Worksheet'!G21*6))) -> 0 | C125: =IF('House-Kitchen Budget Worksheet'!A4="",0,IF('House-Kitchen Budget Worksheet'!A4="9 months",'House-Kitchen Budget Worksheet'!H21*4,IF('House-Kitchen Budget Worksheet'!A4="12 months",'House-Kitchen Budget Worksheet'!G21*6))) -> 0 | D125: =SUM(B125:C125) -> 0 | F125: =SUM(M125:R125) -> 0 | G125: =SUM(S125:X125) -> 0 | H125: =SUM(F125:G125) -> 0 | J125: =F125-B125 -> 0 | K125: =G125-C125 -> 0 | L125: =SUM(J125:K125) -> 0 | M125: =SUMIFS('Payment Registry'!C13:C1013,'Payment Registry'!L13:L1013,"House - Maintenance: Pest Control",'Payment Registry'!B13:B1013,"7") -> 0 | N125: =SUMIFS('Payment Registry'!C13:C1013,'Payment Registry'!L13:L1013,"House - Maintenance: Pest Control",'Payment Registry'!B13:B1013,"8") -> 0 | O125: =SUMIFS('Payment Registry'!C13:C1013,'Payment Registry'!L13:L1013,"House - Maintenance: Pest Control",'Payment Registry'!B13:B1013,"9") -> 0 | P125: =SUMIFS('Payment Registry'!C13:C1013,'Payment Registry'!L13:L1013,"House - Maintenance: Pest Control",'Payment Registry'!B13:B1013,"10") -> 0 | Q125: =SUMIFS('Payment Registry'!C13:C1013,'Payment Registry'!L13:L1013,"House - Maintenance: Pest Control",'Payment Registry'!B13:B1013,"11") -> 0 | R125: =SUMIFS('Payment Registry'!C13:C1013,'Payment Registry'!L13:L1013,"House - Maintenance: Pest Control",'Payment Registry'!B13:B1013,"12") -> 0 | S125: =SUMIFS('Payment Registry'!C13:C1013,'Payment Registry'!L13:L1013,"House - Maintenance: Pest Control",'Payment Registry'!B13:B1013,"1") -> 0 | T125: =SUMIFS('Payment Registry'!C13:C1013,'Payment Registry'!L13:L1013,"House - Maintenance: Pest Control",'Payment Registry'!B13:B1013,"2") -> 0 | U125: =SUMIFS('Payment Registry'!C13:C1013,'Payment Registry'!L13:L1013,"House - Maintenance: Pest Control",'Payment Registry'!B13:B1013,"3") -> 0 | V125: =SUMIFS('Payment Registry'!C13:C1013,'Payment Registry'!L13:L1013,"House - Maintenance: Pest Control",'Payment Registry'!B13:B1013,"4") -> 0 | W125: =SUMIFS('Payment Registry'!C13:C1013,'Payment Registry'!L13:L1013,"House - Maintenance: Pest Control",'Payment Registry'!B13:B1013,"5") -> 0 | X125: =SUMIFS('Payment Registry'!C13:C1013,'Payment Registry'!L13:L1013,"House - Maintenance: Pest Control",'Payment Registry'!B13:B1013,"6") -> 0
A126: HVAC | B126: =IF('House-Kitchen Budget Worksheet'!A4="",0,IF('House-Kitchen Budget Worksheet'!A4="9 months",'House-Kitchen Budget Worksheet'!H22*5,IF('House-Kitchen Budget Worksheet'!A4="12 months",'House-Kitchen Budget Worksheet'!G22*6))) -> 0 | C126: =IF('House-Kitchen Budget Worksheet'!A4="",0,IF('House-Kitchen Budget Worksheet'!A4="9 months",'House-Kitchen Budget Worksheet'!H22*4,IF('House-Kitchen Budget Worksheet'!A4="12 months",'House-Kitchen Budget Worksheet'!G22*6))) -> 0 | D126: =SUM(B126:C126) -> 0 | F126: =SUM(M126:R126) -> 0 | G126: =SUM(S126:X126) -> 0 | H126: =SUM(F126:G126) -> 0 | J126: =F126-B126 -> 0 | K126: =G126-C126 -> 0 | L126: =SUM(J126:K126) -> 0 | M126: =SUMIFS('Payment Registry'!C13:C1013,'Payment Registry'!L13:L1013,"House - Maintenance: HVAC",'Payment Registry'!B13:B1013,"7") -> 0 | N126: =SUMIFS('Payment Registry'!C13:C1013,'Payment Registry'!L13:L1013,"House - Maintenance: HVAC",'Payment Registry'!B13:B1013,"8") -> 0 | O126: =SUMIFS('Payment Registry'!C13:C1013,'Payment Registry'!L13:L1013,"House - Maintenance: HVAC",'Payment Registry'!B13:B1013,"9") -> 0 | P126: =SUMIFS('Payment Registry'!C13:C1013,'Payment Registry'!L13:L1013,"House - Maintenance: HVAC",'Payment Registry'!B13:B1013,"10") -> 0 | Q126: =SUMIFS('Payment Registry'!C13:C1013,'Payment Registry'!L13:L1013,"House - Maintenance: HVAC",'Payment Registry'!B13:B1013,"11") -> 0 | R126: =SUMIFS('Payment Registry'!C13:C1013,'Payment Registry'!L13:L1013,"House - Maintenance: HVAC",'Payment Registry'!B13:B1013,"12") -> 0 | S126: =SUMIFS('Payment Registry'!C13:C1013,'Payment Registry'!L13:L1013,"House - Maintenance: HVAC",'Payment Registry'!B13:B1013,"1") -> 0 | T126: =SUMIFS('Payment Registry'!C13:C1013,'Payment Registry'!L13:L1013,"House - Maintenance: HVAC",'Payment Registry'!B13:B1013,"2") -> 0 | U126: =SUMIFS('Payment Registry'!C13:C1013,'Payment Registry'!L13:L1013,"House - Maintenance: HVAC",'Payment Registry'!B13:B1013,"3") -> 0 | V126: =SUMIFS('Payment Registry'!C13:C1013,'Payment Registry'!L13:L1013,"House - Maintenance: HVAC",'Payment Registry'!B13:B1013,"4") -> 0 | W126: =SUMIFS('Payment Registry'!C13:C1013,'Payment Registry'!L13:L1013,"House - Maintenance: HVAC",'Payment Registry'!B13:B1013,"5") -> 0 | X126: =SUMIFS('Payment Registry'!C13:C1013,'Payment Registry'!L13:L1013,"House - Maintenance: HVAC",'Payment Registry'!B13:B1013,"6") -> 0
A127: Other | B127: =IF('House-Kitchen Budget Worksheet'!A4="",0,IF('House-Kitchen Budget Worksheet'!A4="9 months",'House-Kitchen Budget Worksheet'!H23*5,IF('House-Kitchen Budget Worksheet'!A4="12 months",'House-Kitchen Budget Worksheet'!G23*6))) -> 0 | C127: =IF('House-Kitchen Budget Worksheet'!A4="",0,IF('House-Kitchen Budget Worksheet'!A4="9 months",'House-Kitchen Budget Worksheet'!H23*4,IF('House-Kitchen Budget Worksheet'!A4="12 months",'House-Kitchen Budget Worksheet'!G23*6))) -> 0 | D127: =SUM(B127:C127) -> 0 | F127: =SUM(M127:R127) -> 0 | G127: =SUM(S127:X127) -> 0 | H127: =SUM(F127:G127) -> 0 | J127: =F127-B127 -> 0 | K127: =G127-C127 -> 0 | L127: =SUM(J127:K127) -> 0 | M127: =SUMIFS('Payment Registry'!C13:C1013,'Payment Registry'!L13:L1013,"House - Maintenance: Other",'Payment Registry'!B13:B1013,"7") -> 0 | N127: =SUMIFS('Payment Registry'!C13:C1013,'Payment Registry'!L13:L1013,"House - Maintenance: Other",'Payment Registry'!B13:B1013,"8") -> 0 | O127: =SUMIFS('Payment Registry'!C13:C1013,'Payment Registry'!L13:L1013,"House - Maintenance: Other",'Payment Registry'!B13:B1013,"9") -> 0 | P127: =SUMIFS('Payment Registry'!C13:C1013,'Payment Registry'!L13:L1013,"House - Maintenance: Other",'Payment Registry'!B13:B1013,"10") -> 0 | Q127: =SUMIFS('Payment Registry'!C13:C1013,'Payment Registry'!L13:L1013,"House - Maintenance: Other",'Payment Registry'!B13:B1013,"11") -> 0 | R127: =SUMIFS('Payment Registry'!C13:C1013,'Payment Registry'!L13:L1013,"House - Maintenance: Other",'Payment Registry'!B13:B1013,"12") -> 0 | S127: =SUMIFS('Payment Registry'!C13:C1013,'Payment Registry'!L13:L1013,"House - Maintenance: Other",'Payment Registry'!B13:B1013,"1") -> 0 | T127: =SUMIFS('Payment Registry'!C13:C1013,'Payment Registry'!L13:L1013,"House - Maintenance: Other",'Payment Registry'!B13:B1013,"2") -> 0 | U127: =SUMIFS('Payment Registry'!C13:C1013,'Payment Registry'!L13:L1013,"House - Maintenance: Other",'Payment Registry'!B13:B1013,"3") -> 0 | V127: =SUMIFS('Payment Registry'!C13:C1013,'Payment Registry'!L13:L1013,"House - Maintenance: Other",'Payment Registry'!B13:B1013,"4") -> 0 | W127: =SUMIFS('Payment Registry'!C13:C1013,'Payment Registry'!L13:L1013,"House - Maintenance: Other",'Payment Registry'!B13:B1013,"5") -> 0 | X127: =SUMIFS('Payment Registry'!C13:C1013,'Payment Registry'!L13:L1013,"House - Maintenance: Other",'Payment Registry'!B13:B1013,"6") -> 0
A128: Electricity | B128: =IF('House-Kitchen Budget Worksheet'!A4="",0,IF('House-Kitchen Budget Worksheet'!A4="9 months",'House-Kitchen Budget Worksheet'!H24*5,IF('House-Kitchen Budget Worksheet'!A4="12 months",'House-Kitchen Budget Worksheet'!G24*6))) -> 0 | C128: =IF('House-Kitchen Budget Worksheet'!A4="",0,IF('House-Kitchen Budget Worksheet'!A4="9 months",'House-Kitchen Budget Worksheet'!H24*4,IF('House-Kitchen Budget Worksheet'!A4="12 months",'House-Kitchen Budget Worksheet'!G24*6))) -> 0 | D128: =SUM(B128:C128) -> 0 | F128: =SUM(M128:R128) -> 0 | G128: =SUM(S128:X128) -> 0 | H128: =SUM(F128:G128) -> 0 | J128: =F128-B128 -> 0 | K128: =G128-C128 -> 0 | L128: =SUM(J128:K128) -> 0 | M128: =SUMIFS('Payment Registry'!C13:C1013,'Payment Registry'!L13:L1013,"House - Electricity",'Payment Registry'!B13:B1013,"7") -> 0 | N128: =SUMIFS('Payment Registry'!C13:C1013,'Payment Registry'!L13:L1013,"House - Electricity",'Payment Registry'!B13:B1013,"8") -> 0 | O128: =SUMIFS('Payment Registry'!C13:C1013,'Payment Registry'!L13:L1013,"House - Electricity",'Payment Registry'!B13:B1013,"9") -> 0 | P128: =SUMIFS('Payment Registry'!C13:C1013,'Payment Registry'!L13:L1013,"House - Electricity",'Payment Registry'!B13:B1013,"10") -> 0 | Q128: =SUMIFS('Payment Registry'!C13:C1013,'Payment Registry'!L13:L1013,"House - Electricity",'Payment Registry'!B13:B1013,"11") -> 0 | R128: =SUMIFS('Payment Registry'!C13:C1013,'Payment Registry'!L13:L1013,"House - Electricity",'Payment Registry'!B13:B1013,"12") -> 0 | S128: =SUMIFS('Payment Registry'!C13:C1013,'Payment Registry'!L13:L1013,"House - Electricity",'Payment Registry'!B13:B1013,"1") -> 0 | T128: =SUMIFS('Payment Registry'!C13:C1013,'Payment Registry'!L13:L1013,"House - Electricity",'Payment Registry'!B13:B1013,"2") -> 0 | U128: =SUMIFS('Payment Registry'!C13:C1013,'Payment Registry'!L13:L1013,"House - Electricity",'Payment Registry'!B13:B1013,"3") -> 0 | V128: =SUMIFS('Payment Registry'!C13:C1013,'Payment Registry'!L13:L1013,"House - Electricity",'Payment Registry'!B13:B1013,"4") -> 0 | W128: =SUMIFS('Payment Registry'!C13:C1013,'Payment Registry'!L13:L1013,"House - Electricity",'Payment Registry'!B13:B1013,"5") -> 0 | X128: =SUMIFS('Payment Registry'!C13:C1013,'Payment Registry'!L13:L1013,"House - Electricity",'Payment Registry'!B13:B1013,"6") -> 0
A129: Gas | B129: =IF('House-Kitchen Budget Worksheet'!A4="",0,IF('House-Kitchen Budget Worksheet'!A4="9 months",'House-Kitchen Budget Worksheet'!H25*5,IF('House-Kitchen Budget Worksheet'!A4="12 months",'House-Kitchen Budget Worksheet'!G25*6))) -> 0 | C129: =IF('House-Kitchen Budget Worksheet'!A4="",0,IF('House-Kitchen Budget Worksheet'!A4="9 months",'House-Kitchen Budget Worksheet'!H25*4,IF('House-Kitchen Budget Worksheet'!A4="12 months",'House-Kitchen Budget Worksheet'!G25*6))) -> 0 | D129: =SUM(B129:C129) -> 0 | F129: =SUM(M129:R129) -> 0 | G129: =SUM(S129:X129) -> 0 | H129: =SUM(F129:G129) -> 0 | J129: =F129-B129 -> 0 | K129: =G129-C129 -> 0 | L129: =SUM(J129:K129) -> 0 | M129: =SUMIFS('Payment Registry'!C13:C1013,'Payment Registry'!L13:L1013,"House - Gas",'Payment Registry'!B13:B1013,"7") -> 0 | N129: =SUMIFS('Payment Registry'!C13:C1013,'Payment Registry'!L13:L1013,"House - Gas",'Payment Registry'!B13:B1013,"8") -> 0 | O129: =SUMIFS('Payment Registry'!C13:C1013,'Payment Registry'!L13:L1013,"House - Gas",'Payment Registry'!B13:B1013,"9") -> 0 | P129: =SUMIFS('Payment Registry'!C13:C1013,'Payment Registry'!L13:L1013,"House - Gas",'Payment Registry'!B13:B1013,"10") -> 0 | Q129: =SUMIFS('Payment Registry'!C13:C1013,'Payment Registry'!L13:L1013,"House - Gas",'Payment Registry'!B13:B1013,"11") -> 0 | R129: =SUMIFS('Payment Registry'!C13:C1013,'Payment Registry'!L13:L1013,"House - Gas",'Payment Registry'!B13:B1013,"12") -> 0 | S129: =SUMIFS('Payment Registry'!C13:C1013,'Payment Registry'!L13:L1013,"House - Gas",'Payment Registry'!B13:B1013,"1") -> 0 | T129: =SUMIFS('Payment Registry'!C13:C1013,'Payment Registry'!L13:L1013,"House - Gas",'Payment Registry'!B13:B1013,"2") -> 0 | U129: =SUMIFS('Payment Registry'!C13:C1013,'Payment Registry'!L13:L1013,"House - Gas",'Payment Registry'!B13:B1013,"3") -> 0 | V129: =SUMIFS('Payment Registry'!C13:C1013,'Payment Registry'!L13:L1013,"House - Gas",'Payment Registry'!B13:B1013,"4") -> 0 | W129: =SUMIFS('Payment Registry'!C13:C1013,'Payment Registry'!L13:L1013,"House - Gas",'Payment Registry'!B13:B1013,"5") -> 0 | X129: =SUMIFS('Payment Registry'!C13:C1013,'Payment Registry'!L13:L1013,"House - Gas",'Payment Registry'!B13:B1013,"6") -> 0
A130: Water | B130: =IF('House-Kitchen Budget Worksheet'!A4="",0,IF('House-Kitchen Budget Worksheet'!A4="9 months",'House-Kitchen Budget Worksheet'!H26*5,IF('House-Kitchen Budget Worksheet'!A4="12 months",'House-Kitchen Budget Worksheet'!G26*6))) -> 0 | C130: =IF('House-Kitchen Budget Worksheet'!A4="",0,IF('House-Kitchen Budget Worksheet'!A4="9 months",'House-Kitchen Budget Worksheet'!H26*4,IF('House-Kitchen Budget Worksheet'!A4="12 months",'House-Kitchen Budget Worksheet'!G26*6))) -> 0 | D130: =SUM(B130:C130) -> 0 | F130: =SUM(M130:R130) -> 0 | G130: =SUM(S130:X130) -> 0 | H130: =SUM(F130:G130) -> 0 | J130: =F130-B130 -> 0 | K130: =G130-C130 -> 0 | L130: =SUM(J130:K130) -> 0 | M130: =SUMIFS('Payment Registry'!C13:C1013,'Payment Registry'!L13:L1013,"House - Water",'Payment Registry'!B13:B1013,"7") -> 0 | N130: =SUMIFS('Payment Registry'!C13:C1013,'Payment Registry'!L13:L1013,"House - Water",'Payment Registry'!B13:B1013,"8") -> 0 | O130: =SUMIFS('Payment Registry'!C13:C1013,'Payment Registry'!L13:L1013,"House - Water",'Payment Registry'!B13:B1013,"9") -> 0 | P130: =SUMIFS('Payment Registry'!C13:C1013,'Payment Registry'!L13:L1013,"House - Water",'Payment Registry'!B13:B1013,"10") -> 0 | Q130: =SUMIFS('Payment Registry'!C13:C1013,'Payment Registry'!L13:L1013,"House - Water",'Payment Registry'!B13:B1013,"11") -> 0 | R130: =SUMIFS('Payment Registry'!C13:C1013,'Payment Registry'!L13:L1013,"House - Water",'Payment Registry'!B13:B1013,"12") -> 0 | S130: =SUMIFS('Payment Registry'!C13:C1013,'Payment Registry'!L13:L1013,"House - Water",'Payment Registry'!B13:B1013,"1") -> 0 | T130: =SUMIFS('Payment Registry'!C13:C1013,'Payment Registry'!L13:L1013,"House - Water",'Payment Registry'!B13:B1013,"2") -> 0 | U130: =SUMIFS('Payment Registry'!C13:C1013,'Payment Registry'!L13:L1013,"House - Water",'Payment Registry'!B13:B1013,"3") -> 0 | V130: =SUMIFS('Payment Registry'!C13:C1013,'Payment Registry'!L13:L1013,"House - Water",'Payment Registry'!B13:B1013,"4") -> 0 | W130: =SUMIFS('Payment Registry'!C13:C1013,'Payment Registry'!L13:L1013,"House - Water",'Payment Registry'!B13:B1013,"5") -> 0 | X130: =SUMIFS('Payment Registry'!C13:C1013,'Payment Registry'!L13:L1013,"House - Water",'Payment Registry'!B13:B1013,"6") -> 0
...

Sheet Candidate-Initiation Fee Tracke
E1: CANDIDATE FEES | K1: INITIATION FEES
AC2: Yes
F3: FEES OWED | L3: FEES OWED | AC3: No
F4: =SUMIF(F7:F306,"No",E7:E306) -> 0 | L4: =SUMIF(L7:L306,"No",K7:K306) -> 0
B6: Name | D6: Membership Status | E6: Candidate Fee | F6: Paid | G6: Date Paid | I6: Ceremony Date | K6: Initiation Fee | L6: Paid | M6: Date Paid | O6: Ceremony Date | P6: Badge Number
A7: 1 | B7: ='Membership Record'!B11 -> 0 | D7: =IF('Membership Record'!N11="",'Membership Record'!E11,'Membership Record'!N11) -> 0 | E7: =IF(D7="Candidate",100,IF(F7="No",100,"")) | K7: =IF(D7="Candidate",230,IF(L7="No",230,""))
A8: =A7+1 -> 2 | B8: ='Membership Record'!B12 -> 0 | D8: =IF('Membership Record'!N12="",'Membership Record'!E12,'Membership Record'!N12) -> 0 | E8: =IF(D8="Candidate",100,IF(F8="No",100,"")) | K8: =IF(D8="Candidate",230,IF(L8="No",230,""))
A9: =A8+1 -> 3 | B9: ='Membership Record'!B13 -> 0 | D9: =IF('Membership Record'!N13="",'Membership Record'!E13,'Membership Record'!N13) -> 0 | E9: =IF(D9="Candidate",100,IF(F9="No",100,"")) | K9: =IF(D9="Candidate",230,IF(L9="No",230,""))
A10: =A9+1 -> 4 | B10: ='Membership Record'!B14 -> 0 | D10: =IF('Membership Record'!N14="",'Membership Record'!E14,'Membership Record'!N14) -> 0 | E10: =IF(D10="Candidate",100,IF(F10="No",100,"")) | K10: =IF(D10="Candidate",230,IF(L10="No",230,""))
A11: =A10+1 -> 5 | B11: ='Membership Record'!B15 -> 0 | D11: =IF('Membership Record'!N15="",'Membership Record'!E15,'Membership Record'!N15) -> 0 | E11: =IF(D11="Candidate",100,IF(F11="No",100,"")) | K11: =IF(D11="Candidate",230,IF(L11="No",230,""))
A12: =A11+1 -> 6 | B12: ='Membership Record'!B16 -> 0 | D12: =IF('Membership Record'!N16="",'Membership Record'!E16,'Membership Record'!N16) -> 0 | E12: =IF(D12="Candidate",100,IF(F12="No",100,"")) | K12: =IF(D12="Candidate",230,IF(L12="No",230,""))
A13: =A12+1 -> 7 | B13: ='Membership Record'!B17 -> 0 | D13: =IF('Membership Record'!N17="",'Membership Record'!E17,'Membership Record'!N17) -> 0 | E13: =IF(D13="Candidate",100,IF(F13="No",100,"")) | K13: =IF(D13="Candidate",230,IF(L13="No",230,""))
A14: =A13+1 -> 8 | B14: ='Membership Record'!B18 -> 0 | D14: =IF('Membership Record'!N18="",'Membership Record'!E18,'Membership Record'!N18) -> 0 | E14: =IF(D14="Candidate",100,IF(F14="No",100,"")) | K14: =IF(D14="Candidate",230,IF(L14="No",230,""))
A15: =A14+1 -> 9 | B15: ='Membership Record'!B19 -> 0 | D15: =IF('Membership Record'!N19="",'Membership Record'!E19,'Membership Record'!N19) -> 0 | E15: =IF(D15="Candidate",100,IF(F15="No",100,"")) | K15: =IF(D15="Candidate",230,IF(L15="No",230,""))
A16: =A15+1 -> 10 | B16: ='Membership Record'!B20 -> 0 | D16: =IF('Membership Record'!N20="",'Membership Record'!E20,'Membership Record'!N20) -> 0 | E16: =IF(D16="Candidate",100,IF(F16="No",100,"")) | K16: =IF(D16="Candidate",230,IF(L16="No",230,""))
A17: =A16+1 -> 11 | B17: ='Membership Record'!B21 -> 0 | D17: =IF('Membership Record'!N21="",'Membership Record'!E21,'Membership Record'!N21) -> 0 | E17: =IF(D17="Candidate",100,IF(F17="No",100,"")) | K17: =IF(D17="Candidate",230,IF(L17="No",230,""))
A18: =A17+1 -> 12 | B18: ='Membership Record'!B22 -> 0 | D18: =IF('Membership Record'!N22="",'Membership Record'!E22,'Membership Record'!N22) -> 0 | E18: =IF(D18="Candidate",100,IF(F18="No",100,"")) | K18: =IF(D18="Candidate",230,IF(L18="No",230,""))
A19: =A18+1 -> 13 | B19: ='Membership Record'!B23 -> 0 | D19: =IF('Membership Record'!N23="",'Membership Record'!E23,'Membership Record'!N23) -> 0 | E19: =IF(D19="Candidate",100,IF(F19="No",100,"")) | K19: =IF(D19="Candidate",230,IF(L19="No",230,""))
... A33: =A32+1 -> 27 | B33: ='Membership Record'!B37 -> 0 | D33: =IF('Membership Record'!N37="",'Membership Record'!E37,'Membership Record'!N37) -> 0 | E33: =IF(D33="Candidate",100,IF(F33="No",100,"")) | K33: =IF(D33="Candidate",230,IF(L33="No",230,""))
A34: =A33+1 -> 28 | B34: ='Membership Record'!B38 -> 0 | D34: =IF('Membership Record'!N38="",'Membership Record'!E38,'Membership Record'!N38) -> 0 | E34: =IF(D34="Candidate",100,IF(F34="No",100,"")) | H34: =MONTH(G34) -> 1 | K34: =IF(D34="Candidate",230,IF(L34="No",230,""))
A35: =A34+1 -> 29 | B35: ='Membership Record'!B39 -> 0 | D35: =IF('Membership Record'!N39="",'Membership Record'!E39,'Membership Record'!N39) -> 0 | E35: =IF(D35="Candidate",100,IF(F35="No",100,"")) | H35: =MONTH(G35) -> 1 | K35: =IF(D35="Candidate",230,IF(L35="No",230,"")) | N35: =MONTH(M35) -> 1
A36: =A35+1 -> 30 | B36: ='Membership Record'!B40 -> 0 | D36: =IF('Membership Record'!N40="",'Membership Record'!E40,'Membership Record'!N40) -> 0 | E36: =IF(D36="Candidate",100,IF(F36="No",100,"")) | H36: =MONTH(G36) -> 1 | K36: =IF(D36="Candidate",230,IF(L36="No",230,"")) | N36: =MONTH(M36) -> 1
A37: =A36+1 -> 31 | B37: ='Membership Record'!B41 -> 0 | D37: =IF('Membership Record'!N41="",'Membership Record'!E41,'Membership Record'!N41) -> 0 | E37: =IF(D37="Candidate",100,IF(F37="No",100,"")) | H37: =MONTH(G37) -> 1 | K37: =IF(D37="Candidate",230,IF(L37="No",230,"")) | N37: =MONTH(M37) -> 1
A38: =A37+1 -> 32 | B38: ='Membership Record'!B42 -> 0 | D38: =IF('Membership Record'!N42="",'Membership Record'!E42,'Membership Record'!N42) -> 0 | E38: =IF(D38="Candidate",100,IF(F38="No",100,"")) | H38: =MONTH(G38) -> 1 | K38: =IF(D38="Candidate",230,IF(L38="No",230,"")) | N38: =MONTH(M38) -> 1
A39: =A38+1 -> 33 | B39: ='Membership Record'!B43 -> 0 | D39: =IF('Membership Record'!N43="",'Membership Record'!E43,'Membership Record'!N43) -> 0 | E39: =IF(D39="Candidate",100,IF(F39="No",100,"")) | H39: =MONTH(G39) -> 1 | K39: =IF(D39="Candidate",230,IF(L39="No",230,"")) | N39: =MONTH(M39) -> 1
A40: =A39+1 -> 34 | B40: ='Membership Record'!B44 -> 0 | D40: =IF('Membership Record'!N44="",'Membership Record'!E44,'Membership Record'!N44) -> 0 | E40: =IF(D40="Candidate",100,IF(F40="No",100,"")) | H40: =MONTH(G40) -> 1 | K40: =IF(D40="Candidate",230,IF(L40="No",230,"")) | N40: =MONTH(M40) -> 1
A41: =A40+1 -> 35 | B41: ='Membership Record'!B45 -> 0 | D41: =IF('Membership Record'!N45="",'Membership Record'!E45,'Membership Record'!N45) -> 0 | E41: =IF(D41="Candidate",100,IF(F41="No",100,"")) | H41: =MONTH(G41) -> 1 | K41: =IF(D41="Candidate",230,IF(L41="No",230,"")) | N41: =MONTH(M41) -> 1
A42: =A41+1 -> 36 | B42: ='Membership Record'!B46 -> 0 | D42: =IF('Membership Record'!N46="",'Membership Record'!E46,'Membership Record'!N46) -> 0 | E42: =IF(D42="Candidate",100,IF(F42="No",100,"")) | H42: =MONTH(G42) -> 1 | K42: =IF(D42="Candidate",230,IF(L42="No",230,"")) | N42: =MONTH(M42) -> 1
A43: =A42+1 -> 37 | B43: ='Membership Record'!B47 -> 0 | D43: =IF('Membership Record'!N47="",'Membership Record'!E47,'Membership Record'!N47) -> 0 | E43: =IF(D43="Candidate",100,IF(F43="No",100,"")) | H43: =MONTH(G43) -> 1 | K43: =IF(D43="Candidate",230,IF(L43="No",230,"")) | N43: =MONTH(M43) -> 1
A44: =A43+1 -> 38 | B44: ='Membership Record'!B48 -> 0 | D44: =IF('Membership Record'!N48="",'Membership Record'!E48,'Membership Record'!N48) -> 0 | E44: =IF(D44="Candidate",100,IF(F44="No",100,"")) | H44: =MONTH(G44) -> 1 | K44: =IF(D44="Candidate",230,IF(L44="No",230,"")) | N44: =MONTH(M44) -> 1
A45: =A44+1 -> 39 | B45: ='Membership Record'!B49 -> 0 | D45: =IF('Membership Record'!N49="",'Membership Record'!E49,'Membership Record'!N49) -> 0 | E45: =IF(D45="Candidate",100,IF(F45="No",100,"")) | H45: =MONTH(G45) -> 1 | K45: =IF(D45="Candidate",230,IF(L45="No",230,"")) | N45: =MONTH(M45) -> 1
A46: =A45+1 -> 40 | B46: ='Membership Record'!B50 -> 0 | D46: =IF('Membership Record'!N50="",'Membership Record'!E50,'Membership Record'!N50) -> 0 | E46: =IF(D46="Candidate",100,IF(F46="No",100,"")) | H46: =MONTH(G46) -> 1 | K46: =IF(D46="Candidate",230,IF(L46="No",230,"")) | N46: =MONTH(M46) -> 1
... A306: =A305+1 -> 300 | B306: ='Membership Record'!B310 -> 0 | D306: =IF('Membership Record'!N310="",'Membership Record'!E310,'Membership Record'!N310) -> 0 | E306: =IF(D306="Candidate",100,IF(F306="No",100,"")) | H306: =MONTH(G306) -> 1 | K306: =IF(D306="Candidate",230,IF(L306="No",230,"")) | N306: =MONTH(M306) -> 1

Sheet Accounts Receivable-Collections
D1: MEMBER DUES | F1: OUT OF HOUSE DUES | H1: PAST DUES | J1: RENT | L1: PAST RENT | N1: MEAL PLAN/KITCHEN FEE | P1: July | V1: August | AB1: September | AH1: October | AN1: November | AT1: December | AZ1: January | BF1: February | BL1: March | BR1: April | BX1: May | CD1: June
A3: Collection Rate - To Date | D3: =IF(ISERROR(E9/D9),0,E9/D9) -> 0 | F3: =IF(ISERROR(G9/F9),0,G9/F9) -> 0 | H3: =IF(ISERROR(I9/H9),0,I9/H9) -> 0 | J3: =IF(ISERROR(K9/J9),0,K9/J9) -> 0 | L3: =IF(ISERROR(M9/L9),0,M9/L9) -> 0 | N3: =IF(ISERROR(O9/N9),0,O9/N9) -> 0 | P3: Chapter Ops - Other Revenue | S3: 0 | V3: Chapter Ops - Other Revenue | Y3: 0 | AB3: Chapter Ops - Other Revenue | AE3: 0 | AH3: Chapter Ops - Other Revenue | AK3: 0 | AN3: Chapter Ops - Other Revenue | AQ3: 0 | AT3: Chapter Ops - Other Revenue | AW3: 0 | AZ3: Chapter Ops - Other Revenue | BC3: 0 | BF3: Chapter Ops - Other Revenue | BI3: 0 | BL3: Chapter Ops - Other Revenue | BO3: 0 | BR3: Chapter Ops - Other Revenue | BU3: 0 | BX3: Chapter Ops - Other Revenue | CA3: 0 | CD3: Chapter Ops - Other Revenue | CG3: 0
A4: Fall Collection | D4: =P9+V9+AB9+AH9+AN9+AT9 -> 0 | F4: =R9+X9+AD9+AJ9+AP9+AV9 -> 0 | H4: =Q9+W9+AC9+AI9+AO9+AU9 -> 0 | J4: =S9+Y9+AE9+AK9+AQ9+AW9 -> 0 | L4: =T9+Z9+AF9+AL9+AR9+AX9 -> 0 | N4: =U9+AA9+AG9+AM9+AS9+AY9 -> 0 | P4: Housing Ops - Other Revenue | S4: 0 | V4: Housing Ops - Other Revenue | Y4: 0 | AB4: Housing Ops - Other Revenue | AE4: 0 | AH4: Housing Ops - Other Revenue | AK4: 0 | AN4: Housing Ops - Other Revenue | AQ4: 0 | AT4: Housing Ops - Other Revenue | AW4: 0 | AZ4: Housing Ops - Other Revenue | BC4: 0 | BF4: Housing Ops - Other Revenue | BI4: 0 | BL4: Housing Ops - Other Revenue | BO4: 0 | BR4: Housing Ops - Other Revenue | BU4: 0 | BX4: Housing Ops - Other Revenue | CA4: 0 | CD4: Housing Ops - Other Revenue | CG4: 0
A5: Spring Collection | D5: =AZ9+BF9+BL9+BR9+BX9+CD9 -> 0 | F5: =BB9+BH9+BN9+BT9+BZ9+CF9 -> 0 | H5: =BA9+BG9+BM9+BS9+BY9+CE9 -> 0 | J5: =BC9+BI9+BO9+BU9+CA9+CG9 -> 0 | L5: =BD9+BJ9+BP9+BV9+CB9+CH9 -> 0 | N5: =BE9+BK9+BQ9+BW9+CC9+CI9 -> 0 | P5: Meal/Kitchen - Other Revenue | S5: 0 | V5: Meal/Kitchen - Other Revenue | Y5: 0 | AB5: Meal/Kitchen - Other Revenue | AE5: 0 | AH5: Meal/Kitchen - Other Revenue | AK5: 0 | AN5: Meal/Kitchen - Other Revenue | AQ5: 0 | AT5: Meal/Kitchen - Other Revenue | AW5: 0 | AZ5: Meal/Kitchen - Other Revenue | BC5: 0 | BF5: Meal/Kitchen - Other Revenue | BI5: 0 | BL5: Meal/Kitchen - Other Revenue | BO5: 0 | BR5: Meal/Kitchen - Other Revenue | BU5: 0 | BX5: Meal/Kitchen - Other Revenue | CA5: 0 | CD5: Meal/Kitchen - Other Revenue | CG5: 0
P6: Dues | S6: Rent | U6: Meal/Kitchen | V6: Dues | Y6: Rent | AA6: Meal/Kitchen | AB6: Dues | AE6: Rent | AG6: Meal/Kitchen | AH6: Dues | AK6: Rent | AM6: Meal/Kitchen | AN6: Dues | AQ6: Rent | AS6: Meal/Kitchen | AT6: Dues | AW6: Rent | AY6: Meal/Kitchen | AZ6: Dues | BC6: Rent | BE6: Meal/Kitchen | BF6: Dues | BI6: Rent | BK6: Meal/Kitchen | BL6: Dues | BO6: Rent | BQ6: Meal/Kitchen | BR6: Dues | BU6: Rent | BW6: Meal/Kitchen | BX6: Dues | CA6: Rent | CC6: Meal/Kitchen | CD6: Dues | CG6: Rent | CI6: Meal/Kitchen
D7: Billed To Date | E7: Paid To Date | F7: Billed To Date | G7: Paid To Date | H7: Owed To Date | I7: Paid To Date | J7: Billed To Date | K7: Paid To Date | L7: Owed To Date | M7: Paid To Date | N7: Billed to Date | O7: Paid To Date | P7: =SUM(P9:R9) -> 0 | S7: =SUM(S9:T9) -> 0 | U7: =U9 -> 0 | V7: =SUM(V9:X9) -> 0 | Y7: =SUM(Y9:Z9) -> 0 | AA7: =AA9 -> 0 | AB7: =SUM(AB9:AD9) -> 0 | AE7: =SUM(AE9:AF9) -> 0 | AG7: =AG9 -> 0 | AH7: =SUM(AH9:AJ9) -> 0 | AK7: =SUM(AK9:AL9) -> 0 | AM7: =AM9 -> 0 | AN7: =SUM(AN9:AP9) -> 0 | AQ7: =SUM(AQ9:AR9) -> 0 | AS7: =AS9 -> 0 | AT7: =SUM(AT9:AV9) -> 0 | AW7: =SUM(AW9:AX9) -> 0 | AY7: =AY9 -> 0 | AZ7: =SUM(AZ9:BB9) -> 0 | BC7: =SUM(BC9:BD9) -> 0 | BE7: =BE9 -> 0 | BF7: =SUM(BF9:BH9) -> 0 | BI7: =SUM(BI9:BJ9) -> 0 | BK7: =BK9 -> 0 | BL7: =SUM(BL9:BN9) -> 0 | BO7: =SUM(BO9:BP9) -> 0 | BQ7: =BQ9 -> 0 | BR7: =SUM(BR9:BT9) -> 0 | BU7: =SUM(BU9:BV9) -> 0 | BW7: =BW9 -> 0 | BX7: =SUM(BX9:BZ9) -> 0 | CA7: =SUM(CA9:CB9) -> 0 | CC7: =CC9 -> 0 | CD7: =SUM(CD9:CF9) -> 0 | CG7: =SUM(CG9:CH9) -> 0 | CI7: =CI9 -> 0
P8: Member Dues Paid | Q8: Past Dues Paid | R8: Out of House Paid | S8: Rent Paid | T8: Past Rent Paid | U8: Meal/Kitchen Fee Paid | V8: Dues Paid | W8: Past Dues Paid | X8: Out of House Paid | Y8: Rent Paid | Z8: Past Rent Paid | AA8: Meal/Kitchen Fee Paid | AB8: Dues Paid | AC8: Past Dues Paid | AD8: Out of House Paid | AE8: Rent Paid | AF8: Past Rent Paid | AG8: Meal/Kitchen Fee Paid | AH8: Dues Paid | AI8: Past Dues Paid | AJ8: Out of House Paid | AK8: Rent Paid | AL8: Past Rent Paid | AM8: Meal/Kitchen Fee Paid | AN8: Dues Paid | AO8: Past Dues Paid | AP8: Out of House Paid | AQ8: Rent Paid | AR8: Past Rent Paid | AS8: Meal/Kitchen Fee Paid | AT8: Dues Paid | AU8: Past Dues Paid | AV8: Out of House Paid | AW8: Rent Paid | AX8: Past Rent Paid | AY8: Meal/Kitchen Fee Paid | AZ8: Dues Paid | BA8: Past Dues Paid | BB8: Out of House Paid | BC8: Rent Paid | BD8: Past Rent Paid | BE8: Meal/Kitchen Fee Paid | BF8: Dues Paid | BG8: Past Dues Paid | BH8: Out of House Paid | BI8: Rent Paid | BJ8: Past Rent Paid | BK8: Meal/Kitchen Fee Paid | BL8: Dues Paid | BM8: Past Dues Paid | BN8: Out of House Paid | BO8: Rent Paid | BP8: Past Rent Paid | BQ8: Meal/Kitchen Fee Paid | BR8: Dues Paid | BS8: Past Dues Paid | BT8: Out of House Paid | BU8: Rent Paid | BV8: Past Rent Paid | BW8: Meal/Kitchen Fee Paid | BX8: Dues Paid | BY8: Past Dues Paid | BZ8: Out of House Paid | CA8: Rent Paid | CB8: Past Rent Paid | CC8: Meal/Kitchen Fee Paid | CD8: Dues Paid | CE8: Past Dues Paid | CF8: Out of House Dues Paid | CG8: Rent Paid | CH8: Past Rent Paid | CI8: Meal/Kitchen Fee Paid
B9: Name | D9: =SUM(D10:D309) -> 0 | E9: =SUM(E10:E309) -> 0 | F9: =SUM(F10:F309) -> 0 | G9: =SUM(G10:G309) -> 0 | H9: =SUM(H10:H309) -> 0 | I9: =SUM(I10:I309) -> 0 | J9: =SUM(J10:J309) -> 0 | K9: =SUM(K10:K309) -> 0 | ... CI9: =SUM(CI10:CI309) -> 0
A10: 1 | B10: ='Membership Record'!B11 -> 0 | D10: ='Membership Record'!G11+'Membership Record'!P11 -> 0 | E10: =P10+V10+AB10+AH10+AN10+AT10+AZ10+BF10+BL10+BR10+BX10+CD10 -> 0 | F10: ='Membership Record'!H11+'Membership Record'!Q11 -> 0 | G10: =R10+X10+AD10+AJ10+AP10+AV10+BB10+BH10+BN10+BT10+BZ10+CF10 -> 0 | H10: ='Membership Record'!I11+'Membership Record'!R11 -> 0 | I10: =Q10+W10+AC10+AI10+AO10+AU10+BA10+BG10+BM10+BS10+BY10+CE10 -> 0 | J10: ='Membership Record'!J11+'Membership Record'!S11 -> 0 | K10: =S10+Y10+AE10+AK10+AQ10+AW10+BC10+BI10+BO10+BU10+CA10+CG10 -> 0 | L10: ='Membership Record'!K11+'Membership Record'!T11 -> 0 | M10: =T10+Z10+AF10+AL10+AR10+AX10+BD10+BJ10+BP10+BV10+CB10+CH10 -> 0 | N10: ='Membership Record'!L11+'Membership Record'!U11 -> 0 | O10: =U10+AA10+AG10+AM10+AS10+AY10+BE10+BK10+BQ10+BW10+CC10+CI10 -> 0
A11: 2 | B11: ='Membership Record'!B12 -> 0 | D11: ='Membership Record'!G12+'Membership Record'!P12 -> 0 | E11: =P11+V11+AB11+AH11+AN11+AT11+AZ11+BF11+BL11+BR11+BX11+CD11 -> 0 | F11: ='Membership Record'!H12+'Membership Record'!Q12 -> 0 | G11: =R11+X11+AD11+AJ11+AP11+AV11+BB11+BH11+BN11+BT11+BZ11+CF11 -> 0 | H11: ='Membership Record'!I12+'Membership Record'!R12 -> 0 | I11: =Q11+W11+AC11+AI11+AO11+AU11+BA11+BG11+BM11+BS11+BY11+CE11 -> 0 | J11: ='Membership Record'!J12+'Membership Record'!S12 -> 0 | K11: =S11+Y11+AE11+AK11+AQ11+AW11+BC11+BI11+BO11+BU11+CA11+CG11 -> 0 | L11: ='Membership Record'!K12+'Membership Record'!T12 -> 0 | M11: =T11+Z11+AF11+AL11+AR11+AX11+BD11+BJ11+BP11+BV11+CB11+CH11 -> 0 | N11: ='Membership Record'!L12+'Membership Record'!U12 -> 0 | O11: =U11+AA11+AG11+AM11+AS11+AY11+BE11+BK11+BQ11+BW11+CC11+CI11 -> 0
A12: 3 | B12: ='Membership Record'!B13 -> 0 | D12: ='Membership Record'!G13+'Membership Record'!P13 -> 0 | E12: =P12+V12+AB12+AH12+AN12+AT12+AZ12+BF12+BL12+BR12+BX12+CD12 -> 0 | F12: ='Membership Record'!H13+'Membership Record'!Q13 -> 0 | G12: =R12+X12+AD12+AJ12+AP12+AV12+BB12+BH12+BN12+BT12+BZ12+CF12 -> 0 | H12: ='Membership Record'!I13+'Membership Record'!R13 -> 0 | I12: =Q12+W12+AC12+AI12+AO12+AU12+BA12+BG12+BM12+BS12+BY12+CE12 -> 0 | J12: ='Membership Record'!J13+'Membership Record'!S13 -> 0 | K12: =S12+Y12+AE12+AK12+AQ12+AW12+BC12+BI12+BO12+BU12+CA12+CG12 -> 0 | L12: ='Membership Record'!K13+'Membership Record'!T13 -> 0 | M12: =T12+Z12+AF12+AL12+AR12+AX12+BD12+BJ12+BP12+BV12+CB12+CH12 -> 0 | N12: ='Membership Record'!L13+'Membership Record'!U13 -> 0 | O12: =U12+AA12+AG12+AM12+AS12+AY12+BE12+BK12+BQ12+BW12+CC12+CI12 -> 0
A13: 4 | B13: ='Membership Record'!B14 -> 0 | D13: ='Membership Record'!G14+'Membership Record'!P14 -> 0 | E13: =P13+V13+AB13+AH13+AN13+AT13+AZ13+BF13+BL13+BR13+BX13+CD13 -> 0 | F13: ='Membership Record'!H14+'Membership Record'!Q14 -> 0 | G13: =R13+X13+AD13+AJ13+AP13+AV13+BB13+BH13+BN13+BT13+BZ13+CF13 -> 0 | H13: ='Membership Record'!I14+'Membership Record'!R14 -> 0 | I13: =Q13+W13+AC13+AI13+AO13+AU13+BA13+BG13+BM13+BS13+BY13+CE13 -> 0 | J13: ='Membership Record'!J14+'Membership Record'!S14 -> 0 | K13: =S13+Y13+AE13+AK13+AQ13+AW13+BC13+BI13+BO13+BU13+CA13+CG13 -> 0 | L13: ='Membership Record'!K14+'Membership Record'!T14 -> 0 | M13: =T13+Z13+AF13+AL13+AR13+AX13+BD13+BJ13+BP13+BV13+CB13+CH13 -> 0 | N13: ='Membership Record'!L14+'Membership Record'!U14 -> 0 | O13: =U13+AA13+AG13+AM13+AS13+AY13+BE13+BK13+BQ13+BW13+CC13+CI13 -> 0
A14: 5 | B14: ='Membership Record'!B15 -> 0 | D14: ='Membership Record'!G15+'Membership Record'!P15 -> 0 | E14: =P14+V14+AB14+AH14+AN14+AT14+AZ14+BF14+BL14+BR14+BX14+CD14 -> 0 | F14: ='Membership Record'!H15+'Membership Record'!Q15 -> 0 | G14: =R14+X14+AD14+AJ14+AP14+AV14+BB14+BH14+BN14+BT14+BZ14+CF14 -> 0 | H14: ='Membership Record'!I15+'Membership Record'!R15 -> 0 | I14: =Q14+W14+AC14+AI14+AO14+AU14+BA14+BG14+BM14+BS14+BY14+CE14 -> 0 | J14: ='Membership Record'!J15+'Membership Record'!S15 -> 0 | K14: =S14+Y14+AE14+AK14+AQ14+AW14+BC14+BI14+BO14+BU14+CA14+CG14 -> 0 | L14: ='Membership Record'!K15+'Membership Record'!T15 -> 0 | M14: =T14+Z14+AF14+AL14+AR14+AX14+BD14+BJ14+BP14+BV14+CB14+CH14 -> 0 | N14: ='Membership Record'!L15+'Membership Record'!U15 -> 0 | O14: =U14+AA14+AG14+AM14+AS14+AY14+BE14+BK14+BQ14+BW14+CC14+CI14 -> 0
A15: 6 | B15: ='Membership Record'!B16 -> 0 | D15: ='Membership Record'!G16+'Membership Record'!P16 -> 0 | E15: =P15+V15+AB15+AH15+AN15+AT15+AZ15+BF15+BL15+BR15+BX15+CD15 -> 0 | F15: ='Membership Record'!H16+'Membership Record'!Q16 -> 0 | G15: =R15+X15+AD15+AJ15+AP15+AV15+BB15+BH15+BN15+BT15+BZ15+CF15 -> 0 | H15: ='Membership Record'!I16+'Membership Record'!R16 -> 0 | I15: =Q15+W15+AC15+AI15+AO15+AU15+BA15+BG15+BM15+BS15+BY15+CE15 -> 0 | J15: ='Membership Record'!J16+'Membership Record'!S16 -> 0 | K15: =S15+Y15+AE15+AK15+AQ15+AW15+BC15+BI15+BO15+BU15+CA15+CG15 -> 0 | L15: ='Membership Record'!K16+'Membership Record'!T16 -> 0 | M15: =T15+Z15+AF15+AL15+AR15+AX15+BD15+BJ15+BP15+BV15+CB15+CH15 -> 0 | N15: ='Membership Record'!L16+'Membership Record'!U16 -> 0 | O15: =U15+AA15+AG15+AM15+AS15+AY15+BE15+BK15+BQ15+BW15+CC15+CI15 -> 0
A16: 7 | B16: ='Membership Record'!B17 -> 0 | D16: ='Membership Record'!G17+'Membership Record'!P17 -> 0 | E16: =P16+V16+AB16+AH16+AN16+AT16+AZ16+BF16+BL16+BR16+BX16+CD16 -> 0 | F16: ='Membership Record'!H17+'Membership Record'!Q17 -> 0 | G16: =R16+X16+AD16+AJ16+AP16+AV16+BB16+BH16+BN16+BT16+BZ16+CF16 -> 0 | H16: ='Membership Record'!I17+'Membership Record'!R17 -> 0 | I16: =Q16+W16+AC16+AI16+AO16+AU16+BA16+BG16+BM16+BS16+BY16+CE16 -> 0 | J16: ='Membership Record'!J17+'Membership Record'!S17 -> 0 | K16: =S16+Y16+AE16+AK16+AQ16+AW16+BC16+BI16+BO16+BU16+CA16+CG16 -> 0 | L16: ='Membership Record'!K17+'Membership Record'!T17 -> 0 | M16: =T16+Z16+AF16+AL16+AR16+AX16+BD16+BJ16+BP16+BV16+CB16+CH16 -> 0 | N16: ='Membership Record'!L17+'Membership Record'!U17 -> 0 | O16: =U16+AA16+AG16+AM16+AS16+AY16+BE16+BK16+BQ16+BW16+CC16+CI16 -> 0
A17: 8 | B17: ='Membership Record'!B18 -> 0 | D17: ='Membership Record'!G18+'Membership Record'!P18 -> 0 | E17: =P17+V17+AB17+AH17+AN17+AT17+AZ17+BF17+BL17+BR17+BX17+CD17 -> 0 | F17: ='Membership Record'!H18+'Membership Record'!Q18 -> 0 | G17: =R17+X17+AD17+AJ17+AP17+AV17+BB17+BH17+BN17+BT17+BZ17+CF17 -> 0 | H17: ='Membership Record'!I18+'Membership Record'!R18 -> 0 | I17: =Q17+W17+AC17+AI17+AO17+AU17+BA17+BG17+BM17+BS17+BY17+CE17 -> 0 | J17: ='Membership Record'!J18+'Membership Record'!S18 -> 0 | K17: =S17+Y17+AE17+AK17+AQ17+AW17+BC17+BI17+BO17+BU17+CA17+CG17 -> 0 | L17: ='Membership Record'!K18+'Membership Record'!T18 -> 0 | M17: =T17+Z17+AF17+AL17+AR17+AX17+BD17+BJ17+BP17+BV17+CB17+CH17 -> 0 | N17: ='Membership Record'!L18+'Membership Record'!U18 -> 0 | O17: =U17+AA17+AG17+AM17+AS17+AY17+BE17+BK17+BQ17+BW17+CC17+CI17 -> 0
A18: 9 | B18: ='Membership Record'!B19 -> 0 | D18: ='Membership Record'!G19+'Membership Record'!P19 -> 0 | E18: =P18+V18+AB18+AH18+AN18+AT18+AZ18+BF18+BL18+BR18+BX18+CD18 -> 0 | F18: ='Membership Record'!H19+'Membership Record'!Q19 -> 0 | G18: =R18+X18+AD18+AJ18+AP18+AV18+BB18+BH18+BN18+BT18+BZ18+CF18 -> 0 | H18: ='Membership Record'!I19+'Membership Record'!R19 -> 0 | I18: =Q18+W18+AC18+AI18+AO18+AU18+BA18+BG18+BM18+BS18+BY18+CE18 -> 0 | J18: ='Membership Record'!J19+'Membership Record'!S19 -> 0 | K18: =S18+Y18+AE18+AK18+AQ18+AW18+BC18+BI18+BO18+BU18+CA18+CG18 -> 0 | L18: ='Membership Record'!K19+'Membership Record'!T19 -> 0 | M18: =T18+Z18+AF18+AL18+AR18+AX18+BD18+BJ18+BP18+BV18+CB18+CH18 -> 0 | N18: ='Membership Record'!L19+'Membership Record'!U19 -> 0 | O18: =U18+AA18+AG18+AM18+AS18+AY18+BE18+BK18+BQ18+BW18+CC18+CI18 -> 0
A19: 10 | B19: ='Membership Record'!B20 -> 0 | D19: ='Membership Record'!G20+'Membership Record'!P20 -> 0 | E19: =P19+V19+AB19+AH19+AN19+AT19+AZ19+BF19+BL19+BR19+BX19+CD19 -> 0 | F19: ='Membership Record'!H20+'Membership Record'!Q20 -> 0 | G19: =R19+X19+AD19+AJ19+AP19+AV19+BB19+BH19+BN19+BT19+BZ19+CF19 -> 0 | H19: ='Membership Record'!I20+'Membership Record'!R20 -> 0 | I19: =Q19+W19+AC19+AI19+AO19+AU19+BA19+BG19+BM19+BS19+BY19+CE19 -> 0 | J19: ='Membership Record'!J20+'Membership Record'!S20 -> 0 | K19: =S19+Y19+AE19+AK19+AQ19+AW19+BC19+BI19+BO19+BU19+CA19+CG19 -> 0 | L19: ='Membership Record'!K20+'Membership Record'!T20 -> 0 | M19: =T19+Z19+AF19+AL19+AR19+AX19+BD19+BJ19+BP19+BV19+CB19+CH19 -> 0 | N19: ='Membership Record'!L20+'Membership Record'!U20 -> 0 | O19: =U19+AA19+AG19+AM19+AS19+AY19+BE19+BK19+BQ19+BW19+CC19+CI19 -> 0
A20: 11 | B20: ='Membership Record'!B21 -> 0 | D20: ='Membership Record'!G21+'Membership Record'!P21 -> 0 | E20: =P20+V20+AB20+AH20+AN20+AT20+AZ20+BF20+BL20+BR20+BX20+CD20 -> 0 | F20: ='Membership Record'!H21+'Membership Record'!Q21 -> 0 | G20: =R20+X20+AD20+AJ20+AP20+AV20+BB20+BH20+BN20+BT20+BZ20+CF20 -> 0 | H20: ='Membership Record'!I21+'Membership Record'!R21 -> 0 | I20: =Q20+W20+AC20+AI20+AO20+AU20+BA20+BG20+BM20+BS20+BY20+CE20 -> 0 | J20: ='Membership Record'!J21+'Membership Record'!S21 -> 0 | K20: =S20+Y20+AE20+AK20+AQ20+AW20+BC20+BI20+BO20+BU20+CA20+CG20 -> 0 | L20: ='Membership Record'!K21+'Membership Record'!T21 -> 0 | M20: =T20+Z20+AF20+AL20+AR20+AX20+BD20+BJ20+BP20+BV20+CB20+CH20 -> 0 | N20: ='Membership Record'!L21+'Membership Record'!U21 -> 0 | O20: =U20+AA20+AG20+AM20+AS20+AY20+BE20+BK20+BQ20+BW20+CC20+CI20 -> 0
A21: 12 | B21: ='Membership Record'!B22 -> 0 | D21: ='Membership Record'!G22+'Membership Record'!P22 -> 0 | E21: =P21+V21+AB21+AH21+AN21+AT21+AZ21+BF21+BL21+BR21+BX21+CD21 -> 0 | F21: ='Membership Record'!H22+'Membership Record'!Q22 -> 0 | G21: =R21+X21+AD21+AJ21+AP21+AV21+BB21+BH21+BN21+BT21+BZ21+CF21 -> 0 | H21: ='Membership Record'!I22+'Membership Record'!R22 -> 0 | I21: =Q21+W21+AC21+AI21+AO21+AU21+BA21+BG21+BM21+BS21+BY21+CE21 -> 0 | J21: ='Membership Record'!J22+'Membership Record'!S22 -> 0 | K21: =S21+Y21+AE21+AK21+AQ21+AW21+BC21+BI21+BO21+BU21+CA21+CG21 -> 0 | L21: ='Membership Record'!K22+'Membership Record'!T22 -> 0 | M21: =T21+Z21+AF21+AL21+AR21+AX21+BD21+BJ21+BP21+BV21+CB21+CH21 -> 0 | N21: ='Membership Record'!L22+'Membership Record'!U22 -> 0 | O21: =U21+AA21+AG21+AM21+AS21+AY21+BE21+BK21+BQ21+BW21+CC21+CI21 -> 0
... A309: 300 | B309: ='Membership Record'!B310 -> 0 | D309: ='Membership Record'!G310+'Membership Record'!P310 -> 0 | E309: =P309+V309+AB309+AH309+AN309+AT309+AZ309+BF309+BL309+BR309+BX309+CD309 -> 0 | F309: ='Membership Record'!H310+'Membership Record'!Q310 -> 0 | G309: =R309+X309+AD309+AJ309+AP309+AV309+BB309+BH309+BN309+BT309+BZ309+CF309 -> 0 | H309: ='Membership Record'!I310+'Membership Record'!R310 -> 0 | I309: =Q309+W309+AC309+AI309+AO309+AU309+BA309+BG309+BM309+BS309+BY309+CE309 -> 0 | J309: ='Membership Record'!J310+'Membership Record'!S310 -> 0 | K309: =S309+Y309+AE309+AK309+AQ309+AW309+BC309+BI309+BO309+BU309+CA309+CG309 -> 0 | L309: ='Membership Record'!K310+'Membership Record'!T310 -> 0 | M309: =T309+Z309+AF309+AL309+AR309+AX309+BD309+BJ309+BP309+BV309+CB309+CH309 -> 0 | N309: ='Membership Record'!L310+'Membership Record'!U310 -> 0 | O309: =U309+AA309+AG309+AM309+AS309+AY309+BE309+BK309+BQ309+BW309+CC309+CI309 -> 0

Sheet Payment Registry
F1: CHAPTER OPERATIONS | I1: HOUSE OPERATIONS | L1: KITCHEN OPERATIONS | O1: TOTAL SPENDING | Z1: Cash | AA1: CHAPTER
F2: FALL | G2: SPRING | H2: ANNUAL | I2: FALL | J2: SPRING | K2: ANNUAL | L2: FALL | M2: SPRING | N2: ANNUAL | O2: FALL | Q2: SPRING | V2: Operational | Z2: Check | AA2: HOUSE
D3: Budget Revenue | F3: =BUDGET!B20 -> 0 | G3: =BUDGET!C20 -> 0 | H3: =BUDGET!D20 -> 0 | I3: =BUDGET!B37 -> 0 | J3: =BUDGET!C37 -> 0 | K3: =BUDGET!D37 -> 0 | L3: =BUDGET!B49 -> 0 | M3: =BUDGET!C49 -> 0 | N3: =BUDGET!D49 -> 0 | O3: July | P3: =SUMIFS(C13:C1013,B13:B1013,"7") -> 0 | Q3: January | R3: =SUMIFS(C13:C1013,B13:B1013,"1") -> 0 | V3: Functional | W3: Chapter - Accountant Fees | Z3: Credit/Debit Card | AA3: KITCHEN
D4: Collected Revenue | F4: =BUDGET!F20 -> 0 | G4: =BUDGET!G20 -> 0 | H4: =BUDGET!H20 -> 0 | I4: =BUDGET!F37 -> 0 | J4: =BUDGET!G37 -> 0 | K4: =BUDGET!H37 -> 0 | L4: =BUDGET!F49 -> 0 | M4: =BUDGET!G49 -> 0 | N4: =BUDGET!H49 -> 0 | O4: August | P4: =SUMIFS(C13:C1013,B13:B1013,"8") -> 0 | Q4: February | R4: =SUMIFS(C13:C1013,B13:B1013,"2") -> 0 | W4: Chapter - Alumni Relations/Activities | Z4: Transfer
D5: Payments Made | F5: =SUMIFS(C13:C1013,K13:K1013,"CHAPTER",B13:B1013,">=7") -> 0 | G5: =SUMIFS(C13:C1013,K13:K1013,"CHAPTER",B13:B1013,"<=6") -> 0 | H5: =SUM(F5:G5) -> 0 | I5: =SUMIFS(C13:C1013,K13:K1013,"HOUSE",B13:B1013,">=7") -> 0 | J5: =SUMIFS(C13:C1013,K13:K1013,"HOUSE",B13:B1013,"<=6") -> 0 | K5: =SUM(I5:J5) -> 0 | L5: =SUMIFS(C13:C1013,K13:K1013,"KITCHEN",B13:B1013,">=7") -> 0 | M5: =SUMIFS(C13:C1013,K13:K1013,"KITCHEN",B13:B1013,"<=6") -> 0 | N5: =SUM(L5:M5) -> 0 | O5: September | P5: =SUMIFS(C13:C1013,B13:B1013,"9") -> 0 | Q5: March | R5: =SUMIFS(C13:C1013,B13:B1013,"3") -> 0 | W5: Chapter - Banking Related Expenses
D6: Cash Available | F6: =F4-F5 -> 0 | G6: =G4-G5 -> 0 | H6: =H4-H5 -> 0 | I6: =I4-I5 -> 0 | J6: =J4-J5 -> 0 | K6: =K4-K5 -> 0 | L6: =L4-L5 -> 0 | M6: =M4-M5 -> 0 | N6: =N4-N5 -> 0 | O6: October | P6: =SUMIFS(C13:C1013,B13:B1013,"10") -> 0 | Q6: April | R6: =SUMIFS(C13:C1013,B13:B1013,"4") -> 0 | W6: Chapter - Brotherhood Activities
O7: November | P7: =SUMIFS(C13:C1013,B13:B1013,"11") -> 0 | Q7: May | R7: =SUMIFS(C13:C1013,B13:B1013,"5") -> 0 | W7: Chapter - Candidate Education Activities
O8: December | P8: =SUMIFS(C13:C1013,B13:B1013,"12") -> 0 | Q8: June | R8: =SUMIFS(C13:C1013,B13:B1013,"6") -> 0 | W8: Chapter - Chapter Merchandise
P9: =SUM(P3:P8) -> 0 | R9: =SUM(R3:R8) -> 0 | W9: Chapter - Chapter/Executive Retreat
A10: PAYMENT | W10: Chapter - Community Service/Philanthropy
W11: Chapter - Composite
A12: DATE | C12: AMOUNT | D12: PAYMENT MADE TO | I12: PAY TYPE | J12: EXPENSE TYPE | K12: AREA CLASS. | L12: PAYMENT FOR | W12: Chapter - Conclave - Travel and Expenses
B13: =MONTH(A13) -> 1 | W13: Chapter - Conclave Fee
B14: =MONTH(A14) -> 1 | W14: Chapter - Empty Bed Transfer (Chapter to Housing)
B15: =MONTH(A15) -> 1 | W15: Chapter - Debt Expense/Payment
B16: =MONTH(A16) -> 1 | W16: Chapter - Form 990 - CPA filing fee(s)
B17: =MONTH(A17) -> 1 | W17: Chapter - Formal
B18: =MONTH(A18) -> 1 | W18: Chapter - GreekLifeEdu Surcharge
B19: =MONTH(A19) -> 1 | W19: Chapter - Homecoming/Greek Week
B20: =MONTH(A20) -> 1 | W20: Chapter - IFC/University Dues
B21: =MONTH(A21) -> 1 | W21: Chapter - Initiate Dues
B22: =MONTH(A22) -> 1 | W22: Chapter - Member Education (LEAD)
B23: =MONTH(A23) -> 1 | W23: Chapter - Miscellaneous
B24: =MONTH(A24) -> 1 | W24: Chapter - Office Supplies
B25: =MONTH(A25) -> 1 | W25: ='Ch Operations Budget Worksheet'!A55 -> Chapter - Other (rename #1)
B26: =MONTH(A26) -> 1 | W26: ='Ch Operations Budget Worksheet'!A56 -> Chapter - Other (rename #2)
B27: =MONTH(A27) -> 1 | W27: ='Ch Operations Budget Worksheet'!A57 -> Chapter - Other (rename #3)
B28: =MONTH(A28) -> 1 | W28: ='Ch Operations Budget Worksheet'!A58 -> Chapter - Other (rename #4)
B29: =MONTH(A29) -> 1 | W29: ='Ch Operations Budget Worksheet'!A59 -> Chapter - Other (rename #5)
B30: =MONTH(A30) -> 1 | W30: Chapter - Parent Activities/Events
B31: =MONTH(A31) -> 1 | W31: Chapter - Postage/Mailings
B32: =MONTH(A32) -> 1 | W32: Chapter - Printing & Copying
B33: =MONTH(A33) -> 1 | W33: Chapter - Recruitment
B34: =MONTH(A34) -> 1 | W34: Chapter - Risk Management
B35: =MONTH(A35) -> 1 | W35: Chapter - Savings Fund
B36: =MONTH(A36) -> 1 | W36: Chapter - Scholarship/Academic Affairs
B37: =MONTH(A37) -> 1 | W37: Chapter - Social Functions/Events
B38: =MONTH(A38) -> 1 | W38: House - Rent (Chapter to House Corp/Landlord)
B39: =MONTH(A39) -> 1 | W39: House - Insurance
B40: =MONTH(A40) -> 1 | W40: House - Household Supplies
B41: =MONTH(A41) -> 1 | W41: House - Repairs: Windows
... B77: =MONTH(A77) -> 1 | W77: Kitchen - Miscellaneous
B78: =MONTH(A78) -> 1
B79: =MONTH(A79) -> 1
B80: =MONTH(A80) -> 1
B81: =MONTH(A81) -> 1
B82: =MONTH(A82) -> 1
B83: =MONTH(A83) -> 1
B84: =MONTH(A84) -> 1
B85: =MONTH(A85) -> 1
B86: =MONTH(A86) -> 1
B87: =MONTH(A87) -> 1
B88: =MONTH(A88) -> 1
B89: =MONTH(A89) -> 1
... B1013: =MONTH(A1013) -> 1

Sheet NOTES
